Workbook
Name OLE_LINK1: 'Anexo 12'!$D$13

Sheet Resumen
B1: RESUMEN DE ANEXOS
D2: Presupuesto
B3: Oficina | C3: Anexo | D3: Total S/.
B4: Alcaldía | C4: 1 | D4: ='Anexo 01'!$P$7 -> 60000
B5: Órgano de Control Institucional | C5: 2 | D5: ='Anexo 02'!$P$7 -> 2400
B6: Procuraduría Pública Municipal | C6: 3 | D6: ='Anexo 03'!$P$7 -> 3600
B7: Unidad de Imagen Institucional | C7: 4 | D7: ='Anexo 04'!$P$7 -> 59200
B8: Secretaria General | C8: 5 | D8: ='Anexo 05'!$P$7 -> 18000
B9: Secretaria General - Sala de Regidores | C9: 5A | D9: ='Anexo 05A'!$P$7 -> 6000
B10: Unidad de Trámite Documentario y Archivo | C10: 6 | D10: ='Anexo 06'!$P$7 -> 3600
B11: Unidad de Registros Civiles | C11: 7 | D11: ='Anexo 07'!$P$7 -> 3000
B12: Gerencia Municipal | C12: 8 | D12: ='Anexo 08'!$P$7 -> 30000
B13: Oficina de Ejecutoria Coactiva | C13: 9 | D13: ='Anexo 09'!$P$7 -> 24000
B14: Gerencia de Administración y Finanzas | C14: 10 | D14: ='Anexo 10'!$P$7 -> 12000
B15: Unidad de Recursos Humanos | C15: 11 | D15: ='Anexo 11'!$P$7 -> 3600
B16: Unidad de Logística | C16: 12 | D16: ='Anexo 12'!$P$7 -> 3600
B17: Unidad de Tesorería | C17: 13 | D17: ='Anexo 13'!$P$7 -> 6000
B18: Unidad de Contabilidad | C18: 14 | D18: ='Anexo 14'!$P$7 -> 3600
B19: Unidad de Informática | C19: 15 | D19: ='Anexo 15'!$P$7 -> 9600
B20: Gerencia de Administración Tributaria y Rentas | C20: 16 | D20: ='Anexo 16'!$P$7 -> 9600
B21: Unidad de Control y Recaudación | C21: 17 | D21: ='Anexo 17'!$P$7 -> 3600
B22: Unidad de Fiscalización | C22: 18 | D22: ='Anexo 18'!$P$7 -> 3600
B23: Oficina de Asesoría Jurídica | C23: 19 | D23: ='Anexo 19'!$P$7 -> 7200
B24: Oficina de Planeamiento y Presupuesto | C24: 20 | D24: ='Anexo 20'!$P$7 -> 12000
B25: Oficina de Proyectos de Inversión | C25: 21 | D25: ='Anexo 21'!$P$7 -> 3600
B26: Gerencia de Desarrollo Urbano y Rural | C26: 22 | D26: ='Anexo 22'!$P$7 -> 6000
B27: Unidad de Estudios y Proyectos | C27: 23 | D27: ='Anexo 23'!$P$7 -> 2400
B28: Unidad de Obras y Liquidaciones | C28: 24 | D28: ='Anexo 24'!$P$7 -> 2400
B29: Unidad de Catastro, Expansión Urbana e Inmobiliaria | C29: 25 | D29: ='Anexo 25'!$P$7 -> 9600
B30: Unidad de Equipo y Maquinaria | C30: 26 | D30: ='Anexo 26'!$P$7 -> 64500
B31: Unidad de Defensa Civil | C31: 27 | D31: ='Anexo 27'!$P$7 -> 48000
B32: Gerencia de Servicios a la Ciudad y Medio Ambiente | C32: 28 | D32: ='Anexo 28'!$P$7 -> 12000
B33: Unidad de Seguridad Ciudadana y Policía Municipal | C33: 29 | D33: ='Anexo 29'!$P$7 -> 9600
B34: Unidad de Gestión Ambiental y Salud | C34: 30 | D34: ='Anexo 30'!$P$7 -> 0
B35: Limpieza Pública | C35: 30A | D35: ='Anexo 30A'!$P$7 -> 144000
B36: Relleno Sanitario | C36: 30B | D36: ='Anexo 30B'!$P$7 -> 6000
B37: Áreas Verdes - Parques y Jardines | C37: 30C | D37: ='Anexo 30C'!$P$7 -> 6000
B38: Unidad de Mercado y Camal - Mercado | C38: 31A | D38: ='Anexo 31A'!$P$7 -> 12000
B39: Unidad de Mercado y Camal - Camal | C39: 31B | D39: ='Anexo 31B'!$P$7 -> 8400
B40: Unidad de Transporte y Tránsito | C40: 32 | D40: ='Anexo 32'!$P$7 -> 26000
B41: Gerencia de Desarrollo Social | C41: 33 | D41: ='Anexo 33'!$P$7 -> 6000
B42: Unidad de Programas Sociales, Salud y Focalización | C42: 34 | D42: ='Anexo 34'!$P$7 -> 1200
B43: Unidad de Protección Social | C43: 35 | D43: ='Anexo 35'!$P$7 -> 2400
B44: DEMUNA | C44: 35A | D44: ='Anexo 35A'!$P$7 -> 2400
B45: Unidad de Educación, Deportes, Recreación, Cultura y Participación Vecinal | C45: 36 | D45: ='Anexo 36'!$P$7 -> 6000
B46: Gerencia de Desarrollo Económico | C46: 37 | D46: ='Anexo 37'!$P$7 -> 3600
B47: Unidad de Desarrollo Agropecuario, Forestal y Promoción de las MYPES | C47: 38 | D47: ='Anexo 38'!$P$7 -> 3600
B48: Unidad de Promoción Comercial y Turismo | C48: 39 | D48: ='Anexo 39'!$P$7 -> 43600
B49: Unidad de Promoción de la Inversión y Cooperación Técnica Internacional. | C49: - | D49: -
B50: Total General | D50: =SUM(D4:D49) -> 713500
B52: Presupuesto Institucional de Apertura 2010 | D52: 2591797

Sheet Anexo 01
A1: ANEXO 01
A2: FORMATO 01
A3: PLAN OPERATIVO INSTITUCIONAL 2011
A5: Institución | C5: : MUNICIPALIDAD PROVINCIAL DE HUAYLAS - CARAZ
A6: Gerencia y/u Oficina | C6: : Alcaldía
A7: Unidad Orgánica | C7: : | O7: COSTO TOTAL: | P7: =SUM(E13:E31) -> 60000
A8: Objetivo General | C8: : Dirigir, supervisar y evaluar el cumplimiento de las metas establecidas.
A10: OBJETIVOS ESPECÍFICOS | C10: ACTIVIDADES | E10: COSTO S/. | F10: Meta Física | H10: CRONOGRAMA DE ACTIVIDADES
F11: Unidad de Medida | G11: Can- tidad | H11: I TRIMESTRE | K11: II TRIMESTRE | N11: III TRIMESTRE | Q11: IV TRIMESTRE
H12: Ene | I12: Feb | J12: Mar | K12: Abr | L12: May | M12: Jun | N12: Jul | O12: Ago | P12: Set | Q12: Oct | R12: Nov | S12: Dic
A13: 1 | B13: Realizar gestiones de alto nivel, para la consecución de financiamiento para la ejecución de obras. | C13: 1 | D13: Gestiones ante las instituciones públicas, privadas y de la cooperación internacional para el logro de financiamiento de obras. | E13: 3400 | F13: Acción | G13: 12 | H13: 1 | I13: 1 | J13: 1 | K13: 1 | L13: 1 | M13: 1 | N13: 1 | O13: 1 | P13: 1 | Q13: 1 | R13: 1 | S13: 1
A14: 2 | B14: Realizar coordinaciones internas, como parte de la política de la concertación. | C14: 1 | D14: Reuniones internas: reunión de concejo con regidores y funcionarios. | E14: 1740 | F14: Reunión | G14: 60 | H14: 5 | I14: 5 | J14: 5 | K14: 5 | L14: 5 | M14: 5 | N14: 5 | O14: 5 | P14: 5 | Q14: 5 | R14: 5 | S14: 5
C15: 2 | D15: Coordinación y evaluación de planes y programas del Comité de Vigilancia y control de Presupuesto Participativo y Reuniones Vecinales. | E15: 3400 | F15: Reunión | G15: 24 | H15: 2 | I15: 2 | J15: 2 | K15: 2 | L15: 2 | M15: 2 | N15: 2 | O15: 2 | P15: 2 | Q15: 2 | R15: 2 | S15: 2
C16: 3 | D16: Reuniones externas: diálogo vecinal a nivel provincial. | E16: 850 | F16: Reunión | G16: 24 | H16: 2 | I16: 2 | J16: 2 | K16: 2 | L16: 2 | M16: 2 | N16: 2 | O16: 2 | P16: 2 | Q16: 2 | R16: 2 | S16: 2
A17: 3 | B17: Realizar coordinaciones internacionales, para posicionar a la ciudad de Caraz a nivel mundial. | C17: 1 | D17: Reuniones internacionales: invitaciones a representantes de diferentes países con motivo de posicionar a Caraz como destino turístico. | E17: 5300 | F17: Reunión | G17: 2 | K17: 1 | P17: 1
A18: 4 | B18: Realizar coordinaciones nacional, regional, provincial y distrital. | C18: 1 | D18: Reuniones externas: Ministros, Congresistas, Gobierno Regional, Alcaldes Provinciales y Distritales de Ancash para conseguir apoyo para el desarrollo de Caraz. | E18: 3690 | F18: Reunión | G18: 12 | H18: 1 | I18: 1 | J18: 1 | K18: 1 | L18: 1 | M18: 1 | N18: 1 | O18: 1 | P18: 1 | Q18: 1 | R18: 1 | S18: 1
A19: 5 | B19: Realizar coordinaciones provinciales para lograr el desarrollo de Caraz. | C19: 1 | D19: Reuniones permanente con los integrantes de los Órganos Consultivos y otros. | E19: 3500 | F19: Reunión | G19: 24 | H19: 2 | I19: 2 | J19: 2 | K19: 2 | L19: 2 | M19: 2 | N19: 2 | O19: 2 | P19: 2 | Q19: 2 | R19: 2 | S19: 2
C20: 2 | D20: Coordinación de actividades institucionales con organismos públicos o privados fuera de la provincia. | E20: 3500 | F20: Reunión | G20: 12 | H20: 1 | I20: 1 | J20: 1 | K20: 1 | L20: 1 | M20: 1 | N20: 1 | O20: 1 | P20: 1 | Q20: 1 | R20: 1 | S20: 1
C21: 3 | D21: Reuniones internas: del Alcalde con funcionarios de las (opds) Organismos Públicos Descentralizados. | E21: 1740 | F21: Reunión | G21: 12 | H21: 1 | I21: 1 | J21: 1 | K21: 1 | L21: 1 | M21: 1 | N21: 1 | O21: 1 | P21: 1 | Q21: 1 | R21: 1 | S21: 1
A22: 6 | B22: Asistir en actividades locales dentro de la política de participación vecinal. | C22: 1 | D22: Participación en las diferentes actividades cívicas, religiosas, culturales, costumbristas, etc. | E22: 1740 | F22: Acción | G22: 12 | H22: 1 | I22: 1 | J22: 1 | K22: 1 | L22: 1 | M22: 1 | N22: 1 | O22: 1 | P22: 1 | Q22: 1 | R22: 1 | S22: 1
A23: 7 | B23: Asistir en las actividades de carácter distrital. | C23: 1 | D23: Participación en las diferentes actividades por aniversario de los distritos de la provincia de Huaylas, Comunidades Campesinas y en Campañas de Proyección a la Comunidad. | E23: 1740 | F23: Acción | G23: 12 | H23: 1 | I23: 1 | J23: 1 | K23: 1 | L23: 1 | M23: 1 | N23: 1 | O23: 1 | P23: 1 | Q23: 1 | R23: 1 | S23: 1
A24: 8 | B24: Asistir en las actividades de carácter provincial. | C24: 1 | D24: Participación en las diferentes actividades por aniversario de las provincias de la región Ancash, especialmente de la Mancomunidad Hatun Huaylas y Corredor Andino. | E24: 3400 | F24: Acción | G24: 12 | H24: 1 | I24: 1 | J24: 1 | K24: 1 | L24: 1 | M24: 1 | N24: 1 | O24: 1 | P24: 1 | Q24: 1 | R24: 1 | S24: 1
A25: 9 | B25: Fomentar la imagen corporativa para posicionar a Caraz | C25: 1 | D25: Participación en las diferentes actividades de carácter nacional (distintos departamentos y provincias de la nación) para posicionar turísticamente a la provincia de Huaylas. | E25: 6000 | F25: Acción | G25: 12 | H25: 1 | I25: 1 | J25: 1 | K25: 1 | L25: 1 | M25: 1 | N25: 1 | O25: 1 | P25: 1 | Q25: 1 | R25: 1 | S25: 1
C26: 2 | D26: Elaboración de distinciones. | E26: 1000 | F26: Acción | G26: 3 | K26: 1 | N26: 1 | R26: 1
C27: 3 | D27: Conferencias y reuniones de prensa nacional, regional y local y visitas guiadas a las obras. | E27: 6000 | F27: Conferencia | G27: 18 | H27: 2 | I27: 2 | J27: 1 | K27: 1 | L27: 2 | M27: 2 | N27: 2 | O27: 2 | P27: 1 | Q27: 1 | R27: 1 | S27: 1
A28: 10 | B28: Desarrollar distintos eventos para impulsar la transparencia. | C28: 1 | D28: Organizaciones de fórum, paneles, simposium sobre temas de interés regional y nacional dentro de la política de concertación y transparencia. | E28: 3400 | F28: Evento | G28: 12 | H28: 1 | I28: 1 | J28: 1 | K28: 1 | L28: 1 | M28: 1 | N28: 1 | O28: 1 | P28: 1 | Q28: 1 | R28: 1 | S28: 1
C29: 2 | D29: Refrigerio, alimentos, gaseosas para eventos oficiales de la municipalidad y según calendario cívico municipal y agendas oficiales. | E29: 1000 | F29: Acción | G29: 12 | H29: 1 | I29: 1 | J29: 1 | K29: 1 | L29: 1 | M29: 1 | N29: 1 | O29: 1 | P29: 1 | Q29: 1 | R29: 1 | S29: 1
A30: 11 | B30: Desarrollar acciones de fortalecimiento municipal. | C30: 1 | D30: Fortalecimiento de la gestión municipal con planes y programas específicos. | E30: 3400 | F30: Acción | G30: 12 | H30: 1 | I30: 1 | J30: 1 | K30: 1 | L30: 1 | M30: 1 | N30: 1 | O30: 1 | P30: 1 | Q30: 1 | R30: 1 | S30: 1
C31: 2 | D31: Implementación de programas de radio y televisión municipal, con equipamiento adecuado. | E31: 5200 | F31: Acción | G31: 10 | J31: 1 | K31: 1 | L31: 1 | M31: 1 | N31: 1 | O31: 1 | P31: 1 | Q31: 1 | R31: 1 | S31: 1

Sheet Anexo 02
A1: ANEXO 02
A2: FORMATO 01
A3: PLAN OPERATIVO INSTITUCIONAL 2011
A5: Institución | C5: : MUNICIPALIDAD PROVINCIAL DE HUAYLAS - CARAZ
A6: Gerencia y/u Oficina | C6: : Órgano de Control Institucional
A7: Unidad Orgánica | C7: : | O7: COSTO TOTAL: | P7: =SUM(E13:E15) -> 2400
A8: Objetivo General | C8: : Garantizar una gestión transparente realizando el seguimiento y control de la gestión institucional. | T8: =45*3000 -> 135000
A10: OBJETIVOS ESPECÍFICOS | C10: ACTIVIDADES | E10: COSTO S/. | F10: Meta Física | H10: CRONOGRAMA DE ACTIVIDADES
F11: Unidad de Medida | G11: Can- tidad | H11: I TRIMESTRE | K11: II TRIMESTRE | N11: III TRIMESTRE | Q11: IV TRIMESTRE
H12: Ene | I12: Feb | J12: Mar | K12: Abr | L12: May | M12: Jun | N12: Jul | O12: Ago | P12: Set | Q12: Oct | R12: Nov | S12: Dic
A13: 1 | B13: Contribuir al desarrollo de una gestión institucional transparente. | C13: 1 | D13: Desarrollo de acciones de control. | E13: 800 | F13: Acción | G13: =SUM(H13:S13) -> 12 | H13: 1 | I13: 1 | J13: 1 | K13: 1 | L13: 1 | M13: 1 | N13: 1 | O13: 1 | P13: 1 | Q13: 1 | R13: 1 | S13: 1
C14: 2 | D14: Desarrollo de actividades de control. | E14: 800 | F14: Acción | G14: 12 | H14: 1 | I14: 1 | J14: 1 | K14: 1 | L14: 1 | M14: 1 | N14: 1 | O14: 1 | P14: 1 | Q14: 1 | R14: 1 | S14: 1
C15: 3 | D15: Desarrollo de auditorías. | E15: 800 | F15: Acción | G15: 12 | H15: 1 | I15: 1 | J15: 1 | K15: 1 | L15: 1 | M15: 1 | N15: 1 | O15: 1 | P15: 1 | Q15: 1 | R15: 1 | S15: 1

Sheet Anexo 03
A1: ANEXO 03
A2: FORMATO 01
A3: PLAN OPERATIVO INSTITUCIONAL 2011
A5: Institución | C5: : MUNICIPALIDAD PROVINCIAL DE HUAYLAS - CARAZ
A6: Gerencia y/u Oficina | C6: : Procuraduría Pública Municipal
A7: Unidad Orgánica | C7: : | O7: COSTO TOTAL: | P7: =SUM(E13:E20) -> 3600
A8: Objetivo General | C8: : Garantizar la representación de la Municipalidad en los Procesos Judiciales, Administrativos y otros.
A10: OBJETIVOS ESPECÍFICOS | C10: ACTIVIDADES | E10: COSTO S/. | F10: Meta Física | H10: CRONOGRAMA DE ACTIVIDADES
F11: Unidad de Medida | G11: Can- tidad | H11: I TRIMESTRE | K11: II TRIMESTRE | N11: III TRIMESTRE | Q11: IV TRIMESTRE
H12: Ene | I12: Feb | J12: Mar | K12: Abr | L12: May | M12: Jun | N12: Jul | O12: Ago | P12: Set | Q12: Oct | R12: Nov | S12: Dic
A13: 1 | B13: Informar al titular del pliego, al Consejo Nacional de Defensa Jurídica del Estado, sobre el estado de los procesos judiciales; así como la representación y actuación procesal de la Oficina de Procuraduría. | C13: 1 | D13: Efectuar informes mensuales al titular así como al representante del Consejo Nacional de Defensa Jurídica del Estado. | E13: 400 | F13: Documento | G13: 12 | H13: 1 | I13: 1 | J13: 1 | K13: 1 | L13: 1 | M13: 1 | N13: 1 | O13: 1 | P13: 1 | Q13: 1 | R13: 1 | S13: 1
C14: 2 | D14: Participar en representación de la Municipalidad en los Procesos en donde la Municipalidad sea parte denunciada o denunciante | E14: 400 | F14: Acción | G14: 360 | H14: 30 | I14: 30 | J14: 30 | K14: 30 | L14: 30 | M14: 30 | N14: 30 | O14: 30 | P14: 30 | Q14: 30 | R14: 30 | S14: 30
C15: 3 | D15: Solicitar información a las demás áreas de la Municipalidad, con la finalidad de conocer alguna irregularidad existente. | E15: 400 | F15: Documento | G15: 108 | H15: 9 | I15: 9 | J15: 9 | K15: 9 | L15: 9 | M15: 9 | N15: 9 | O15: 9 | P15: 9 | Q15: 9 | R15: 9 | S15: 9
A16: 2 | B16: Ejercer la defensa de los Procesos Judiciales (Policía, Fiscalía y Juzgado) en representación de la Municipalidad. | C16: 1 | D16: Apersonamiento con la credencial respectiva en todas la acciones judiciales. | E16: 300 | F16: Documento | G16: 120 | H16: 10 | I16: 10 | J16: 10 | K16: 10 | L16: 10 | M16: 10 | N16: 10 | O16: 10 | P16: 10 | Q16: 10 | R16: 10 | S16: 10
C17: 2 | D17: Impulsar los procesos judiciales, representando escritos en fechas oportunas. | E17: 300 | F17: Acción | G17: 240 | H17: 20 | I17: 20 | J17: 20 | K17: 20 | L17: 20 | M17: 20 | N17: 20 | O17: 20 | P17: 20 | Q17: 20 | R17: 20 | S17: 20
C18: 3 | D18: Participar en nombre de la Municipalidad en diligencias de investigación preliminar, judicial, policial, en donde la Municipalidad se encuentra inmerso. | E18: 300 | F18: Acción | G18: 210 | H18: 16 | I18: 16 | J18: 16 | K18: 18 | L18: 18 | M18: 18 | N18: 18 | O18: 18 | P18: 18 | Q18: 18 | R18: 18 | S18: 18
C19: 4 | D19: Interponer medios de defensa contra decisiones que afecten los intereses de la Municipalidad. | E19: 300 | F19: Acción | G19: 60 | H19: 5 | I19: 5 | J19: 5 | K19: 5 | L19: 5 | M19: 5 | N19: 5 | O19: 5 | P19: 5 | Q19: 5 | R19: 5 | S19: 5
A20: 3 | B20: Contribuir a lograr la interrelación y coordinación con las demás Gerencias. | C20: 1 | D20: Programación de actividades de carácter jurídico legal con las demás áreas de la Municipalidad, para dar a conocer aspectos jurídicos legales en los cuales no deben de incurrir ningún funcionario ni empleado público. | E20: 1200 | F20: Acción | G20: 12 | H20: 1 | I20: 1 | J20: 1 | K20: 1 | L20: 1 | M20: 1 | N20: 1 | O20: 1 | P20: 1 | Q20: 1 | R20: 1 | S20: 1

Sheet Anexo 04
A1: ANEXO 04
A2: FORMATO 01
A3: PLAN OPERATIVO INSTITUCIONAL 2011
A5: Institución | C5: : MUNICIPALIDAD PROVINCIAL DE HUAYLAS - CARAZ
A6: Gerencia y/u Oficina | C6: :
A7: Unidad Orgánica | C7: : Unidad de Imagen Institucional | O7: COSTO TOTAL: | P7: =SUM(E13:E33) -> 59200
A8: Objetivo General | C8: : Crear una adecuada imagen a la institución.
A10: OBJETIVOS ESPECÍFICOS | C10: ACTIVIDADES | E10: COSTO S/. | F10: Meta Física | H10: CRONOGRAMA DE ACTIVIDADES
F11: Unidad de Medida | G11: Can- tidad | H11: I TRIMESTRE | K11: II TRIMESTRE | N11: III TRIMESTRE | Q11: IV TRIMESTRE
H12: Ene | I12: Feb | J12: Mar | K12: Abr | L12: May | M12: Jun | N12: Jul | O12: Ago | P12: Set | Q12: Oct | R12: Nov | S12: Dic
A13: 1 | B13: Reestructurar en algunos casos el funcionamiento de la Unidad de Imagen Institucional de la Municipalidad Provincial de Huaylas. | C13: 1 | D13: Establecer los lineamientos de organización y eventos. | E13: 0 | F13: Documento | G13: 1 | K13: 1
C14: 2 | D14: Establecer los lineamientos de comunicación e información. | E14: 0 | F14: Documento | G14: 1 | K14: 1
C15: 3 | D15: Definir funciones del personal de la UII. | E15: 0 | F15: Documento | G15: 1 | K15: 1
C16: 4 | D16: Reestructurar los medios de comunicación base para la UII. | E16: 0 | F16: Documento | G16: 1 | K16: 1
C17: 5 | D17: Establecer el manual de identidad corporativa. | E17: 0 | F17: Documento | G17: 1 | K17: 1
C18: 6 | D18: Definir estructuras de campañas en publicidad y relaciones públicas. | E18: 0 | F18: Documento | G18: 1 | K18: 1
A19: 2 | B19: Establecer herramientas de comunicación base para la Municipalidad Provincial de Huaylas. | C19: 1 | D19: Actualización del Facebook. | E19: 0 | F19: Acción | G19: 12 | H19: 1 | I19: 1 | J19: 1 | K19: 1 | L19: 1 | M19: 1 | N19: 1 | O19: 1 | P19: 1 | Q19: 1 | R19: 1 | S19: 1
C20: 2 | D20: Actualización del Twitter. | E20: 0 | F20: Acción | G20: 12 | H20: 1 | I20: 1 | J20: 1 | K20: 1 | L20: 1 | M20: 1 | N20: 1 | O20: 1 | P20: 1 | Q20: 1 | R20: 1 | S20: 1
C21: 3 | D21: Actualización del periódico mural. | E21: 672 | F21: Publicación | G21: 3000 | H21: 250 | I21: 250 | J21: 250 | K21: 250 | L21: 250 | M21: 250 | N21: 250 | O21: 250 | P21: 250 | Q21: 250 | R21: 250 | S21: 250
C22: 4 | D22: Actualización de la página web. | E22: 0 | F22: Acción | G22: 1 | L22: 1
C23: 5 | D23: Monitoreo y publicación del buzón de sugerencias. | E23: 584 | F23: Publicación | G23: 12000 | H23: 1000 | I23: 1000 | J23: 1000 | K23: 1000 | L23: 1000 | M23: 1000 | N23: 1000 | O23: 1000 | P23: 1000 | Q23: 1000 | R23: 1000 | S23: 1000
C24: 6 | D24: Distribución y publicación de notas de prensa. | E24: 1344 | F24: Publicación | G24: 12000 | H24: 1000 | I24: 1000 | J24: 1000 | K24: 1000 | L24: 1000 | M24: 1000 | N24: 1000 | O24: 1000 | P24: 1000 | Q24: 1000 | R24: 1000 | S24: 1000
A25: 3 | B25: Establecer el archivo audiovisual. | C25: 1 | D25: Llevar archivos de video en DVD. | E25: 840 | F25: Acción | G25: 12 | H25: 1 | I25: 1 | J25: 1 | K25: 1 | L25: 1 | M25: 1 | N25: 1 | O25: 1 | P25: 1 | Q25: 1 | R25: 1 | S25: 1
C26: 2 | D26: Llevar archivos de audio en CD. | E26: 600 | F26: Acción | G26: 12 | H26: 1 | I26: 1 | J26: 1 | K26: 1 | L26: 1 | M26: 1 | N26: 1 | O26: 1 | P26: 1 | Q26: 1 | R26: 1 | S26: 1
A27: 4 | B27: Establecer campañas de publicidad y relaciones públicas. | C27: 1 | D27: Realizar trabajos de creatividad publicitaria. | E27: 5640 | F27: Acción | G27: 12 | H27: 1 | I27: 1 | J27: 1 | K27: 1 | L27: 1 | M27: 1 | N27: 1 | O27: 1 | P27: 1 | Q27: 1 | R27: 1 | S27: 1
C28: 2 | D28: Realizar trabajos de edición. | E28: 5640 | F28: Acción | G28: 12 | H28: 1 | I28: 1 | J28: 1 | K28: 1 | L28: 1 | M28: 1 | N28: 1 | O28: 1 | P28: 1 | Q28: 1 | R28: 1 | S28: 1
A29: 5 | B29: Garantizar el normal funcionamiento de la oficina. | C29: 1 | D29: Desarrollo de labores administrativas. | E29: 3120 | F29: Acción | G29: 12 | H29: 1 | I29: 1 | J29: 1 | K29: 1 | L29: 1 | M29: 1 | N29: 1 | O29: 1 | P29: 1 | Q29: 1 | R29: 1 | S29: 1
A30: 6 | B30: Implementar con equipos de información a la unidad. | C30: 1 | D30: Implementar a la oficina con grabadoras o reporteras. | E30: 560 | F30: Equipo | G30: 2 | K30: 1 | L30: 1
C31: 2 | D31: Implementar el buzón de sugerencias. | E31: 200 | F31: Buzón | G31: 1 | K31: 1
A32: 7 | B32: Promover la celebración de las principales fechas festivas. | C32: 1 | D32: Celebración del 190 Aniversario de la Creación de la Provincia de Huaylas. | E32: 20000 | F32: Celebración | G32: 1 | I32: 1
C33: 2 | D33: Celebración del 150 Aniversario de Elevación de Villa a Ciudad de Caraz. | E33: 20000 | F33: Celebración | G33: 1 | K33: 1

Sheet Anexo 05
A1: ANEXO 05
A2: FORMATO 01
A3: PLAN OPERATIVO INSTITUCIONAL 2011
A5: Institución | C5: : MUNICIPALIDAD PROVINCIAL DE HUAYLAS - CARAZ
A6: Gerencia y/u Oficina | C6: : Secretaría General
A7: Unidad Orgánica | C7: : | O7: COSTO TOTAL: | P7: =SUM(E13:E18) -> 18000
A8: Objetivo General | C8: : Desarrollar capacidades, habilidades y destrezas en el marco de las acciones administrativas y de servicio, encaminados al logro de un mejor nivel organizacional, funcional y ejecutivo de la Gestión Municipal.
A10: OBJETIVOS ESPECÍFICOS | C10: ACTIVIDADES | E10: COSTO S/. | F10: Meta Física | H10: CRONOGRAMA DE ACTIVIDADES
F11: Unidad de Medida | G11: Can- tidad | H11: I TRIMESTRE | K11: II TRIMESTRE | N11: III TRIMESTRE | Q11: IV TRIMESTRE
H12: Ene | I12: Feb | J12: Mar | K12: Abr | L12: May | M12: Jun | N12: Jul | O12: Ago | P12: Set | Q12: Oct | R12: Nov | S12: Dic
A13: 1 | B13: Preservar la historia de la Municipalidad Provincial de Huaylas conservando y custodiando el acervo documentario que emana del Consejo Municipal de acuerdo al RIC y al ROF de la institución edil. | C13: 1 | D13: Levantamiento de Actas de Reuniones de Trabajo de las Comisiones ordinarias de Regidores y su transcripción. | E13: 3360 | F13: Acta | G13: 48 | H13: 4 | I13: 4 | J13: 4 | K13: 4 | L13: 4 | M13: 4 | N13: 4 | O13: 4 | P13: 4 | Q13: 4 | R13: 4 | S13: 4
C14: 2 | D14: Publicación de Ordenanzas y Normas legales locales. | E14: 7500 | F14: Publicación | G14: 15 | H14: 1 | I14: 1 | J14: 2 | K14: 1 | L14: 1 | M14: 2 | N14: 1 | O14: 1 | P14: 2 | Q14: 1 | R14: 1 | S14: 1
C15: 3 | D15: Apoyar al Alcalde en materia administrativa en el ámbito de su competencia. | E15: 1848 | F15: Acción | G15: 12 | H15: 1 | I15: 1 | J15: 1 | K15: 1 | L15: 1 | M15: 1 | N15: 1 | O15: 1 | P15: 1 | Q15: 1 | R15: 1 | S15: 1
A16: 2 | B16: Servir de enlace frente a las demás áreas, instituciones y personas, informando sobre las políticas, planes y programas de acción buscando así unificar criterios para el logro de una organización integral. | C16: 1 | D16: Notificar las disposiciones legales. | E16: 1152 | F16: Notificación | G16: 72 | H16: 6 | I16: 6 | J16: 6 | K16: 6 | L16: 6 | M16: 6 | N16: 6 | O16: 6 | P16: 6 | Q16: 6 | R16: 6 | S16: 6
C17: 2 | D17: Organización de Sesiones Solemnes. | E17: 3500 | F17: Sesión | G17: 10 | I17: 1 | K17: 1 | L17: 1 | M17: 1 | N17: 2 | P17: 1 | Q17: 1 | R17: 1 | S17: 1
C18: 3 | D18: Envío de correspondencia interna y externa. | E18: 640 | F18: Documento | G18: 120 | H18: 10 | I18: 10 | J18: 10 | K18: 10 | L18: 10 | M18: 10 | N18: 10 | O18: 10 | P18: 10 | Q18: 10 | R18: 10 | S18: 10

Sheet Anexo 05A
A1: ANEXO 05 A
A2: FORMATO 01
A3: PLAN OPERATIVO INSTITUCIONAL 2011
A5: Institución | C5: : MUNICIPALIDAD PROVINCIAL DE HUAYLAS - CARAZ
A6: Gerencia y/u Oficina | C6: : Secretaría General - Sala de Regidores
A7: Unidad Orgánica | C7: : | O7: COSTO TOTAL: | P7: =SUM(E13:E26) -> 6000
A8: Objetivo General | C8: : Desarrollar gestiones de canalización de normatividad y fizcalización de la gestión del Consejo Municipal en coordinación con las Comisiones de Regidores y Regidores.
A10: OBJETIVOS ESPECÍFICOS | C10: ACTIVIDADES | E10: COSTO S/. | F10: Meta Física | H10: CRONOGRAMA DE ACTIVIDADES
F11: Unidad de Medida | G11: Can- tidad | H11: I TRIMESTRE | K11: II TRIMESTRE | N11: III TRIMESTRE | Q11: IV TRIMESTRE
H12: Ene | I12: Feb | J12: Mar | K12: Abr | L12: May | M12: Jun | N12: Jul | O12: Ago | P12: Set | Q12: Oct | R12: Nov | S12: Dic
A13: 1 | B13: Atender los diferentes documentos administrativos, propuestas de Proyectos de Ordenanzas y otros de las respectivas Comisiones. | C13: 1 | D13: Recepción de expedientes externos e internos. | E13: 100 | F13: Expediente | G13: 561 | H13: 47 | I13: 47 | J13: 47 | K13: 47 | L13: 47 | M13: 47 | N13: 47 | O13: 47 | P13: 47 | Q13: 46 | R13: 46 | S13: 46
C14: 2 | D14: Despacho de los expedientes a los Regidores y/o Comisión de Regidores. | E14: 100 | F14: Expediente | G14: 561 | H14: 47 | I14: 47 | J14: 47 | K14: 47 | L14: 47 | M14: 47 | N14: 47 | O14: 47 | P14: 47 | Q14: 46 | R14: 46 | S14: 46
C15: 3 | D15: Recepción y proveído de los expedientes en trámite, para la recopilación de los informes técnico legales. | E15: 200 | F15: Expediente | G15: 561 | H15: 47 | I15: 47 | J15: 47 | K15: 47 | L15: 47 | M15: 47 | N15: 47 | O15: 47 | P15: 47 | Q15: 46 | R15: 46 | S15: 46
C16: 4 | D16: Recopilación y recepción de la información solicitada. | E16: 100 | F16: Expediente | G16: 561 | H16: 47 | I16: 47 | J16: 47 | K16: 47 | L16: 47 | M16: 47 | N16: 47 | O16: 47 | P16: 47 | Q16: 46 | R16: 46 | S16: 46
C17: 5 | D17: Disposición de los expedientes a las Comisiones para su tratamiento. | E17: 100 | F17: Expediente | G17: 561 | H17: 47 | I17: 47 | J17: 47 | K17: 47 | L17: 47 | M17: 47 | N17: 47 | O17: 47 | P17: 47 | Q17: 46 | R17: 46 | S17: 46
C18: 6 | D18: Elaboración de los Dictámenes. | E18: 2750 | F18: Dictamen | G18: 561 | H18: 47 | I18: 47 | J18: 47 | K18: 47 | L18: 47 | M18: 47 | N18: 47 | O18: 47 | P18: 47 | Q18: 46 | R18: 46 | S18: 46
C19: 7 | D19: Gestión de los Dictámenes para su aprobación en el Concejo. | E19: 800 | F19: Dictamen | G19: 561 | H19: 47 | I19: 47 | J19: 47 | K19: 47 | L19: 47 | M19: 47 | N19: 47 | O19: 47 | P19: 47 | Q19: 46 | R19: 46 | S19: 46
C20: 8 | D20: Elaboración de documentos varios. | E20: 200 | F20: Documento | G20: 561 | H20: 47 | I20: 47 | J20: 47 | K20: 47 | L20: 47 | M20: 47 | N20: 47 | O20: 47 | P20: 47 | Q20: 46 | R20: 46 | S20: 46
A21: 2 | B21: Tramitar las convocatorias a propuesta de los Presidentes de cada Comisión de Regidores . | C21: 1 | D21: Recepción de expedientes y propuestas de ordenanza. | E21: 50 | F21: Expediente | G21: 300 | H21: 25 | I21: 25 | J21: 25 | K21: 25 | L21: 25 | M21: 25 | N21: 25 | O21: 25 | P21: 25 | Q21: 25 | R21: 25 | S21: 25
C22: 2 | D22: Convocatoria a los integrantes de Comisión y Funcionarios. | E22: 200 | F22: Convocatoria | G22: 300 | H22: 25 | I22: 25 | J22: 25 | K22: 25 | L22: 25 | M22: 25 | N22: 25 | O22: 25 | P22: 25 | Q22: 25 | R22: 25 | S22: 25
C23: 3 | D23: Reunión y levantamiento del acta de reunión de trabajo. | E23: 800 | F23: Acta | G23: 300 | H23: 25 | I23: 25 | J23: 25 | K23: 25 | L23: 25 | M23: 25 | N23: 25 | O23: 25 | P23: 25 | Q23: 25 | R23: 25 | S23: 25
A24: 3 | B24: Proyectar los pedidos de los Regidores y/o Comisión de Regidores para efectos de fiscalización. | C24: 1 | D24: Petición del Regidor y/o Presidente de la Comisión. | E24: 200 | F24: Carta | G24: 540 | H24: 45 | I24: 45 | J24: 45 | K24: 45 | L24: 45 | M24: 45 | N24: 45 | O24: 45 | P24: 45 | Q24: 45 | R24: 45 | S24: 45
C25: 2 | D25: Elaboración de documentos y la derivación a Alcaldía. | E25: 200 | F25: Documento | G25: 540 | H25: 45 | I25: 45 | J25: 45 | K25: 45 | L25: 45 | M25: 45 | N25: 45 | O25: 45 | P25: 45 | Q25: 45 | R25: 45 | S25: 45
C26: 3 | D26: Seguimiento de los documentos. | E26: 200 | F26: Documento | G26: 540 | H26: 45 | I26: 45 | J26: 45 | K26: 45 | L26: 45 | M26: 45 | N26: 45 | O26: 45 | P26: 45 | Q26: 45 | R26: 45 | S26: 45

Sheet Anexo 06
A1: ANEXO 06
A2: FORMATO 01
A3: PLAN OPERATIVO INSTITUCIONAL 2011
A5: Institución | C5: : MUNICIPALIDAD PROVINCIAL DE HUAYLAS - CARAZ
A6: Gerencia y/u Oficina | C6: : Secretaría General
A7: Unidad Orgánica | C7: : Unidad de Trámite Documentario y Archivo | O7: COSTO TOTAL: | P7: =SUM(E13:E15) -> 3600
A8: Objetivo General | C8: : Fortalecer las capacidades instaladas en la Organización Municipal para el desarrollo óptimo de los servicios públicos teniendo en cuenta la innovación de la administración documentaria y archivo de la Institución.
A10: OBJETIVOS ESPECÍFICOS | C10: ACTIVIDADES | E10: COSTO S/. | F10: Meta Física | H10: CRONOGRAMA DE ACTIVIDADES
F11: Unidad de Medida | G11: Can- tidad | H11: I TRIMESTRE | K11: II TRIMESTRE | N11: III TRIMESTRE | Q11: IV TRIMESTRE
H12: Ene | I12: Feb | J12: Mar | K12: Abr | L12: May | M12: Jun | N12: Jul | O12: Ago | P12: Set | Q12: Oct | R12: Nov | S12: Dic
A13: 1 | B13: Garantizar la conducción efectiva de la Administración Documentaria y Archivo. | C13: 1 | D13: Administrar el archivo documentario de la institución, proponiendo e implementando medidas concernientes a la conservación de los documentos. | E13: 1000 | F13: Acción | G13: 12 | H13: 1 | I13: 1 | J13: 1 | K13: 1 | L13: 1 | M13: 1 | N13: 1 | O13: 1 | P13: 1 | Q13: 1 | R13: 1 | S13: 1
A14: 2 | B14: Brindar un servicio rápido y eficaz mediante la ubicación de los documentos para el logro de una organización integral. | C14: 1 | D14: Controlar el flujo y ubicación de los documentos y expedientes que ingresan y salen de la institución a fin de lograr el resguardo. | E14: 1000 | F14: Acción | G14: 12 | H14: 1 | I14: 1 | J14: 1 | K14: 1 | L14: 1 | M14: 1 | N14: 1 | O14: 1 | P14: 1 | Q14: 1 | R14: 1 | S14: 1
C15: 2 | D15: Controlar y desarrollar las actividades de depuración, transferencia y/o eliminación de la documentación de acuerdo a las normas vigentes | E15: 1600 | F15: Acción | G15: 6 | I15: 1 | K15: 1 | M15: 1 | O15: 1 | Q15: 1 | S15: 1

Sheet Anexo 07
A1: ANEXO 07
A2: FORMATO 01
A3: PLAN OPERATIVO INSTITUCIONAL 2011
A5: Institución | C5: : MUNICIPALIDAD PROVINCIAL DE HUAYLAS - CARAZ
A6: Gerencia y/u Oficina | C6: : Secretaría General
A7: Unidad Orgánica | C7: : Unidad de Registros Civiles | O7: COSTO TOTAL: | P7: =SUM(E13:E14) -> 3000
A8: Objetivo General | C8: : Fomentar, formalizar y fortalecer los hechos vitales y demás acciones de Registros de Estado Civil.
A10: OBJETIVOS ESPECÍFICOS | C10: ACTIVIDADES | E10: COSTO S/. | F10: Meta Física | H10: CRONOGRAMA DE ACTIVIDADES
F11: Unidad de Medida | G11: Can- tidad | H11: I TRIMESTRE | K11: II TRIMESTRE | N11: III TRIMESTRE | Q11: IV TRIMESTRE
H12: Ene | I12: Feb | J12: Mar | K12: Abr | L12: May | M12: Jun | N12: Jul | O12: Ago | P12: Set | Q12: Oct | R12: Nov | S12: Dic
A13: 1 | B13: Conservar y ordenar el material registral. | C13: 1 | D13: Realizar el empastado de las Actas de Nacimiento, Matrimonio y Defunsión. | E13: 1500 | F13: Empastado | G13: 50 | K13: 15 | M13: 15 | O13: 20
A14: 2 | B14: Propiciar la Unidad Familiar como fin supremo de la sociedad. | C14: 1 | D14: Celebración de Matrimonio Civil Comunitario. | E14: 1500 | F14: Celebración | G14: 1 | P14: 1

Sheet Anexo 08
A1: ANEXO 08
A2: FORMATO 01
A3: PLAN OPERATIVO INSTITUCIONAL 2011
A5: Institución | C5: : MUNICIPALIDAD PROVINCIAL DE HUAYLAS - CARAZ
A6: Gerencia y/u Oficina | C6: : Gerencia Municipal
A7: Unidad Orgánica | C7: : | O7: COSTO TOTAL: | P7: =SUM(E13:E42) -> 30000
A8: Objetivo General | C8: : Brindar un servicio adecuado a la comunidad, implementando mecanismos de control y simplificando el tramite administrativo.
A10: OBJETIVOS ESPECÍFICOS | C10: ACTIVIDADES | E10: COSTO S/. | F10: Meta Física | H10: CRONOGRAMA DE ACTIVIDADES
F11: Unidad de Medida | G11: Can- tidad | H11: I TRIMESTRE | K11: II TRIMESTRE | N11: III TRIMESTRE | Q11: IV TRIMESTRE
H12: Ene | I12: Feb | J12: Mar | K12: Abr | L12: May | M12: Jun | N12: Jul | O12: Ago | P12: Set | Q12: Oct | R12: Nov | S12: Dic
A13: 1 | B13: Asegurar una asignación óptima de recursos y mantener un control concurrente de las actividades de toda las áreas. | C13: 1 | D13: Revisión de POI. | E13: 75 | F13: Documento | G13: =SUM(H13:S13) -> 3 | H13: 1 | R13: 1 | S13: 1
C14: 2 | D14: Revisión del PIA. | E14: 80 | F14: Documento | G14: =SUM(H14:S14) -> 1 | H14: 1
C15: 3 | D15: Revisión del PIM. | E15: 450 | F15: Documento | G15: =SUM(H15:S15) -> 12 | H15: 1 | I15: 1 | J15: 1 | K15: 1 | L15: 1 | M15: 1 | N15: 1 | O15: 1 | P15: 1 | Q15: 1 | R15: 1 | S15: 1
C16: 4 | D16: Organización de Talleres de trabajo gerencial. | E16: 2990 | F16: Taller | G16: =SUM(H16:S16) -> 4 | I16: 1 | K16: 1 | N16: 1 | R16: 1
C17: 5 | D17: Formulación del reglamento de estímulo de los trabajadores. | E17: 3590 | F17: Documento | G17: =SUM(H17:S17) -> 1 | L17: 1
C18: 6 | D18: Formulación de directivas administrativas. | E18: 450 | F18: Documento | G18: =SUM(H18:S18) -> 6 | I18: 1 | K18: 1 | M18: 1 | O18: 1 | Q18: 1 | R18: 1
C19: 7 | D19: Implementación de un Programa Anual de capacitación integral de personal. | E19: 2690 | F19: Documento | G19: =SUM(H19:S19) -> 1 | N19: 1
C20: 8 | D20: Implementación de una base de datos de normas internas. | E20: 510 | F20: Acción | G20: =SUM(H20:S20) -> 2 | H20: 1 | I20: 1
A21: 2 | B21: Diseñar, coordinar y planificar con las áreas competentes los trabajos a ejecutarse. | C21: 1 | D21: Diseñar en coordinación con la alcaldía en la determinación de lineamientos de política estratégica, procedimientos para el cumplimiento y logro de metas establecidas. | E21: 300 | F21: Acción | G21: =SUM(H21:S21) -> 12 | H21: 1 | I21: 1 | J21: 1 | K21: 1 | L21: 1 | M21: 1 | N21: 1 | O21: 1 | P21: 1 | Q21: 1 | R21: 1 | S21: 1
C22: 2 | D22: Elaborar la memoria anual de gestión del ejercicio 2007 - 2010 y presentar al consejo municipal para su aprobación. | E22: 2690 | F22: Documento | G22: =SUM(H22:S22) -> 1 | S22: 1
C23: 3 | D23: Planificar, ejecutar, supervisar y evaluar todas las actividades y proyectos ejecutados por la municipalidad. | E23: 890 | F23: Acción | G23: =SUM(H23:S23) -> 12 | H23: 1 | I23: 1 | J23: 1 | K23: 1 | L23: 1 | M23: 1 | N23: 1 | O23: 1 | P23: 1 | Q23: 1 | R23: 1 | S23: 1
C24: 4 | D24: asesorar al alcalde en asuntos de su competencia. | E24: 1490 | F24: Acción | G24: =SUM(H24:S24) -> 12 | H24: 1 | I24: 1 | J24: 1 | K24: 1 | L24: 1 | M24: 1 | N24: 1 | O24: 1 | P24: 1 | Q24: 1 | R24: 1 | S24: 1
C25: 5 | D25: Evaluación de los recursos humanos, materiales y económicos. | E25: 240 | F25: Acción | G25: =SUM(H25:S25) -> 12 | H25: 1 | I25: 1 | J25: 1 | K25: 1 | L25: 1 | M25: 1 | N25: 1 | O25: 1 | P25: 1 | Q25: 1 | R25: 1 | S25: 1
C26: 6 | D26: evaluar y supervisar la ejecución de los ingreso y gastos. | E26: 250 | F26: Acción | G26: =SUM(H26:S26) -> 12 | H26: 1 | I26: 1 | J26: 1 | K26: 1 | L26: 1 | M26: 1 | N26: 1 | O26: 1 | P26: 1 | Q26: 1 | R26: 1 | S26: 1
C27: 7 | D27: Evaluar y supervisar la presentación de servicios. | E27: 240 | F27: Acción | G27: =SUM(H27:S27) -> 12 | H27: 1 | I27: 1 | J27: 1 | K27: 1 | L27: 1 | M27: 1 | N27: 1 | O27: 1 | P27: 1 | Q27: 1 | R27: 1 | S27: 1
C28: 8 | D28: Supervisar la Elaboración de los estados financieros. | E28: 260 | F28: Acción | G28: =SUM(H28:S28) -> 12 | H28: 1 | I28: 1 | J28: 1 | K28: 1 | L28: 1 | M28: 1 | N28: 1 | O28: 1 | P28: 1 | Q28: 1 | R28: 1 | S28: 1
C29: 9 | D29: Participar en el proceso de panificación y concertación provincial. | E29: 2540 | F29: Acción | G29: =SUM(H29:S29) -> 12 | H29: 1 | I29: 1 | J29: 1 | K29: 1 | L29: 1 | M29: 1 | N29: 1 | O29: 1 | P29: 1 | Q29: 1 | R29: 1 | S29: 1
C30: 10 | D30: Asesorar a las comisiones de regidores de la municipalidad. | E30: 80 | F30: Acción | G30: =SUM(H30:S30) -> 12 | H30: 1 | I30: 1 | J30: 1 | K30: 1 | L30: 1 | M30: 1 | N30: 1 | O30: 1 | P30: 1 | Q30: 1 | R30: 1 | S30: 1
C31: 11 | D31: Dirigir la marcha administrativa, por lo que se deberá establecer reuniones de coordinación permanente. | E31: 260 | F31: Acción | G31: =SUM(H31:S31) -> 12 | H31: 1 | I31: 1 | J31: 1 | K31: 1 | L31: 1 | M31: 1 | N31: 1 | O31: 1 | P31: 1 | Q31: 1 | R31: 1 | S31: 1
C32: 12 | D32: Hacer seguimiento de los contratos y convenios suscritos por la entidad con las instituciones públicas y privadas. | E32: 260 | F32: Acción | G32: =SUM(H32:S32) -> 12 | H32: 1 | I32: 1 | J32: 1 | K32: 1 | L32: 1 | M32: 1 | N32: 1 | O32: 1 | P32: 1 | Q32: 1 | R32: 1 | S32: 1
C33: 13 | D33: Hacer seguimientos de los problemas y asuntos concluidos, en proceso y/o pendientes de intereses institucionales. | E33: 155 | F33: Acción | G33: =SUM(H33:S33) -> 12 | H33: 1 | I33: 1 | J33: 1 | K33: 1 | L33: 1 | M33: 1 | N33: 1 | O33: 1 | P33: 1 | Q33: 1 | R33: 1 | S33: 1
C34: 14 | D34: Informar a la alta dirección de las diferentes acciones ejecutadas y por ejecutar, así como los de interés institucional. | E34: 260 | F34: Acción | G34: =SUM(H34:S34) -> 12 | H34: 1 | I34: 1 | J34: 1 | K34: 1 | L34: 1 | M34: 1 | N34: 1 | O34: 1 | P34: 1 | Q34: 1 | R34: 1 | S34: 1
... C42: 22 | D42: Evaluación de actividades programadas en el POI. | E42: 260 | F42: Acción | G42: =SUM(H42:S42) -> 12 | H42: 1 | I42: 1 | J42: 1 | K42: 1 | L42: 1 | M42: 1 | N42: 1 | O42: 1 | P42: 1 | Q42: 1 | R42: 1 | S42: 1

Sheet Anexo 09
A1: ANEXO 09
A2: FORMATO 01
A3: PLAN OPERATIVO INSTITUCIONAL 2011
A5: Institución | C5: : MUNICIPALIDAD PROVINCIAL DE HUAYLAS - CARAZ
A6: Gerencia y/u Oficina | C6: : Oficina de Ejecutoría Coactiva
A7: Unidad Orgánica | C7: : | O7: COSTO TOTAL: | P7: =SUM(E13:E23) -> 24000
A8: Objetivo General | C8: : Optimizar la ejecución de la cobranza de las deudas a favor de la Municipalidad Provincial de Huaylas - Caraz.
A10: OBJETIVOS ESPECÍFICOS | C10: ACTIVIDADES | E10: COSTO S/. | F10: Meta Física | H10: CRONOGRAMA DE ACTIVIDADES
F11: Unidad de Medida | G11: Can- tidad | H11: I TRIMESTRE | K11: II TRIMESTRE | N11: III TRIMESTRE | Q11: IV TRIMESTRE
H12: Ene | I12: Feb | J12: Mar | K12: Abr | L12: May | M12: Jun | N12: Jul | O12: Ago | P12: Set | Q12: Oct | R12: Nov | S12: Dic
A13: 1 | B13: Notificar a los infractores, sobre el inicio del Proceso de ejecucion coactiva, y las ordenes de captura impartidas. | C13: 1 | D13: Publicación de Papeletas de Infraccioón al Transito remitidos a esta oficina por la Oficina de Transporte para su ejecución (ubicación, captura e internamiento de vehículos en el depósito municipal). | E13: 2182 | F13: Acción | G13: 12 | H13: 1 | I13: 1 | J13: 1 | K13: 1 | L13: 1 | M13: 1 | N13: 1 | O13: 1 | P13: 1 | Q13: 1 | R13: 1 | S13: 1
C14: 2 | D14: Operativo de captura de vehículos e internamiento de los mismos, por encontrarse en cobranza coactiva y con orden de captura, por deudas pendientes de pago por los propietarios y/o infractores. | E14: 2181.8 | F14: Acción | G14: 12 | H14: 1 | I14: 1 | J14: 1 | K14: 1 | L14: 1 | M14: 1 | N14: 1 | O14: 1 | P14: 1 | Q14: 1 | R14: 1 | S14: 1
A15: 2 | B15: Trabar medidas cautelares con arreglo a ley. | C15: 1 | D15: Embargos en forma de secuestro conservativo y/o depósito. | E15: 2181.8 | F15: Acción | G15: 12 | H15: 1 | I15: 1 | J15: 1 | K15: 1 | L15: 1 | M15: 1 | N15: 1 | O15: 1 | P15: 1 | Q15: 1 | R15: 1 | S15: 1
C16: 2 | D16: Embargo en forma de retención a nivel de las entidades financieras. | E16: 2181.8 | F16: Acción | G16: 12 | H16: 1 | I16: 1 | J16: 1 | K16: 1 | L16: 1 | M16: 1 | N16: 1 | O16: 1 | P16: 1 | Q16: 1 | R16: 1 | S16: 1
C17: 3 | D17: Embargo en forma de inscripción. | E17: 2181.8 | F17: Acción | G17: 12 | H17: 1 | I17: 1 | J17: 1 | K17: 1 | L17: 1 | M17: 1 | N17: 1 | O17: 1 | P17: 1 | Q17: 1 | R17: 1 | S17: 1
A18: 3 | B18: Ejecutar estrategias de cobro fuera de la jurisdicción en otras provincias. | C18: 1 | D18: Coordinaciones con diferentes entidades de otras provincias y pago de derechos tributarios conforme el TUPA (Registros Públicos, Municipios, Ejecutores Coactivos y otros). | E18: 2181.8 | F18: Acción | G18: 12 | H18: 1 | I18: 1 | J18: 1 | K18: 1 | L18: 1 | M18: 1 | N18: 1 | O18: 1 | P18: 1 | Q18: 1 | R18: 1 | S18: 1
C19: 2 | D19: Coordinar con entidades en la ciudad de Lima, sobre cobranza coactiva, lineamientos, registro de embargos sobre bienes de los ejecutados y captura de vehículos a nivel nacional y pago de derechos tributarios conforme el TUPA. | E19: 2181.8 | F19: Acción | G19: 12 | H19: 1 | I19: 1 | J19: 1 | K19: 1 | L19: 1 | M19: 1 | N19: 1 | O19: 1 | P19: 1 | Q19: 1 | R19: 1 | S19: 1
C20: 3 | D20: Librar Exhortos a Ejecutores comisionados de otras Municipalidades para el diligenciamiento de lo encomendado, hasta su cobro de la deuda. | E20: 2181.8 | F20: Acción | G20: 12 | H20: 1 | I20: 1 | J20: 1 | K20: 1 | L20: 1 | M20: 1 | N20: 1 | O20: 1 | P20: 1 | Q20: 1 | R20: 1 | S20: 1
A21: 4 | B21: Remate de bienes embargados y/o capturados. | C21: 1 | D21: Publicación de bienes en remate. | E21: 2181.8 | F21: Acción | G21: 12 | H21: 1 | I21: 1 | J21: 1 | K21: 1 | L21: 1 | M21: 1 | N21: 1 | O21: 1 | P21: 1 | Q21: 1 | R21: 1 | S21: 1
C22: 2 | D22: Designación de peritos valorizadores inscritos en el padrón del Poder Judicial. | E22: 2181.8 | F22: Acción | G22: 12 | H22: 1 | I22: 1 | J22: 1 | K22: 1 | L22: 1 | M22: 1 | N22: 1 | O22: 1 | P22: 1 | Q22: 1 | R22: 1 | S22: 1
C23: 3 | D23: Diligencias de remate de bienes embargados. | E23: 2181.8 | F23: Acción | G23: 12 | H23: 1 | I23: 1 | J23: 1 | K23: 1 | L23: 1 | M23: 1 | N23: 1 | O23: 1 | P23: 1 | Q23: 1 | R23: 1 | S23: 1

Sheet Anexo 10
A1: ANEXO 10
A2: FORMATO 01
A3: PLAN OPERATIVO INSTITUCIONAL 2011
A5: Institución | C5: : MUNICIPALIDAD PROVINCIAL DE HUAYLAS - CARAZ
A6: Gerencia y/u Oficina | C6: : Gerencia de Administración y Finanzas
A7: Unidad Orgánica | C7: : | O7: COSTO TOTAL: | P7: =SUM(E13:E23) -> 12000
A8: Objetivo General | C8: : Administrar los sistemas de abastecimientos, tesorería, contabilidad, informática y el potencial humano para el normal funcionamiento institucional.
A10: OBJETIVOS ESPECÍFICOS | C10: ACTIVIDADES | E10: COSTO S/. | F10: Meta Física | H10: CRONOGRAMA DE ACTIVIDADES
F11: Unidad de Medida | G11: Can- tidad | H11: I TRIMESTRE | K11: II TRIMESTRE | N11: III TRIMESTRE | Q11: IV TRIMESTRE
H12: Ene | I12: Feb | J12: Mar | K12: Abr | L12: May | M12: Jun | N12: Jul | O12: Ago | P12: Set | Q12: Oct | R12: Nov | S12: Dic
A13: 1 | B13: Proveer de manera eficiente, eficaz y transparente los recursos económicos, financieros y humanos a todas las Unidades Orgánicas de la Municipalidad, para el cumplimiento de las metas establecidas. | C13: 1 | D13: Evaluar la recaudación, captación y obtención de ingresos y de la utilización de los recursos financieros. | E13: 480 | F13: Documento | G13: 12 | H13: 1 | I13: 1 | J13: 1 | K13: 1 | L13: 1 | M13: 1 | N13: 1 | O13: 1 | P13: 1 | Q13: 1 | R13: 1 | S13: 1
C14: 2 | D14: Aprobación de expedientes y bases administrativas de procesos de Selección de menor cuantía. | E14: 1200 | F14: Documento | G14: 3000 | I14: 250 | J14: 250 | K14: 250 | L14: 250 | M14: 250 | N14: 250 | O14: 250 | P14: 250 | Q14: 300 | R14: 350 | S14: 350
C15: 3 | D15: Recepción y tramitación de documentos, mediante oficios, memorándum, Informes y proveídos. | E15: 1500 | F15: Expediente | G15: 9000 | I15: 50 | J15: 900 | K15: 900 | L15: 900 | M15: 900 | N15: 900 | O15: 900 | P15: 900 | Q15: 900 | R15: 900 | S15: 850
C16: 4 | D16: Recepción, remisión y archivo de las declaraciones juradas de los obligados a su presentación. | E16: 600 | F16: Documento | G16: 45 | H16: 20 | I16: 20 | J16: 5
C17: 5 | D17: Revisión y aprobación de documentos de pago de obligaciones en cheques y abonos en cuenta. | E17: 2000 | F17: Documento | G17: 12000 | H17: 1000 | I17: 1000 | J17: 1000 | K17: 1000 | L17: 1000 | M17: 1000 | N17: 1000 | O17: 1000 | P17: 1000 | Q17: 1000 | R17: 1000 | S17: 1000
C18: 6 | D18: Evaluación y autorización para la atención de los requerimientos (necesidades de las Unidades Orgánicas). | E18: 2000 | F18: Documento | G18: 13000 | H18: 100 | I18: 150 | J18: 1300 | K18: 1300 | L18: 1300 | M18: 1300 | N18: 1300 | O18: 1300 | P18: 1300 | Q18: 1300 | R18: 1350 | S18: 1000
C19: 7 | D19: Profesionalización progresiva para la atención de los requerimientos (necesidades de las unidades orgánicas). | E19: 1500 | F19: Acción | G19: 4 | J19: 1 | M19: 1 | P19: 1 | R19: 1
C20: 8 | D20: Incorporación de tecnología innovadora que facilite y viabilice la toma de decisiones. | E20: 2420 | F20: Acción | G20: 6 | J20: 1 | K20: 1 | L20: 1 | O20: 1 | P20: 1 | Q20: 1
A21: 2 | B21: Contribuir al fortalecimiento de capacidades, a fin de coadyuvar el cumplimiento de los objetivos institucionales. | C21: 1 | D21: Coordinar para mejorar la captación tributaria disminuyendo el Índice de morosidad. | E21: 100 | F21: Acción | G21: 12 | H21: 1 | I21: 1 | J21: 1 | K21: 1 | L21: 1 | M21: 1 | N21: 1 | O21: 1 | P21: 1 | Q21: 1 | R21: 1 | S21: 1
C22: 2 | D22: Brindar información para la elaboración del presupuesto institucional de apertura. | E22: 100 | F22: Acción | G22: 12 | H22: 1 | I22: 1 | J22: 1 | K22: 1 | L22: 1 | M22: 1 | N22: 1 | O22: 1 | P22: 1 | Q22: 1 | R22: 1 | S22: 1
C23: 3 | D23: Diseñar mecanismos para fortalecer el control interno institucional. | E23: 100 | F23: Acción | G23: 12 | H23: 1 | I23: 1 | J23: 1 | K23: 1 | L23: 1 | M23: 1 | N23: 1 | O23: 1 | P23: 1 | Q23: 1 | R23: 1 | S23: 1
A24: 3 | B24: Promover la mejora de las relaciones humanas a través de la celebración del Día del Trabajo, Día del Trabajador Municipal y de la Navidad. | C24: 1 | D24: Celebración del Día del Trabajo. | E24: 10000 | F24: Celebración | G24: 1 | L24: 1
C25: 2 | D25: Celebración del Día del Trabajador Municipal. | E25: 16000 | F25: Celebración | G25: 1 | R25: 1
C26: 3 | D26: Celebración de la Navidad. | E26: 16000 | F26: Celebración | G26: 1 | S26: 1

Sheet Anexo 11
A1: ANEXO 11
A2: FORMATO 01
A3: PLAN OPERATIVO INSTITUCIONAL 2011
A5: Institución | C5: : MUNICIPALIDAD PROVINCIAL DE HUAYLAS - CARAZ
A6: Gerencia y/u Oficina | C6: : Gerencia de Administración y Finanzas
A7: Unidad Orgánica | C7: : Unidad de Recursos Humanos | O7: COSTO TOTAL: | P7: =SUM(E13:E35) -> 3600
A8: Objetivo General | C8: : Brindar atención de calidad al personal de la Municipalidad Provincial de Huaylas, garantizando sus derechos y propiciando su desarrollo integral.
A10: OBJETIVOS ESPECÍFICOS | C10: ACTIVIDADES | E10: COSTO S/. | F10: Meta Física | H10: CRONOGRAMA DE ACTIVIDADES
F11: Unidad de Medida | G11: Can- tidad | H11: I TRIMESTRE | K11: II TRIMESTRE | N11: III TRIMESTRE | Q11: IV TRIMESTRE
H12: Ene | I12: Feb | J12: Mar | K12: Abr | L12: May | M12: Jun | N12: Jul | O12: Ago | P12: Set | Q12: Oct | R12: Nov | S12: Dic
A13: 1 | B13: Garantizar al personal el pago oportuno en sus haberes | C13: 1 | D13: Elaboración de informes técnicos en materia de personal, remuneraciones y otros. | E13: 200 | F13: Documento | G13: 580 | H13: 45 | I13: 50 | J13: 50 | K13: 40 | L13: 50 | M13: 45 | N13: 50 | O13: 50 | P13: 50 | Q13: 50 | R13: 50 | S13: 50
C14: 2 | D14: Elaboración de planillas normales, aguinaldo, escolaridad y las boletas de pago del personal nombrado, contratado, obreros permanentes y contratados así como de los pensionistas. | E14: 350 | F14: Documento | G14: 1200 | H14: 100 | I14: 100 | J14: 100 | K14: 100 | L14: 100 | M14: 100 | N14: 100 | O14: 100 | P14: 100 | Q14: 100 | R14: 100 | S14: 100
C15: 3 | D15: Elaboración de planillas de AFPs y PDT. | E15: 50 | F15: Documento | G15: 180 | H15: 15 | I15: 15 | J15: 15 | K15: 15 | L15: 15 | M15: 15 | N15: 15 | O15: 15 | P15: 15 | Q15: 15 | R15: 15 | S15: 15
C16: 4 | D16: Elaboración de las planillas de dietas de los regidores. | E16: 20 | F16: Documento | G16: 12 | H16: 1 | I16: 1 | J16: 1 | K16: 1 | L16: 1 | M16: 1 | N16: 1 | O16: 1 | P16: 1 | Q16: 1 | R16: 1 | S16: 1
C17: 5 | D17: Procesamiento de las planillas de préstamos del personal con las diferentes instituciones financieras. | E17: 50 | F17: Documento | G17: 180 | H17: 15 | I17: 15 | J17: 15 | K17: 15 | L17: 15 | M17: 15 | N17: 15 | O17: 15 | P17: 15 | Q17: 15 | R17: 15 | S17: 15
C18: 6 | D18: Procesamiento y elaboración de la planilla de descuentos judiciales. | E18: 20 | F18: Documento | G18: 72 | H18: 6 | I18: 6 | J18: 6 | K18: 6 | L18: 6 | M18: 6 | N18: 6 | O18: 6 | P18: 6 | Q18: 6 | R18: 6 | S18: 6
C19: 7 | D19: Atención a las observaciones presentadas por las AFPs, sobre los pagos de los trabajadores de esta entidad. | E19: 30 | F19: Documento | G19: 60 | H19: 10 | J19: 10 | L19: 4 | M19: 6 | O19: 10 | P19: 5 | Q19: 5 | S19: 10
A20: 2 | B20: Mantener actualizado el Escalafón del personal así como llevar el control de uso de vacaciones y la asistencia y permanencia del personal. | C20: 1 | D20: Control de uso físico de vacaciones del personal de la Municipalidad. | E20: 40 | F20: Acción | G20: 12 | H20: 1 | I20: 1 | J20: 1 | K20: 1 | L20: 1 | M20: 1 | N20: 1 | O20: 1 | P20: 1 | Q20: 1 | R20: 1 | S20: 1
C21: 2 | D21: Elaboración de Resoluciones de la Jefatura sobre acciones de personal. | E21: 50 | F21: Documento | G21: 60 | H21: 5 | I21: 5 | J21: 5 | K21: 5 | L21: 5 | M21: 5 | N21: 5 | O21: 5 | P21: 5 | Q21: 5 | R21: 5 | S21: 5
C22: 3 | D22: Actualización de los legajos de escalafón del personal nombrado, contratado, obreros y pensionistas. | E22: 600 | F22: Expediente | G22: 240 | H22: 40 | J22: 20 | K22: 20 | L22: 20 | N22: 40 | O22: 20 | P22: 20 | Q22: 20 | R22: 20 | S22: 20
C23: 4 | D23: Controlar las tarjetas de asistencia y permanencia del personal nombrado, contratado y obreros. | E23: 60 | F23: Acción | G23: 48 | H23: 4 | I23: 4 | J23: 4 | K23: 4 | L23: 4 | M23: 4 | N23: 4 | O23: 4 | P23: 4 | Q23: 4 | R23: 4 | S23: 4
A24: 3 | B24: Garantizar el otorgamiento de sus derechos y cumplimiento de deberes, obligaciones y sanciones del trabajador. | C24: 1 | D24: Elaboración del rol anual de vacaciones del personal nombrado, contratado y obreros. | E24: 20 | F24: Documento | G24: 1 | R24: 1
C25: 2 | D25: Elaboración de las planillas para el pago por subsidio por enfermedad, lactancia, luto gastos por sepelio. | E25: 35 | F25: Documento | G25: 12 | H25: 1 | I25: 1 | J25: 1 | K25: 1 | L25: 1 | M25: 1 | N25: 1 | O25: 1 | P25: 1 | Q25: 1 | R25: 1 | S25: 1
C26: 3 | D26: Consolidar las fichas de actualización de datos, declaración jurada de nepotismo, etc. | E26: 35 | F26: Documento | G26: 216 | H26: 72 | L26: 18 | M26: 18 | N26: 36 | P26: 18 | Q26: 18 | R26: 18 | S26: 18
C27: 4 | D27: Aplicar sanciones al personal por medidas disciplinarias. | E27: 60 | F27: Expediente | G27: 60 | H27: 5 | I27: 5 | J27: 5 | K27: 5 | L27: 5 | M27: 5 | N27: 5 | O27: 5 | P27: 5 | Q27: 5 | R27: 5 | S27: 5
A28: 4 | B28: Fomentar el desarrollo personal e institucional con el desarrollo de capacidades y aptitudes. | C28: 1 | D28: Talleres de bienestar social (autoestima, liderazgo, trabajo en equipo, motivación, ética del servidor público, familia, atención de casos familiares). | E28: 250 | F28: Evento | G28: 2 | K28: 1 | N28: 1
C29: 2 | D29: Campaña integral de salud (despistaje de diabetes, hipertensión arterial, tamisaje de cáncer de cuello uterino y mamas, visitas hospitalarias, visitas domiciliarias y consulta odontológica). | E29: 250 | F29: Evento | G29: 2 | L29: 1 | Q29: 1
C30: 3 | D30: Conmemoraciones especiales por el Día del Obrero, Día del Trabajador Municipal, Fiestas Patrias, Aniversario de la Provincia, Día de la Madre, día del Padre y Navidad. | E30: 250 | F30: Evento | G30: 6 | I30: 1 | K30: 1 | L30: 1 | N30: 1 | R30: 1 | S30: 1
C31: 4 | D31: Capacitación sobre acciones de personal, remuneraciones y otros. | E31: 400 | F31: Evento | G31: 6 | H31: 1 | J31: 1 | L31: 1 | N31: 1 | P31: 1 | R31: 1
A32: 5 | B32: Asegurar la situación laboral del personal contratado por CAS y su control respectivo. | C32: 1 | D32: Elaboración de Planillas del personal de CAS. | E32: 250 | F32: Documento | G32: 60 | H32: 5 | I32: 5 | J32: 5 | K32: 5 | L32: 5 | M32: 5 | N32: 5 | O32: 5 | P32: 5 | Q32: 5 | R32: 5 | S32: 5
C33: 2 | D33: Control del Personal de CAS | E33: 50 | F33: Acción | G33: 12 | H33: 1 | I33: 1 | J33: 1 | K33: 1 | L33: 1 | M33: 1 | N33: 1 | O33: 1 | P33: 1 | Q33: 1 | R33: 1 | S33: 1
C34: 3 | D34: Control de las tarjetas de asistencia y permanencia del personal de CAS. | E34: 80 | F34: Acción | G34: 48 | H34: 4 | I34: 4 | J34: 4 | K34: 4 | L34: 4 | M34: 4 | N34: 4 | O34: 4 | P34: 4 | Q34: 4 | R34: 4 | S34: 4
C35: 4 | D35: Elaboración de los contratos del personal de CAS. | E35: 450 | F35: Documento | G35: 1200 | H35: 100 | I35: 100 | J35: 100 | K35: 100 | L35: 100 | M35: 100 | N35: 100 | O35: 100 | P35: 100 | Q35: 100 | R35: 100 | S35: 100
A36: 6 | B36: Efectivizar el pago de personal CAS para el cumplimiento de actividades. | C36: 1 | D36: Elaboración de planillas y realizar el pago al personal de CAS - Administrativos. | E36: 397283 | F36: Planilla | G36: 12 | H36: 1 | I36: 1 | J36: 1 | K36: 1 | L36: 1 | M36: 1 | N36: 1 | O36: 1 | P36: 1 | Q36: 1 | R36: 1 | S36: 1
C37: 2 | D37: Elaboración de planillas y realizar el pago al personal de CAS - Serenazgo. | E37: 193440 | F37: Planilla | G37: 12 | H37: 1 | I37: 1 | J37: 1 | K37: 1 | L37: 1 | M37: 1 | N37: 1 | O37: 1 | P37: 1 | Q37: 1 | R37: 1 | S37: 1
C38: 3 | D38: Elaboración de planillas y realizar el pago al personal de CAS - Limpieza Pública. | E38: 150240 | F38: Planilla | G38: 12 | H38: 1 | I38: 1 | J38: 1 | K38: 1 | L38: 1 | M38: 1 | N38: 1 | O38: 1 | P38: 1 | Q38: 1 | R38: 1 | S38: 1

Sheet Anexo 12
A1: ANEXO 12
A2: FORMATO 01
A3: PLAN OPERATIVO INSTITUCIONAL 2011
A5: Institución | C5: : MUNICIPALIDAD PROVINCIAL DE HUAYLAS - CARAZ
A6: Gerencia y/u Oficina | C6: : Gerencia de Administración y Finanzas
A7: Unidad Orgánica | C7: : Unidad de Logística | O7: COSTO TOTAL: | P7: =SUM(E13:E28) -> 3600
A8: Objetivo General | C8: : Atender con bienes y servicios a las Unidades Orgánicas con eficiencia, eficacia y transaparencia para el cumplimiento de los objetivos institucionales.
A10: OBJETIVOS ESPECÍFICOS | C10: ACTIVIDADES | E10: COSTO S/. | F10: Meta Física | H10: CRONOGRAMA DE ACTIVIDADES
F11: Unidad de Medida | G11: Can- tidad | H11: I TRIMESTRE | K11: II TRIMESTRE | N11: III TRIMESTRE | Q11: IV TRIMESTRE
H12: Ene | I12: Feb | J12: Mar | K12: Abr | L12: May | M12: Jun | N12: Jul | O12: Ago | P12: Set | Q12: Oct | R12: Nov | S12: Dic
A13: 1 | B13: Formular y ejecutar el Plan Anual de Contrataciones para el año 2011, así como ejecutar los diversos procesos de selección para la contratación de bienes, servicios y obras. | C13: 1 | D13: Consolidar el cuadro de necesidades de las diferentes unidades. | E13: 300 | F13: Documento | G13: 1 | H13: 1
C14: 2 | D14: Emisión de órdenes de servicios. | E14: 500 | F14: Documento | G14: 2750 | I14: 250 | J14: 250 | K14: 250 | L14: 250 | M14: 250 | N14: 250 | O14: 250 | P14: 250 | Q14: 250 | R14: 250 | S14: 250
C15: 3 | D15: Emisión de órdenes de compra. | E15: 400 | F15: Documento | G15: 1650 | I15: 150 | J15: 150 | K15: 150 | L15: 150 | M15: 150 | N15: 150 | O15: 150 | P15: 150 | Q15: 150 | R15: 150 | S15: 150
C16: 4 | D16: Elaboración de informes para los diversos procesos de selección: LP, CP, ADP, ADS, AMC. | E16: 150 | F16: Informe | G16: 176 | I16: 16 | J16: 16 | K16: 16 | L16: 16 | M16: 16 | N16: 16 | O16: 16 | P16: 16 | Q16: 16 | R16: 16 | S16: 16
C17: 5 | D17: Elaboración de cuadro comparativos. | E17: 300 | F17: Documento | G17: 4400 | I17: 400 | J17: 400 | K17: 400 | L17: 400 | M17: 400 | N17: 400 | O17: 400 | P17: 400 | Q17: 400 | R17: 400 | S17: 400
C18: 6 | D18: Elaboración de bases de proceso de selección según corresponda. | E18: 150 | F18: Documento | G18: 55 | I18: 5 | J18: 5 | K18: 5 | L18: 5 | M18: 5 | N18: 5 | O18: 5 | P18: 5 | Q18: 5 | R18: 5 | S18: 5
C19: 7 | D19: Elaboración de contratos diversos. | E19: 300 | F19: Documento | G19: 550 | I19: 50 | J19: 50 | K19: 50 | L19: 50 | M19: 50 | N19: 50 | O19: 50 | P19: 50 | Q19: 50 | R19: 50 | S19: 50
C20: 8 | D20: Adquisición bienes y servicios. | E20: 100 | F20: Acción | G20: 12 | H20: 1 | I20: 1 | J20: 1 | K20: 1 | L20: 1 | M20: 1 | N20: 1 | O20: 1 | P20: 1 | Q20: 1 | R20: 1 | S20: 1
C21: 9 | D21: Cotización de bienes y servicios. | E21: 300 | F21: Documento | G21: 3850 | I21: 350 | J21: 350 | K21: 350 | L21: 350 | M21: 350 | N21: 350 | O21: 350 | P21: 350 | Q21: 350 | R21: 350 | S21: 350
A22: 2 | B22: Fortalecer la gestión administrativa. | C22: 1 | D22: Confrontación de adquisiciones del COA. | E22: 100 | F22: Acción | G22: 12 | H22: 1 | I22: 1 | J22: 1 | K22: 1 | L22: 1 | M22: 1 | N22: 1 | O22: 1 | P22: 1 | Q22: 1 | R22: 1 | S22: 1
C23: 2 | D23: Control y recepción de documentos varios. | E23: 150 | F23: Documento | G23: 600 | H23: 50 | I23: 50 | J23: 50 | K23: 50 | L23: 50 | M23: 50 | N23: 50 | O23: 50 | P23: 50 | Q23: 50 | R23: 50 | S23: 50
C24: 3 | D24: Elaboración de documentos diversos según requerimiento de las Gerencias y Unidades. | E24: 150 | F24: Documento | G24: 565 | H24: 15 | I24: 50 | J24: 50 | K24: 50 | L24: 50 | M24: 50 | N24: 50 | O24: 50 | P24: 50 | Q24: 50 | R24: 50 | S24: 50
C25: 4 | D25: Evaluación y monitoreo de la Unidad. | E25: 100 | F25: Acción | G25: 12 | H25: 1 | I25: 1 | J25: 1 | K25: 1 | L25: 1 | M25: 1 | N25: 1 | O25: 1 | P25: 1 | Q25: 1 | R25: 1 | S25: 1
A26: 3 | B26: Garantizar la limpieza, aseo y conservación óptima de los diversos ambientes y/u oficinas de la institución. | C26: 1 | D26: Limpieza de las diversas oficinas del Palacio Municipal. | E26: 200 | F26: Acción | G26: 12 | H26: 1 | I26: 1 | J26: 1 | K26: 1 | L26: 1 | M26: 1 | N26: 1 | O26: 1 | P26: 1 | Q26: 1 | R26: 1 | S26: 1
C27: 2 | D27: Limpieza de las diversas oficinas de los locales según convenio (CUC-Parroquia). | E27: 200 | F27: Acción | G27: 12 | H27: 1 | I27: 1 | J27: 1 | K27: 1 | L27: 1 | M27: 1 | N27: 1 | O27: 1 | P27: 1 | Q27: 1 | R27: 1 | S27: 1
C28: 3 | D28: Limpieza de las diversas oficinas de los locales alquilados. | E28: 200 | F28: Acción | G28: 12 | H28: 1 | I28: 1 | J28: 1 | K28: 1 | L28: 1 | M28: 1 | N28: 1 | O28: 1 | P28: 1 | Q28: 1 | R28: 1 | S28: 1

Sheet Anexo 13
A1: ANEXO 13
A2: FORMATO 01
A3: PLAN OPERATIVO INSTITUCIONAL 2011
A5: Institución | C5: : MUNICIPALIDAD PROVINCIAL DE HUAYLAS - CARAZ
A6: Gerencia y/u Oficina | C6: : Gerencia de Administración y Finanzas
A7: Unidad Orgánica | C7: : Unidad de Tesorería | O7: COSTO TOTAL: | P7: =SUM(E13:E28) -> 6000
A8: Objetivo General | C8: : Velar por la Correcta Administración de los fondos y valores económicos de la Municipalidad.
A10: OBJETIVOS ESPECÍFICOS | C10: ACTIVIDADES | E10: COSTO S/. | F10: Meta Física | H10: CRONOGRAMA DE ACTIVIDADES
F11: Unidad de Medida | G11: Can- tidad | H11: I TRIMESTRE | K11: II TRIMESTRE | N11: III TRIMESTRE | Q11: IV TRIMESTRE
H12: Ene | I12: Feb | J12: Mar | K12: Abr | L12: May | M12: Jun | N12: Jul | O12: Ago | P12: Set | Q12: Oct | R12: Nov | S12: Dic
A13: 1 | B13: Administrar los fondos y valores económicos - financieros de la Municipalidad. | C13: 1 | D13: Realizar la cobranza de todos los tributos, impuestos y arbitrios, etc. Así como informar diariamente, previo proceso en el SIAF, los fondos recaudados y registrados de acuerdo a su naturaleza; es decir por fuente de financiamiento y por rubro. | E13: 1000 | F13: Documento | G13: 250 | H13: 20 | I13: 20 | J13: 21 | K13: 21 | L13: 21 | M13: 21 | N13: 21 | O13: 21 | P13: 21 | Q13: 21 | R13: 21 | S13: 21
C14: 2 | D14: Emisión de diferentes documentos de acuerdo a las actividades realizadas y registro de expedientes. | E14: 400 | F14: Documento | G14: 120 | H14: 10 | I14: 10 | J14: 10 | K14: 10 | L14: 10 | M14: 10 | N14: 10 | O14: 10 | P14: 10 | Q14: 10 | R14: 10 | S14: 10
C15: 3 | D15: Elaboración de comprobantes de pago por compromisos adquiridos en su totalidad procesando en el SIAF. | E15: 1300 | F15: Expediente | G15: 6000 | H15: 500 | I15: 500 | J15: 500 | K15: 500 | L15: 500 | M15: 500 | N15: 500 | O15: 500 | P15: 500 | Q15: 500 | R15: 500 | S15: 500
C16: 4 | D16: Emisión de cheques para pago por compromisos adquiridos en su totalidad. | E16: 1300 | F16: Documento | G16: 6000 | H16: 500 | I16: 500 | J16: 500 | K16: 500 | L16: 500 | M16: 500 | N16: 500 | O16: 500 | P16: 500 | Q16: 500 | R16: 500 | S16: 500
C17: 5 | D17: Control y custodia de cartas fianzas, pólizas de caución, cheques y otros valores de propiedad de la institución que garanticen el fiel cumplimiento de los contratos y otros derechos a favor de la municipalidad. | E17: 100 | F17: Documento | G17: 48 | H17: 4 | I17: 4 | J17: 4 | K17: 4 | L17: 4 | M17: 4 | N17: 4 | O17: 4 | P17: 4 | Q17: 4 | R17: 4 | S17: 4
C18: 6 | D18: Administración de los ingresos propios y demás cuentas corrientes para su programación de los pagos de compromisos adquiridos, indicando la fuente de financiamiento. | E18: 300 | F18: Expediente | G18: 250 | H18: 20 | I18: 20 | J18: 21 | K18: 21 | L18: 21 | M18: 21 | N18: 21 | O18: 21 | P18: 21 | Q18: 21 | R18: 21 | S18: 21
C19: 7 | D19: Control de saldos de las cuentas corrientes en forma diaria emitiendo la posición de bancos para dar a conocer a la superioridad. | E19: 300 | F19: Documento | G19: 250 | H19: 20 | I19: 20 | J19: 21 | K19: 21 | L19: 21 | M19: 21 | N19: 21 | O19: 21 | P19: 21 | Q19: 21 | R19: 21 | S19: 21
C20: 8 | D20: Control, Revisión y evaluación del correcto manejo del fondo fijo otorgado a diferentes áreas de la municipalidad. | E20: 100 | F20: Expediente | G20: 12 | H20: 1 | I20: 1 | J20: 1 | K20: 1 | L20: 1 | M20: 1 | N20: 1 | O20: 1 | P20: 1 | Q20: 1 | R20: 1 | S20: 1
C21: 9 | D21: Emitir informes a las diferentes oficinas sobre ingresos recibidos diarios y mensuales verificando la cobranza realizada por caja. | E21: 100 | F21: Expediente | G21: 12 | H21: 1 | I21: 1 | J21: 1 | K21: 1 | L21: 1 | M21: 1 | N21: 1 | O21: 1 | P21: 1 | Q21: 1 | R21: 1 | S21: 1
C22: 10 | D22: Registro de las operaciones en los libros auxiliares de bancos así como mantener la conciliación bancaria en forma mensual que refleja las cuentas existentes de la institución. | E22: 300 | F22: Documento | G22: 250 | H22: 20 | I22: 20 | J22: 21 | K22: 21 | L22: 21 | M22: 21 | N22: 21 | O22: 21 | P22: 21 | Q22: 21 | R22: 21 | S22: 21
C23: 11 | D23: Ejecución de operaciones de depósitos de cheques, pagos en efectivo, depósitos y cobranzas judiciales entre otros. | E23: 200 | F23: Documento | G23: 250 | H23: 20 | I23: 20 | J23: 21 | K23: 21 | L23: 21 | M23: 21 | N23: 21 | O23: 21 | P23: 21 | Q23: 21 | R23: 21 | S23: 21
C24: 12 | D24: Verificar la realización de los arqueos. | E24: 100 | F24: Documento | G24: 12 | H24: 1 | I24: 1 | J24: 1 | K24: 1 | L24: 1 | M24: 1 | N24: 1 | O24: 1 | P24: 1 | Q24: 1 | R24: 1 | S24: 1
C25: 13 | D25: Declaraciones de pago de impuestos ante la SUNAT, PDT, AFP, CTS y otros. | E25: 100 | F25: Documento | G25: 12 | H25: 1 | I25: 1 | J25: 1 | K25: 1 | L25: 1 | M25: 1 | N25: 1 | O25: 1 | P25: 1 | Q25: 1 | R25: 1 | S25: 1
... C28: 16 | D28: Efectuar el pago a los proveedores en forma diaria. | E28: 100 | F28: Documento | G28: 12 | H28: 1 | I28: 1 | J28: 1 | K28: 1 | L28: 1 | M28: 1 | N28: 1 | O28: 1 | P28: 1 | Q28: 1 | R28: 1 | S28: 1

Sheet Anexo 14
A1: ANEXO 14
A2: FORMATO 01
A3: PLAN OPERATIVO INSTITUCIONAL 2011
A5: Institución | C5: : MUNICIPALIDAD PROVINCIAL DE HUAYLAS - CARAZ
A6: Gerencia y/u Oficina | C6: : Gerencia de Administración y Finanzas
A7: Unidad Orgánica | C7: : Unidad de Contabilidad | O7: COSTO TOTAL: | P7: =SUM(E13:E17) -> 3600
A8: Objetivo General | C8: : Garantizar la integración contable de las transacciones económicas y financieras de la entidad, así mismo controlar y evaluar el desarrollo de los procesos de gestión, para una efectiva y oportuna toma decisiones.
A10: OBJETIVOS ESPECÍFICOS | C10: ACTIVIDADES | E10: COSTO S/. | F10: Meta Física | H10: CRONOGRAMA DE ACTIVIDADES
F11: Unidad de Medida | G11: Can- tidad | H11: I TRIMESTRE | K11: II TRIMESTRE | N11: III TRIMESTRE | Q11: IV TRIMESTRE
H12: Ene | I12: Feb | J12: Mar | K12: Abr | L12: May | M12: Jun | N12: Jul | O12: Ago | P12: Set | Q12: Oct | R12: Nov | S12: Dic
A13: 1 | B13: Controlar de manera óptima la documentación sustentatoria que respalda las operaciones contables. | C13: 1 | D13: Control previo de los documentos fuente que sustentan las transacciones financieras y económicas. | E13: 1473.8 | F13: Documento | G13: 6000 | H13: 500 | I13: 500 | J13: 500 | K13: 500 | L13: 500 | M13: 500 | N13: 500 | O13: 500 | P13: 500 | Q13: 500 | R13: 500 | S13: 500
A14: 2 | B14: Presentar y exponer los estados financieros anuales de la institución ante la Sesión de Consejo para su aprobación. | C14: 1 | D14: Elaboración de estados financieros y presupuestarios con periodicidad trimestral, semestral y anual, analizando y conciliando los saldos de las cuentas contables que lo conforman. | E14: 0.98 | F14: Informe | G14: 4 | J14: 1 | K14: 1 | N14: 1 | Q14: 1
A15: 3 | B15: Consolidar la Información Financiera a través del Sistema SIAF. | C15: 1 | D15: Registro administrativo de las operaciones de ingresos, gastos por planillas, viáticos y otros complementarios. | E15: 884.28 | F15: Expediente | G15: 3600 | H15: 300 | I15: 300 | J15: 300 | K15: 300 | L15: 300 | M15: 300 | N15: 300 | O15: 300 | P15: 300 | Q15: 300 | R15: 300 | S15: 300
C16: 2 | D16: Contabilización de los registros administrativos de ingresos y gastos, en el módulo contable del SIAF-GL, y su respectivo análisis y conciliación de saldos de la cuenta. | E16: 1237.99 | F16: Registro | G16: 5040 | H16: 420 | I16: 420 | J16: 420 | K16: 420 | L16: 420 | M16: 420 | N16: 420 | O16: 420 | P16: 420 | Q16: 420 | R16: 420 | S16: 420
A17: 4 | B17: Dirigir, coordinar, supervisar y evaluar la administración económica y financiera de la entidad, así como definir medidas correctivas. | C17: 1 | D17: Realizar arqueos de la Unidad de caja y caja Chica. | E17: 2.95 | F17: Acción | G17: 12 | H17: 1 | I17: 1 | J17: 1 | K17: 1 | L17: 1 | M17: 1 | N17: 1 | O17: 1 | P17: 1 | Q17: 1 | R17: 1 | S17: 1

Sheet Anexo 15
A1: ANEXO 15
A2: FORMATO 01
A3: PLAN OPERATIVO INSTITUCIONAL 2011
A5: Institución | C5: : MUNICIPALIDAD PROVINCIAL DE HUAYLAS - CARAZ
A6: Gerencia y/u Oficina | C6: : Gerencia de Administración y Finanzas
A7: Unidad Orgánica | C7: : Unidad de Informática | O7: COSTO TOTAL: | P7: =SUM(E13:E16) -> 9600
A8: Objetivo General | C8: : Planificar, coordinar y evaluar las actividades relacionadas con el desarrollo de sistemas y tecnologías de información, que demande la municipalidad
A10: OBJETIVOS ESPECÍFICOS | C10: ACTIVIDADES | E10: COSTO S/. | F10: Meta Física | H10: CRONOGRAMA DE ACTIVIDADES
F11: Unidad de Medida | G11: Can- tidad | H11: I TRIMESTRE | K11: II TRIMESTRE | N11: III TRIMESTRE | Q11: IV TRIMESTRE
H12: Ene | I12: Feb | J12: Mar | K12: Abr | L12: May | M12: Jun | N12: Jul | O12: Ago | P12: Set | Q12: Oct | R12: Nov | S12: Dic
A13: 1 | B13: Actualizar, dar soporte y mantenimiento al parque informático. | C13: 1 | D13: Mantenimiento preventivo y reparación de los equipos de cómputo (computadoras e impresoras). | E13: 3000 | F13: Equipo | G13: 100 | L13: 30 | O13: 30 | R13: 40
A14: 2 | B14: Efectuar el resguardo y seguridad de la información. | C14: 1 | D14: Resguardo y provisión de suministros de backup - DVD's - discos duros externos y optimización del soporte. | E14: 1500 | F14: Acción | G14: 3 | J14: 1 | M14: 1 | P14: 1
A15: 3 | B15: Implementar de infraestructura de red para fortalecer la institución. | C15: 1 | D15: Administración de la red, base de datos, servidores, implementación de herramientas tecnológicas para la infraestructura de red. | E15: 2500 | F15: Acción | G15: 3 | J15: 1 | M15: 1 | P15: 1
A16: 4 | B16: Fomentar la capacitación, investigación y desarrollo. | C16: 1 | D16: Seminarios, talleres y cursos de capacitación en tecnologías de información y ofimática. | E16: 2600 | F16: Evento | G16: 5 | K16: 1 | M16: 1 | O16: 1 | Q16: 1 | S16: 1

Sheet Anexo 16
A1: ANEXO 16
A2: FORMATO 01
A3: PLAN OPERATIVO INSTITUCIONAL 2011
A5: Institución | C5: : MUNICIPALIDAD PROVINCIAL DE HUAYLAS - CARAZ
A6: Gerencia y/u Oficina | C6: : Gerencia de Administración Tributaria y Rentas
A7: Unidad Orgánica | C7: : | O7: COSTO TOTAL: | P7: =SUM(E13:E23) -> 9600
A8: Objetivo General | C8: : Optimizar la recaudación y la determinación de los tributos municipales, desarrollando una eficiente y efectiva orientación tributaria.
A10: OBJETIVOS ESPECÍFICOS | C10: ACTIVIDADES | E10: COSTO S/. | F10: Meta Física | H10: CRONOGRAMA DE ACTIVIDADES
F11: Unidad de Medida | G11: Can- tidad | H11: I TRIMESTRE | K11: II TRIMESTRE | N11: III TRIMESTRE | Q11: IV TRIMESTRE
H12: Ene | I12: Feb | J12: Mar | K12: Abr | L12: May | M12: Jun | N12: Jul | O12: Ago | P12: Set | Q12: Oct | R12: Nov | S12: Dic
A13: 1 | B13: Garantizar el cumplimiento de la Proyección de Ingresos de la GATyR. | C13: 1 | D13: Emisión a la Alta Dirección de información referente a la recaudación Tributaria. | E13: 120 | F13: Documento | G13: 12 | H13: 1 | I13: 1 | J13: 1 | K13: 1 | L13: 1 | M13: 1 | N13: 1 | O13: 1 | P13: 1 | Q13: 1 | R13: 1 | S13: 1
C14: 2 | D14: Monitoreo a las Unidades a cargo respecto al avance de la recaudación con respecto a lo estimado. | E14: 900 | F14: Acción | G14: 12 | H14: 1 | I14: 1 | J14: 1 | K14: 1 | L14: 1 | M14: 1 | N14: 1 | O14: 1 | P14: 1 | Q14: 1 | R14: 1 | S14: 1
C15: 3 | D15: Implementación y Monitoreo a Campañas de Inducción al Pago y/o recuperación de Deudas Tributarias. | E15: 600 | F15: Campaña | G15: 5 | I15: 1 | J15: 1 | L15: 1 | N15: 1 | Q15: 1
C16: 4 | D16: Implementación de Programas de Capacitación al personal de la Gerencia de Administración Tributaria. | E16: 2000 | F16: Documento | G16: 2 | L16: 1 | Q16: 1
A17: 2 | B17: Atender y Orientar al Contribuyente. | C17: 1 | D17: Atención de Contribuyentes. | E17: 650 | F17: Personas | G17: 1300 | H17: 50 | I17: 150 | J17: 150 | K17: 100 | L17: 50 | M17: 50 | N17: 150 | O17: 100 | P17: 100 | Q17: 100 | R17: 150 | S17: 150
C18: 2 | D18: Atención de Expedientes. | E18: 650 | F18: Expediente | G18: 650 | H18: 50 | I18: 50 | J18: 50 | K18: 50 | L18: 50 | M18: 50 | N18: 50 | O18: 50 | P18: 50 | Q18: 50 | R18: 60 | S18: 90
C19: 3 | D19: Emisión de Informes. | E19: 288 | F19: Documento | G19: 144 | H19: 12 | I19: 12 | J19: 12 | K19: 12 | L19: 12 | M19: 12 | N19: 12 | O19: 12 | P19: 12 | Q19: 12 | R19: 12 | S19: 12
C20: 4 | D20: Emisión de Memorandos. | E20: 192 | F20: Documento | G20: 96 | H20: 8 | I20: 8 | J20: 8 | K20: 8 | L20: 8 | M20: 8 | N20: 8 | O20: 8 | P20: 8 | Q20: 8 | R20: 8 | S20: 8
A21: 3 | B21: Resolver solicitudes y acciones de recaudación control y fiscalización tributaria. | C21: 1 | D21: Emisión de Resoluciones de Gerencia. | E21: 480 | F21: Resolución | G21: 120 | H21: 10 | I21: 10 | J21: 10 | K21: 10 | L21: 10 | M21: 10 | N21: 10 | O21: 10 | P21: 10 | Q21: 10 | R21: 10 | S21: 10
C22: 2 | D22: Emisión de Resoluciones de Multa Administrativa. | E22: 720 | F22: Documento | G22: 120 | H22: 10 | I22: 10 | J22: 10 | K22: 10 | L22: 10 | M22: 10 | N22: 10 | O22: 10 | P22: 10 | Q22: 10 | R22: 10 | S22: 10
C23: 3 | D23: Emisión de Resoluciones de Determinación. | E23: 3000 | F23: Documento | G23: 1200 | N23: 600 | O23: 600

Sheet Anexo 17
A1: ANEXO 17
A2: FORMATO 01
A3: PLAN OPERATIVO INSTITUCIONAL 2011
A5: Institución | C5: : MUNICIPALIDAD PROVINCIAL DE HUAYLAS - CARAZ
A6: Gerencia y/u Oficina | C6: : Gerencia de Administración Tributaria y Rentas
A7: Unidad Orgánica | C7: : Unidad de Control y Recaudación | O7: COSTO TOTAL: | P7: =SUM(E13:E28) -> 3600
A8: Objetivo General | C8: : Contribuir a la obtención de mayor recaudación.
A10: OBJETIVOS ESPECÍFICOS | C10: ACTIVIDADES | E10: COSTO S/. | F10: Meta Física | H10: CRONOGRAMA DE ACTIVIDADES
F11: Unidad de Medida | G11: Can- tidad | H11: I TRIMESTRE | K11: II TRIMESTRE | N11: III TRIMESTRE | Q11: IV TRIMESTRE
H12: Ene | I12: Feb | J12: Mar | K12: Abr | L12: May | M12: Jun | N12: Jul | O12: Ago | P12: Set | Q12: Oct | R12: Nov | S12: Dic
A13: 1 | B13: Optimizar la recaudación. | C13: 1 | D13: Elaboración y emisión de recibos de merced conductiva. | E13: 500 | F13: Talonario/ Millar | G13: 12 | H13: 1 | I13: 1 | J13: 1 | K13: 1 | L13: 1 | M13: 1 | N13: 1 | O13: 1 | P13: 1 | Q13: 1 | R13: 1 | S13: 1
C14: 2 | D14: Emisión, distribución domiciliaria de las cuponeras (impuesto predial y arbitrios). | E14: 700 | F14: Cuponeras | G14: 3000 | I14: 3000
C15: 3 | D15: Emisión de recibos para el cobro por uso del terminal. | E15: 100 | F15: Talones/ Millar | G15: 120 | H15: 10 | I15: 10 | J15: 10 | K15: 10 | L15: 10 | M15: 10 | N15: 10 | O15: 10 | P15: 10 | Q15: 10 | R15: 10 | S15: 10
C16: 4 | D16: Emisión de notificaciones de cargo. | E16: 200 | F16: Talones/ Millar | G16: 3 | K16: 3
C17: 5 | D17: Emisión de recibos para el cobro de SISA, Cámara Fría y Camal Municipal. | E17: 100 | F17: Talones/ Millar | G17: 40 | K17: 40
C18: 6 | D18: Emisión de Resoluciones de determinación. | E18: 100 | F18: Acción | G18: 12 | H18: 1 | I18: 1 | J18: 1 | K18: 1 | L18: 1 | M18: 1 | N18: 1 | O18: 1 | P18: 1 | Q18: 1 | R18: 1 | S18: 1
A19: 2 | B19: Realizar campañas estratégicas para optimizar la recaudación. | C19: 1 | D19: Campaña de pronto pago. | E19: 300 | F19: Campaña | G19: 1 | L19: 1
A20: 3 | B20: Realizar el control al trámite de expedientes, ingresos diarios, multas emitidas y a los fraccionamiento de las deudas. | C20: 1 | D20: Trámite de expedientes. | E20: 100 | F20: Acción | G20: 12 | H20: 1 | I20: 1 | J20: 1 | K20: 1 | L20: 1 | M20: 1 | N20: 1 | O20: 1 | P20: 1 | Q20: 1 | R20: 1 | S20: 1
C21: 2 | D21: Ingresos Diarios. | E21: 200 | F21: Acción | G21: 12 | H21: 1 | I21: 1 | J21: 1 | K21: 1 | L21: 1 | M21: 1 | N21: 1 | O21: 1 | P21: 1 | Q21: 1 | R21: 1 | S21: 1
C22: 3 | D22: Multas emitidas. | E22: 200 | F22: Acción | G22: 12 | H22: 1 | I22: 1 | J22: 1 | K22: 1 | L22: 1 | M22: 1 | N22: 1 | O22: 1 | P22: 1 | Q22: 1 | R22: 1 | S22: 1
A23: 3 | C23: 4 | D23: Fraccionamiento de deudas. | E23: 200 | F23: Acción | G23: 12 | H23: 1 | I23: 1 | J23: 1 | K23: 1 | L23: 1 | M23: 1 | N23: 1 | O23: 1 | P23: 1 | Q23: 1 | R23: 1 | S23: 1
A24: 4 | B24: Hacer conocer los tramites a realizar y las obligaciones tributarias. | C24: 1 | D24: Orientación a los contribuyentes a pedido de parte | E24: 100 | F24: Acción | G24: 4 | J24: 1 | M24: 1 | P24: 1 | R24: 1
A25: 5 | B25: Mantener actualizado el Registro de Contribuyentes. | C25: 1 | D25: Actualización de la base de datos. | E25: 200 | F25: Acción | G25: 2 | L25: 1 | M25: 1
C26: 2 | D26: Elaborar y mantener actualizado el Registro General de Contribuyentes. | E26: 200 | F26: Acción | G26: 2 | K26: 1 | O26: 1
C27: 3 | D27: Ampliar la base de datos de los contribuyentes de los predios rústicos. | E27: 200 | F27: Acción | G27: 4 | I27: 1 | J27: 1 | M27: 1 | N27: 1
C28: 4 | D28: Ampliar la base de datos de los contribuyentes ubicados alrededor de la zona urbana. | E28: 200 | F28: Acción | G28: 2 | J28: 1 | M28: 1

Sheet Anexo 18
A1: ANEXO 18
A2: FORMATO 01
A3: PLAN OPERATIVO INSTITUCIONAL 2011
A5: Institución | C5: : MUNICIPALIDAD PROVINCIAL DE HUAYLAS - CARAZ
A6: Gerencia y/u Oficina | C6: : Gerencia de Administración Tributaria y Rentas
A7: Unidad Orgánica | C7: : Unidad de Fiscalización | O7: COSTO TOTAL: | P7: =SUM(E13:E17) -> 3600
A8: Objetivo General | C8: : Cumplimiento de las Disposiciones Municipales, por parte de los ciudadanos y/o contribuyentes del distrito de Caraz, a través del proceso de fiscalización.
A10: OBJETIVOS ESPECÍFICOS | C10: ACTIVIDADES | E10: COSTO S/. | F10: Meta Física | H10: CRONOGRAMA DE ACTIVIDADES
F11: Unidad de Medida | G11: Can- tidad | H11: I TRIMESTRE | K11: II TRIMESTRE | N11: III TRIMESTRE | Q11: IV TRIMESTRE
H12: Ene | I12: Feb | J12: Mar | K12: Abr | L12: May | M12: Jun | N12: Jul | O12: Ago | P12: Set | Q12: Oct | R12: Nov | S12: Dic
A13: 1 | B13: Fiscalizar y notificar todo lo concerniente a la apertura de establecimientos comerciales, industriales y/o de servicios. | C13: 1 | D13: Realizar inspecciones de campo a locales comerciales, industriales y/o de servicio, levantando las actas correspondientes | E13: 1000 | F13: Inspección | G13: 100 | H13: 10 | I13: 5 | J13: 10 | K13: 10 | L13: 10 | M13: 5 | N13: 10 | O13: 10 | P13: 5 | Q13: 5 | R13: 10 | S13: 10
C14: 2 | D14: Inspecciones para emitir informes técnicos opinando sobre el otorgamiento o no del certificado de zonificación y compatibilidad de uso de licencia de funcionamiento definitiva o provisional. | E14: 1000 | F14: Informe | G14: 100 | H14: 10 | I14: 5 | J14: 10 | K14: 10 | L14: 10 | M14: 5 | N14: 10 | O14: 10 | P14: 5 | Q14: 5 | R14: 10 | S14: 10
A15: 2 | B15: Fiscalizar y notificar todo lo concerniente a los avisos publicitarios y otros. | C15: 1 | D15: Realizar inspecciones de campo a avisos publicitarios levantando las actas correspondientes. | E15: 500 | F15: Inspección | G15: 60 | H15: 5 | I15: 5 | J15: 5 | K15: 5 | L15: 5 | M15: 5 | N15: 5 | O15: 5 | P15: 5 | Q15: 5 | R15: 5 | S15: 5
C16: 2 | D16: Inspecciones para emitir informes técnicos opinando sobre las medidas y el otorgamiento o no del permiso correspondiente. | E16: 500 | F16: Informe | G16: 60 | H16: 5 | I16: 5 | J16: 5 | K16: 5 | L16: 5 | M16: 5 | N16: 5 | O16: 5 | P16: 5 | Q16: 5 | R16: 5 | S16: 5
A17: 3 | B17: Programar y ejecutar operativos inopinados conjuntos, como acto previo para detectar la posible infracción y como parte de la fiscalización posterior. | C17: 1 | D17: Realizar operativos en conjunto con las instituciones y áreas competentes de la ciudad de Caraz. | E17: 600 | F17: Acción | G17: 3 | K17: 1 | N17: 1 | S17: 1

Sheet Anexo 19
A1: ANEXO 19
A2: FORMATO 01
A3: PLAN OPERATIVO INSTITUCIONAL 2011
A5: Institución | C5: : MUNICIPALIDAD PROVINCIAL DE HUAYLAS - CARAZ
A6: Gerencia y/u Oficina | C6: : Oficina de Asesoría Jurídica
A7: Unidad Orgánica | C7: : | O7: COSTO TOTAL: | P7: =SUM(E13:E19) -> 7200
A8: Objetivo General | C8: : Emitir opinión jurídica en asuntos legales, normativos y administrativos, así como dotar de un marco ágil y simple, que proporcione procedimientos dinámicos, prácticos y económicos, garantizando la legalidad de las normas emitidas por el Concejo Municipal y Alcaldía, bajo los principios jurídicos vigentes, la simplificación administrativa y otros recurrentes, manteniendo coherencia dentro del Sistema Jurídico Nacional.
A10: OBJETIVOS ESPECÍFICOS | C10: ACTIVIDADES | E10: COSTO S/. | F10: Meta Física | H10: CRONOGRAMA DE ACTIVIDADES
F11: Unidad de Medida | G11: Can- tidad | H11: I TRIMESTRE | K11: II TRIMESTRE | N11: III TRIMESTRE | Q11: IV TRIMESTRE
H12: Ene | I12: Feb | J12: Mar | K12: Abr | L12: May | M12: Jun | N12: Jul | O12: Ago | P12: Set | Q12: Oct | R12: Nov | S12: Dic
A13: 1 | B13: Implementar mecanismos que permitan garantizar la legalidad de las acciones en la municipalidad. | C13: 1 | D13: Asesorar al Consejo Municipal, a la Alta Dirección y a los demás órganos de la Municipalidad en asuntos de carácter jurídico legal. | E13: 1000 | F13: Informe | G13: 300 | H13: 25 | I13: 25 | J13: 25 | K13: 25 | L13: 25 | M13: 25 | N13: 25 | O13: 25 | P13: 25 | Q13: 25 | R13: 25 | S13: 25
A14: 2 | B14: Garantizar la legalidad de la Normas emitidas por el Consejo Municipal y Alcaldía. | C14: 1 | D14: Elaborar y los revisar proyectos de ordenanzas. | E14: 1000 | F14: Informe | G14: 60 | H14: 5 | I14: 5 | J14: 5 | K14: 5 | L14: 5 | M14: 5 | N14: 5 | O14: 5 | P14: 5 | Q14: 5 | R14: 5 | S14: 5
A15: 3 | B15: Impulsar la simplificación administrativa y otros concurrentes, manteniendo coherencia dentro del Sistema Jurídico Nacional. | C15: 1 | D15: Resolver expedientes y correspondencias de materia administrativa. | E15: 1200 | F15: Informe | G15: 120 | H15: 10 | I15: 10 | J15: 10 | K15: 10 | L15: 10 | M15: 10 | N15: 10 | O15: 10 | P15: 10 | Q15: 10 | R15: 10 | S15: 10
A16: 4 | B16: Mejorar la calidad de los servicios jurídicos que brinda la Municipalidad. | C16: 1 | D16: Coordinar oportunamente con el área correspondiente todo proceso legal que se suscite, especialmente con la procuraduría. | E16: 1500 | F16: Acción | G16: 12 | H16: 1 | I16: 1 | J16: 1 | K16: 1 | L16: 1 | M16: 1 | N16: 1 | O16: 1 | P16: 1 | Q16: 1 | R16: 1 | S16: 1
A17: 5 | B17: Contribuir en el desarrollo de actividades dentro del marco de proyección a la comunidad. | C17: 1 | D17: Proponer y proyectar campañas gratuitas que solucionen contingencias familiares, vecinales y de seguridad. | E17: 500 | F17: Seminario | G17: 3 | K17: 1 | O17: 1 | S17: 1
A18: 6 | B18: Lograr la interrelación y coordinación con las demás Gerencias. | C18: 1 | D18: Programar actividades de carácter jurídico con las áreas de la Municipalidad. | E18: 1000 | F18: Documento | G18: 60 | H18: 5 | I18: 5 | J18: 5 | K18: 5 | L18: 5 | M18: 5 | N18: 5 | O18: 5 | P18: 5 | Q18: 5 | R18: 5 | S18: 5
A19: 7 | B19: Atender los procesos administrativos, policial, fiscal y judiciales, tanto a nivel provincial e interprovincial. | C19: 1 | D19: Realizar diligencias policiales, fiscales y judiciales. | E19: 1000 | F19: Acción | G19: 12 | H19: 1 | I19: 1 | J19: 1 | K19: 1 | L19: 1 | M19: 1 | N19: 1 | O19: 1 | P19: 1 | Q19: 1 | R19: 1 | S19: 1

Sheet Anexo 20
A1: ANEXO 20
A2: FORMATO 01
A3: PLAN OPERATIVO INSTITUCIONAL 2011
A5: Institución | C5: : MUNICIPALIDAD PROVINCIAL DE HUAYLAS - CARAZ
A6: Gerencia y/u Oficina | C6: : Oficina de Planeamiento y Presupuesto
A7: Unidad Orgánica | C7: : | O7: COSTO TOTAL: | P7: =SUM(E13:E35) -> 12000
A8: Objetivo General | C8: : Desarrollar acciones de gestión presupuestaria para garantizar el normal funcionamiento institucional y aplicar enfoques de planificación y coordinación en la municipalidad.
A10: OBJETIVOS ESPECÍFICOS | C10: ACTIVIDADES | E10: COSTO S/. | F10: Meta Física | H10: CRONOGRAMA DE ACTIVIDADES
F11: Unidad de Medida | G11: Can- tidad | H11: I TRIMESTRE | K11: II TRIMESTRE | N11: III TRIMESTRE | Q11: IV TRIMESTRE
H12: Ene | I12: Feb | J12: Mar | K12: Abr | L12: May | M12: Jun | N12: Jul | O12: Ago | P12: Set | Q12: Oct | R12: Nov | S12: Dic
A13: 1 | B13: Realizar asesoramiento y coordinación con los órganos competentes en materia presupuestal, planeamiento, racionalización e inversiones. | C13: 1 | D13: Asesoraramiento a la Alta Dirección, Unidades Orgánicas de la Municipalidad y distritos de la provincia en materia presupuestaria. | E13: 530 | F13: Acción | G13: =SUM(H13:S13) -> 12 | H13: 1 | I13: 1 | J13: 1 | K13: 1 | L13: 1 | M13: 1 | N13: 1 | O13: 1 | P13: 1 | Q13: 1 | R13: 1 | S13: 1
C14: 2 | D14: Coordinación permanentemente con la Gerencia Municipal y la Gerencia de Administración y Finanzas sobre la evaluación del gasto de las metas presupuestarias y los ingresos del Pliego. | E14: 525 | F14: Acción | G14: =SUM(H14:S14) -> 12 | H14: 1 | I14: 1 | J14: 1 | K14: 1 | L14: 1 | M14: 1 | N14: 1 | O14: 1 | P14: 1 | Q14: 1 | R14: 1 | S14: 1
C15: 3 | D15: Coordinación con la Alcaldía y otras Unidades Orgánicas competentes para emitir informes sobre la ejecución presupuestaria de las obras de impacto y el respectivo nivel de endeudamiento. | E15: 465 | F15: Acción | G15: =SUM(H15:S15) -> 12 | H15: 1 | I15: 1 | J15: 1 | K15: 1 | L15: 1 | M15: 1 | N15: 1 | O15: 1 | P15: 1 | Q15: 1 | R15: 1 | S15: 1
C16: 4 | D16: Emisión de informes sobre el proceso y gestión presupuestaria. | E16: 230 | F16: Acción | G16: =SUM(H16:S16) -> 12 | H16: 1 | I16: 1 | J16: 1 | K16: 1 | L16: 1 | M16: 1 | N16: 1 | O16: 1 | P16: 1 | Q16: 1 | R16: 1 | S16: 1
C17: 5 | D17: Coordinación con la Gerencia de Administración y Finanzas para la elaboración de la Directiva de austeridad y Racionalidad del gasto en la Administración Municipal. | E17: 125 | F17: Documento | G17: =SUM(H17:S17) -> 2 | H17: 2
C18: 6 | D18: Coordinación, seguimiento y control de las actividades de planeamiento, racionalización, presupuesto e inversiones. | E18: 538 | F18: Acción | G18: 12 | H18: 1 | I18: 1 | J18: 1 | K18: 1 | L18: 1 | M18: 1 | N18: 1 | O18: 1 | P18: 1 | Q18: 1 | R18: 1 | S18: 1
A19: 2 | B19: Coordinar, participar y realizar actividades resultantes del Presupuesto Participativo. | C19: 1 | D19: Coordinar, participar y realizar el proceso del Presupuesto Participativo para el Año Fiscal 2011. | E19: 1077 | F19: Acción | G19: 12 | H19: 1 | I19: 1 | J19: 1 | K19: 1 | L19: 1 | M19: 1 | N19: 1 | O19: 1 | P19: 1 | Q19: 1 | R19: 1 | S19: 1
C20: 2 | D20: Coordinar, participar y realizar la rendición de cuentas del Presupuesto Participativo del año fiscal 2010. | E20: 923 | F20: Acción | G20: 12 | H20: 1 | I20: 1 | J20: 1 | K20: 1 | L20: 1 | M20: 1 | N20: 1 | O20: 1 | P20: 1 | Q20: 1 | R20: 1 | S20: 1
A21: 3 | B21: Garantizar la programación, formulación, ejecución y evaluación del presupuesto Institucional. | C21: 1 | D21: Evaluación Anual del Presupuesto Institucional del Año Fiscal 2010. | E21: 308 | F21: Documento | G21: =SUM(H21:S21) -> 1 | J21: 1
C22: 2 | D22: Elaborar informes mensuales de control y seguimiento de la ejecución presupuestaria del Año Fiscal 2011. | E22: 308 | F22: Informe | G22: =SUM(H22:S22) -> 12 | H22: 1 | I22: 1 | J22: 1 | K22: 1 | L22: 1 | M22: 1 | N22: 1 | O22: 1 | P22: 1 | Q22: 1 | R22: 1 | S22: 1
C23: 3 | D23: Proponer las modificaciones presupuestales de acuerdo a la normatividad vigente y a la mayor recaudación de ingresos. | E23: 308 | F23: Documento | G23: =SUM(H23:S23) -> 12 | H23: 1 | I23: 1 | J23: 1 | K23: 1 | L23: 1 | M23: 1 | N23: 1 | O23: 1 | P23: 1 | Q23: 1 | R23: 1 | S23: 1
C24: 4 | D24: Realizar las certificaciones presupuestales para el compromiso correspondiente de la Gerencia de Administración Financiera. | E24: 1846 | F24: Documento | G24: =SUM(H24:S24) -> 2200 | H24: 150 | I24: 250 | J24: 150 | K24: 150 | L24: 150 | M24: 250 | N24: 200 | O24: 150 | P24: 150 | Q24: 150 | R24: 200 | S24: 250
C25: 5 | D25: Realizar la evaluación semestral del Presupuesto Institucional del Año Fiscal 2011. | E25: 385 | F25: Documento | G25: =SUM(H25:S25) -> 1 | N25: 1
C26: 6 | D26: Formular el Anteproyecto del Presupuesto del Año Fiscal 2012. | E26: 462 | F26: Documento | G26: 1 | M26: 1
C27: 7 | D27: Programar el Proyecto del Presupuesto del Año Fiscal 2012. | E27: 185 | F27: Documento | G27: =SUM(H27:S27) -> 2 | N27: 1 | R27: 1
C28: 8 | D28: Aprobar el Presupuesto del Año Fiscal 2012. | E28: 77 | F28: Documento | G28: =SUM(H28:S28) -> 1 | S28: 1
A29: 4 | B29: Brindar asesoramiento a las Gerencias, Oficinas y Unidades en la actualización, formulación y evaluación de los documento de gestión. | C29: 1 | D29: Actualización y evaluación de los documentos de gestión (MOF, ROF, TUPA, CAP, MAPRO). | E29: 769 | F29: Documento | G29: 5 | J29: 1 | K29: 3 | M29: 1
C30: 2 | D30: Formulación del POI 2011, de manera coordinada con las Gerencias, Oficinas y Unidades Orgánicas. | E30: 230 | F30: Documento | G30: 1 | J30: 1
C31: 3 | D31: Evaluar el avance y cumplimiento del POI 2011. | E31: 370 | F31: Documento | G31: 1 | N31: 1
A32: 5 | B32: Mantener actualizado el marco normativo y técnico para el cumplimiento de los procedimientos administrativos del Gobierno Municipal. | C32: 1 | D32: Elaboración y aprobación de Directivas, instructivos, formatos y otros. | E32: 338 | F32: Acción | G32: 12 | H32: 1 | I32: 1 | J32: 1 | K32: 1 | L32: 1 | M32: 1 | N32: 1 | O32: 1 | P32: 1 | Q32: 1 | R32: 1 | S32: 1
C33: 2 | D33: Seguimiento y control de la aplicación de las directivas y normas aprobadas. | E33: 769 | F33: Acción | G33: =SUM(H33:S33) -> 12 | H33: 1 | I33: 1 | J33: 1 | K33: 1 | L33: 1 | M33: 1 | N33: 1 | O33: 1 | P33: 1 | Q33: 1 | R33: 1 | S33: 1
A34: 6 | B34: Formular el Informe de Gestión 2010 de manera coordinada con las Gerencias, Oficinas y Unidades Orgánicas. | C34: 1 | D34: Consolidar los Informes de Gestión de las Gerencias, Oficinas y Unidades. | E34: 462 | F34: Documento | G34: =SUM(H34:S34) -> 1 | H34: 1
C35: 2 | D35: Formular el Informe de Gestión Municipal del Año Fiscal 2010. | E35: 770 | F35: Documento | G35: =SUM(H35:S35) -> 1 | I35: 1

Sheet Anexo 21
A1: ANEXO 21
A2: FORMATO 01
A3: PLAN OPERATIVO INSTITUCIONAL 2011
A5: Institución | C5: : MUNICIPALIDAD PROVINCIAL DE HUAYLAS - CARAZ
A6: Gerencia y/u Oficina | C6: : Oficina de Planeamiento y Presupuesto
A7: Unidad Orgánica | C7: : Oficina de Proyectos de Inversión | O7: COSTO TOTAL: | P7: =SUM(E13:E31) -> 3600
A8: Objetivo General | C8: : Evaluar y viabilizar con una eficiente administración los proyectos de inversión pública.
A10: OBJETIVOS ESPECÍFICOS | C10: ACTIVIDADES | E10: COSTO S/. | F10: Meta Física | H10: CRONOGRAMA DE ACTIVIDADES
F11: Unidad de Medida | G11: Can- tidad | H11: I TRIMESTRE | K11: II TRIMESTRE | N11: III TRIMESTRE | Q11: IV TRIMESTRE
H12: Ene | I12: Feb | J12: Mar | K12: Abr | L12: May | M12: Jun | N12: Jul | O12: Ago | P12: Set | Q12: Oct | R12: Nov | S12: Dic
A13: 1 | B13: Formular los documentos de gestión de la Oficina de Programación de las Inversiones. | C13: 1 | D13: Formulación del Plan Multianual del Programa de Inversión Pública - PMIP. | E13: 35 | F13: Plan | G13: =SUM(H13:S13) -> 1 | H13: 1
C14: 2 | D14: Formulación de las directivas internas. | E14: 70 | F14: Acción | G14: =SUM(H14:S14) -> 4 | H14: 1 | K14: 1 | N14: 1 | Q14: 1
A15: 2 | B15: Desarrollar acciones administrativas relacionadas a los Proyectos de Inversión Pública. | C15: 1 | D15: Actualizada permanente de la información registrada en el banco de proyectos. | E15: 40 | F15: Acción | G15: 12 | H15: 1 | I15: 1 | J15: 1 | K15: 1 | L15: 1 | M15: 1 | N15: 1 | O15: 1 | P15: 1 | Q15: 1 | R15: 1 | S15: 1
C16: 2 | D16: Actualización, registro y cancelación del registro de las UF. | E16: 40 | F16: Acción | G16: =SUM(H16:S16) -> 12 | H16: 1 | I16: 1 | J16: 1 | K16: 1 | L16: 1 | M16: 1 | N16: 1 | O16: 1 | P16: 1 | Q16: 1 | R16: 1 | S16: 1
C17: 3 | D17: Formulación de los términos de referencia para la elaboración de un estudio a nivel de Perfil superior a 30 UIT. | E17: 35 | F17: Acción | G17: =SUM(H17:S17) -> 4 | H17: 1 | K17: 1 | N17: 1 | Q17: 1
C18: 4 | D18: Informes al DGPM sobre proyectos de Inversión viabilizados. | E18: 40 | F18: Documento | G18: =SUM(H18:S18) -> 84 | H18: 7 | I18: 7 | J18: 7 | K18: 7 | L18: 7 | M18: 7 | N18: 7 | O18: 7 | P18: 7 | Q18: 7 | R18: 7 | S18: 7
C19: 5 | D19: Emitir opinión técnica sobre PIP en cualquier fase de inversión. | E19: 40 | F19: Acción | G19: =SUM(H19:S19) -> 12 | H19: 1 | I19: 1 | J19: 1 | K19: 1 | L19: 1 | M19: 1 | N19: 1 | O19: 1 | P19: 1 | Q19: 1 | R19: 1 | S19: 1
C20: 6 | D20: Opinión favorable sobre cualquier solicitud de modificación de la información de un estudio o registro de un PIP en el banco de proyectos. | E20: 40 | F20: Acción | G20: =SUM(H20:S20) -> 12 | H20: 1 | I20: 1 | J20: 1 | K20: 1 | L20: 1 | M20: 1 | N20: 1 | O20: 1 | P20: 1 | Q20: 1 | R20: 1 | S20: 1
C21: 7 | D21: Opinión favorable sobre expediente técnico o estudio definitivo y sus modificaciones como requisito para la aprobación por el órgano competente. | E21: 80 | F21: Acción | G21: =SUM(H21:S21) -> 12 | H21: 1 | I21: 1 | J21: 1 | K21: 1 | L21: 1 | M21: 1 | N21: 1 | O21: 1 | P21: 1 | Q21: 1 | R21: 1 | S21: 1
C22: 8 | D22: Gestión y seguimiento de los proyectos en trámite en otras instituciones. | E22: 110 | F22: Acción | G22: =SUM(H22:S22) -> 12 | H22: 1 | I22: 1 | J22: 1 | K22: 1 | L22: 1 | M22: 1 | N22: 1 | O22: 1 | P22: 1 | Q22: 1 | R22: 1 | S22: 1
A23: 3 | B23: Promover la capacitación y actualización del personal de la oficina. | C23: 1 | D23: Capacitación del Personal de la oficina. | E23: 115 | F23: Curso | G23: =SUM(H23:S23) -> 4 | H23: 1 | K23: 1 | N23: 1 | Q23: 1
A24: 4 | B24: Realizar la evaluación de los estudios de pre inversión y declarar la viabilidad. | C24: 1 | D24: Evaluación de los estudios de pre inversión. | E24: 1950 | F24: Expediente | G24: =SUM(H24:S24) -> 84 | H24: 7 | I24: 7 | J24: 7 | K24: 7 | L24: 7 | M24: 7 | N24: 7 | O24: 7 | P24: 7 | Q24: 7 | R24: 7 | S24: 7
C25: 2 | D25: Activación y desactivación de los PIP. | E25: 40 | F25: Acción | G25: =SUM(H25:S25) -> 12 | H25: 1 | I25: 1 | J25: 1 | K25: 1 | L25: 1 | M25: 1 | N25: 1 | O25: 1 | P25: 1 | Q25: 1 | R25: 1 | S25: 1
C26: 3 | D26: Rechazar los PIP. | E26: 15 | F26: Acción | G26: =SUM(H26:S26) -> 12 | H26: 1 | I26: 1 | J26: 1 | K26: 1 | L26: 1 | M26: 1 | N26: 1 | O26: 1 | P26: 1 | Q26: 1 | R26: 1 | S26: 1
C27: 4 | D27: Solicitar el retiro de la vialidad del PIP. | E27: 125 | F27: Acción | G27: =SUM(H27:S27) -> 12 | H27: 1 | I27: 1 | J27: 1 | K27: 1 | L27: 1 | M27: 1 | N27: 1 | O27: 1 | P27: 1 | Q27: 1 | R27: 1 | S27: 1
C28: 5 | D28: Solicitar la verificación de la vialidad de los PIP. | E28: 80 | F28: Acción | G28: =SUM(H28:S28) -> 12 | H28: 1 | I28: 1 | J28: 1 | K28: 1 | L28: 1 | M28: 1 | N28: 1 | O28: 1 | P28: 1 | Q28: 1 | R28: 1 | S28: 1
C29: 6 | D29: Declarar la viabilidad de los PIP por programas de inversión distintas a las operaciones de endeudamiento. | E29: 290 | F29: Documento | G29: =SUM(H29:S29) -> 84 | H29: 7 | I29: 7 | J29: 7 | K29: 7 | L29: 7 | M29: 7 | N29: 7 | O29: 7 | P29: 7 | Q29: 7 | R29: 7 | S29: 7
A30: 5 | B30: Realizar el seguimiento de los proyectos de inversión. | C30: 1 | D30: Seguimiento de los Proyectos en la fase de Inversión. | E30: 290 | F30: Acción | G30: 12 | H30: 1 | I30: 1 | J30: 1 | K30: 1 | L30: 1 | M30: 1 | N30: 1 | O30: 1 | P30: 1 | Q30: 1 | R30: 1 | S30: 1
C31: 2 | D31: Cierre de PIP. | E31: 165 | F31: Acción | G31: =SUM(H31:S31) -> 84 | H31: 7 | I31: 7 | J31: 7 | K31: 7 | L31: 7 | M31: 7 | N31: 7 | O31: 7 | P31: 7 | Q31: 7 | R31: 7 | S31: 7

Sheet Anexo 22
A1: ANEXO 22
A2: FORMATO 01
A3: PLAN OPERATIVO INSTITUCIONAL 2011
A5: Institución | C5: : MUNICIPALIDAD PROVINCIAL DE HUAYLAS - CARAZ
A6: Gerencia y/u Oficina | C6: : Gerencia de Desarrollo Urbano y Rural
A7: Unidad Orgánica | C7: : | O7: COSTO TOTAL: | P7: =SUM(E13:E14) -> 6000
A8: Objetivo General | C8: : Implementar el desarrollo urbano y rural, en atención al plan de desarrollo concertado, trazando los lineamientos a través de herramientas de gestión en conjunto con las unidades de línea.
A10: OBJETIVOS ESPECÍFICOS | C10: ACTIVIDADES | E10: COSTO S/. | F10: Meta Física | H10: CRONOGRAMA DE ACTIVIDADES
F11: Unidad de Medida | G11: Can- tidad | H11: I TRIMESTRE | K11: II TRIMESTRE | N11: III TRIMESTRE | Q11: IV TRIMESTRE
H12: Ene | I12: Feb | J12: Mar | K12: Abr | L12: May | M12: Jun | N12: Jul | O12: Ago | P12: Set | Q12: Oct | R12: Nov | S12: Dic
A13: 1 | B13: Capacitación del personal de la Gerencia de Desarrollo Urbano y Rural. | C13: 1 | D13: Participación del personal en cursos, seminarios y talleres. | E13: 2000 | F13: Salidas | G13: 4 | K13: 1 | N13: 1 | O13: 1 | R13: 1
A14: 2 | B14: Realizar labores de coordinación interinstitucional con aquellas involucradas (Ministerios, Región Ancash, Construyendo Perú y otros). | C14: 1 | D14: Coordinación con entidades que financian o cofinancian los proyectos gestionados por la entidad. | E14: 4000 | F14: Acción | G14: =SUM(H14:S14) -> 12 | J14: 1 | K14: 1 | L14: 1 | M14: 2 | N14: 1 | O14: 1 | P14: 1 | Q14: 1 | R14: 2 | S14: 1

Sheet Anexo 23
A1: ANEXO 23
A2: FORMATO 01
A3: PLAN OPERATIVO INSTITUCIONAL 2011
A5: Institución | C5: : MUNICIPALIDAD PROVINCIAL DE HUAYLAS - CARAZ
A6: Gerencia y/u Oficina | C6: : Gerencia de Desarrollo Urbano y Rural
A7: Unidad Orgánica | C7: : Unidad de Estudios y Proyectos | O7: COSTO TOTAL: | P7: =SUM(E13:E15) -> 2400
A8: Objetivo General | C8: : Formular y elaborar los estudios y/o proyectos de inversión pública tendientes a brindar un mejor servicio a la comunidad.
A10: OBJETIVOS ESPECÍFICOS | C10: ACTIVIDADES | E10: COSTO S/. | F10: Meta Física | H10: CRONOGRAMA DE ACTIVIDADES
F11: Unidad de Medida | G11: Can- tidad | H11: I TRIMESTRE | K11: II TRIMESTRE | N11: III TRIMESTRE | Q11: IV TRIMESTRE
H12: Ene | I12: Feb | J12: Mar | K12: Abr | L12: May | M12: Jun | N12: Jul | O12: Ago | P12: Set | Q12: Oct | R12: Nov | S12: Dic
A13: 1 | B13: Gestionar proyectos para su ejecución ante las Instituciones Públicas y Privadas. | C13: 1 | D13: Coordinación con entidades que financian o cofinancian proyectos. | E13: 1000 | F13: Salida | G13: 5 | J13: 1 | L13: 1 | N13: 1 | P13: 1 | R13: 1
A14: 2 | B14: Fortalecer la Capacidad Operativa del Personal de la Unidad de Estudios y Proyectos. | C14: 1 | D14: Participación del personal en cursos, seminarios y talleres. | E14: 200 | F14: Salida | G14: 1 | M14: 1
C15: 2 | D15: Ejecución de talleres y eventos de capacitación e información. | E15: 1200 | F15: Salida | G15: 1 | K15: 1

Sheet Anexo 24
A1: ANEXO 24
A2: FORMATO 01
A3: PLAN OPERATIVO INSTITUCIONAL 2011
A5: Institución | C5: : MUNICIPALIDAD PROVINCIAL DE HUAYLAS - CARAZ
A6: Gerencia y/u Oficina | C6: : Gerencia de Desarrollo Urbano y Rural
A7: Unidad Orgánica | C7: : Unidad de Obras y Liquidaciones | O7: COSTO TOTAL: | P7: =SUM(E13:E14) -> 2400
A8: Objetivo General | C8: : Mejorar la infraestructura urbana, en atención al desarrollo socio económico, proceso participativo, a través de la elaboración, selección, ejecución, evaluación, recepción y liquidación de los proyectos de obras ejecutadas.
A10: OBJETIVOS ESPECÍFICOS | C10: ACTIVIDADES | E10: COSTO S/. | F10: Meta Física | H10: CRONOGRAMA DE ACTIVIDADES
F11: Unidad de Medida | G11: Can- tidad | H11: I TRIMESTRE | K11: II TRIMESTRE | N11: III TRIMESTRE | Q11: IV TRIMESTRE
H12: Ene | I12: Feb | J12: Mar | K12: Abr | L12: May | M12: Jun | N12: Jul | O12: Ago | P12: Set | Q12: Oct | R12: Nov | S12: Dic
A13: 1 | B13: Capacitación del personal de la Unidad de obras y liquidaciones. | C13: 1 | D13: Participación del personal en cursos, seminarios y talleres. | E13: 1000 | F13: Salidas | G13: 2 | M13: 1 | Q13: 1
A14: 2 | B14: Realizar labores de coordinación interinstitucional con aquellas involucradas (Ministerios, Región Ancash, Construyendo Perú, etc.). | C14: 1 | D14: Coordinación con entidades que financien o cofinancien los proyectos gestionados por la entidad. | E14: 1400 | F14: Salidas | G14: 9 | K14: 1 | L14: 1 | M14: 1 | N14: 1 | O14: 1 | P14: 1 | Q14: 1 | R14: 1 | S14: 1

Sheet Anexo 25
A1: ANEXO 25
A2: FORMATO 01
A3: PLAN OPERATIVO INSTITUCIONAL 2011
A5: Institución | C5: : MUNICIPALIDAD PROVINCIAL DE HUAYLAS - CARAZ
A6: Gerencia y/u Oficina | C6: : Gerencia de Desarrollo Urbano y Rural
A7: Unidad Orgánica | C7: : Unidad de Catastro, Expansión Urbana e Inmobiliaria | O7: COSTO TOTAL: | P7: =SUM(E13:E28) -> 9600
A8: Objetivo General | C8: : Fomentar y fortalecer el Desarrollo Urbano y Rural de la Ciudad de Caraz.
A10: OBJETIVOS ESPECÍFICOS | C10: ACTIVIDADES | E10: COSTO S/. | F10: Meta Física | H10: CRONOGRAMA DE ACTIVIDADES
F11: Unidad de Medida | G11: Can- tidad | H11: I TRIMESTRE | K11: II TRIMESTRE | N11: III TRIMESTRE | Q11: IV TRIMESTRE
H12: Ene | I12: Feb | J12: Mar | K12: Abr | L12: May | M12: Jun | N12: Jul | O12: Ago | P12: Set | Q12: Oct | R12: Nov | S12: Dic
A13: 1 | B13: Fomentar el desarrollo de proyectos planificados, dentro del marco legal. | C13: 1 | D13: Otorgamiento de certificados de zonificación y vías de cambios de uso. | E13: 500 | F13: Certificado | G13: 12 | H13: 1 | I13: 1 | J13: 1 | K13: 1 | L13: 1 | M13: 1 | N13: 1 | O13: 1 | P13: 1 | Q13: 1 | R13: 1 | S13: 1
C14: 2 | D14: Otorgamiento de licencias para proyectos de habilitaciones urbanas. | E14: 500 | F14: Licencia | G14: 4 | J14: 1 | M14: 1 | P14: 1 | S14: 1
C15: 3 | D15: Otorgamiento de certificado de parámetros urbanísticos y edificaciones, alineamientos municipales y numeración del Inmueble con su respectiva placa. | E15: 1250 | F15: certificado | G15: 60 | H15: 5 | I15: 5 | J15: 5 | K15: 5 | L15: 5 | M15: 5 | N15: 5 | O15: 5 | P15: 5 | Q15: 5 | R15: 5 | S15: 5
C16: 4 | D16: Otorgamiento de licencias para obras nuevas, ampliaciones, refacciones, acondicionamientos, remodelaciones y demoliciones. | E16: 1250 | F16: Licencia | G16: 12 | H16: 1 | I16: 1 | J16: 1 | K16: 1 | L16: 1 | M16: 1 | N16: 1 | O16: 1 | P16: 1 | Q16: 1 | R16: 1 | S16: 1
A17: 2 | B17: Regularizar y sanear física y legalmente los predios en la ciudad de Caraz. | C17: 1 | D17: Otorgamiento de certificados de habitabilidad. | E17: 300 | F17: Certificado | G17: 10 | I17: 1 | J17: 1 | K17: 1 | L17: 1 | M17: 1 | N17: 1 | O17: 1 | P17: 1 | Q17: 1 | R17: 1
C18: 2 | D18: Otorgamiento de constancias de posesión. | E18: 600 | F18: Constancia | G18: 150 | H18: 20 | I18: 20 | J18: 20 | K18: 10 | L18: 10 | M18: 10 | N18: 10 | O18: 10 | P18: 10 | Q18: 10 | R18: 10 | S18: 10
C19: 3 | D19: Actualizaciones y expedición de títulos de propiedad de las urbanizaciones Santa Rosa y Las Palmeras. | E19: 300 | F19: Título | G19: 10 | I19: 1 | J19: 1 | K19: 1 | L19: 1 | M19: 1 | N19: 1 | O19: 1 | P19: 1 | Q19: 1 | R19: 1
A20: 3 | B20: Planificar y zonificar los usos de suelo de la ciudad de Caraz, para un mejor ordenamiento. | C20: 1 | D20: Otorgamiento de certificados de compatibilidad de uso, conforme para licencias de funcionamiento. | E20: 500 | F20: Certificado | G20: 12 | H20: 1 | I20: 1 | J20: 1 | K20: 1 | L20: 1 | M20: 1 | N20: 1 | O20: 1 | P20: 1 | Q20: 1 | R20: 1 | S20: 1
C21: 2 | D21: Otorgamiento de certificados de cambio de uso y zonificación. | E21: 500 | F21: Certificado | G21: 10 | I21: 1 | J21: 1 | K21: 1 | L21: 1 | M21: 1 | N21: 1 | O21: 1 | P21: 1 | Q21: 1 | R21: 1
A22: 4 | B22: Regularizar el saneamiento físico legal a registrar en otras entidades públicas. | C22: 1 | D22: Informe técnico y visaciones de planos para declaratoria de fábrica. | E22: 750 | F22: Visación | G22: 5 | J22: 1 | K22: 1 | L22: 1 | Q22: 1 | R22: 1
C23: 2 | D23: Informe técnico y visaciones de planos para sub división de lotes e independizaciones. | E23: 750 | F23: Visación | G23: 12 | H23: 1 | I23: 1 | J23: 1 | K23: 1 | L23: 1 | M23: 1 | N23: 1 | O23: 1 | P23: 1 | Q23: 1 | R23: 1 | S23: 1
C24: 3 | D24: Saneamiento de propiedades municipales. | E24: 500 | F24: Expediente | G24: 8 | J24: 1 | K24: 1 | L24: 1 | M24: 1 | N24: 1 | O24: 1 | P24: 1 | Q24: 1
A25: 5 | B25: Otorgar documentos de certificación. | C25: 1 | D25: Otorgamiento de certificados domiciliarios. | E25: 900 | F25: Certificado | G25: 24 | H25: 2 | I25: 2 | J25: 2 | K25: 2 | L25: 2 | M25: 2 | N25: 2 | O25: 2 | P25: 2 | Q25: 2 | R25: 2 | S25: 2
C26: 2 | D26: Otorgamiento de certificados de jurisdicción. | E26: 100 | F26: Certificado | G26: 2 | N26: 1 | S26: 1
A27: 6 | B27: Fortalecimiento de la capacidad del personal para una mejor atención al usuario. | C27: 1 | D27: Capacitaciones sobre el manejo y lectura de estación total. | E27: 450 | F27: Capacitación | G27: 2 | J27: 1 | O27: 1
C28: 2 | D28: Capacitaciones sobre planificación urbana y ordenamiento territorial. | E28: 450 | F28: Capacitación | G28: 2 | J28: 1 | O28: 1

Sheet Anexo 26
A1: ANEXO 26
A2: FORMATO 01
A3: PLAN OPERATIVO INSTITUCIONAL 2011
A5: Institución | C5: : MUNICIPALIDAD PROVINCIAL DE HUAYLAS - CARAZ
A6: Gerencia y/u Oficina | C6: : Gerencia de Desarrollo Urbano y Rural
A7: Unidad Orgánica | C7: : Unidad de Equipo y Maquinaria | O7: COSTO TOTAL: | P7: =SUM(E13:E28) -> 64500
A8: Objetivo General | C8: : Brindar el mejor de los servicios mediante sus unidades de maquinaria pesada en primer lugar a las diversas obras que la municipalidad ejecuta mediante administración directa y brindar apoyo a las instituciones públicas mediante convenio y/o alquiler y con las instituciones jurídicas o naturales mediante contrato
A10: OBJETIVOS ESPECÍFICOS | C10: ACTIVIDADES | E10: COSTO S/. | F10: Meta Física | H10: CRONOGRAMA DE ACTIVIDADES
F11: Unidad de Medida | G11: Can- tidad | H11: I TRIMESTRE | K11: II TRIMESTRE | N11: III TRIMESTRE | Q11: IV TRIMESTRE
H12: Ene | I12: Feb | J12: Mar | K12: Abr | L12: May | M12: Jun | N12: Jul | O12: Ago | P12: Set | Q12: Oct | R12: Nov | S12: Dic
A13: 1 | B13: Mantener en funcionamiento la maquinaria. | C13: 1 | D13: Suministro de combustible camioneta TOYOTA PGQ 835. | E13: 32000 | F13: Suministro | G13: 12 | H13: 1 | I13: 1 | J13: 1 | K13: 1 | L13: 1 | M13: 1 | N13: 1 | O13: 1 | P13: 1 | Q13: 1 | R13: 1 | S13: 1
A14: 2 | B14: Garantizar la disponibilidad y rendimiento de la unidad vehicular. | C14: 1 | D14: Mantenimiento preventivo de la camioneta TOYOTA PGQ 835. | E14: 1200 | F14: Mantenimiento | G14: 6 | H14: 1 | J14: 1 | L14: 1 | N14: 1 | P14: 1 | R14: 1
A15: 3 | B15: Mantener en buen estado el CF 938 G y vehículos de limpieza pública, camión, volquete HINO EGB-935/EGB 917. | C15: 1 | D15: Mantenimiento para el buen funcionamiento del compactador HINO. | E15: 4500 | F15: Mantenimiento | G15: 6 | H15: 1 | J15: 1 | L15: 1 | N15: 1 | P15: 1 | R15: 1
C16: 2 | D16: Mantenimiento para el buen funcionamiento del compactador NISSAN. | E16: 4000 | F16: Mantenimiento | G16: 6 | H16: 1 | J16: 1 | L16: 1 | N16: 1 | P16: 1 | R16: 1
C17: 3 | D17: Mantenimiento para el buen funcionamiento del Volquete NISSAN. | E17: 4000 | F17: Mantenimiento | G17: 6 | H17: 1 | J17: 1 | L17: 1 | N17: 1 | P17: 1 | R17: 1
C18: 4 | D18: Mantenimiento para el buen funcionamiento del camión cisterna. | E18: 2000 | F18: Mantenimiento | G18: 2 | H18: 1 | N18: 1
C19: 5 | D19: Mantenimiento Volquete HINO EGB-917 | E19: 3000 | F19: Mantenimiento | G19: 4 | H19: 1 | K19: 1 | N19: 1 | Q19: 1
C20: 6 | D20: Mantenimiento Volquete HINO EGB-935 | E20: 3000 | F20: Mantenimiento | G20: 4 | H20: 1 | K20: 1 | N20: 1 | Q20: 1
C21: 7 | D21: Mantenimiento Cargador Frontal 938G-CAT. | E21: 5800 | F21: Mantenimiento | G21: 2 | J21: 1 | N21: 1
A22: 4 | B22: Garantizar que las Unidades cuenten con sus respectivos seguros. | C22: 1 | D22: SOAT camioneta TOYOTA PGQ 835 | E22: 500 | F22: Seguro | G22: 1 | I22: 1
C23: 2 | D23: SOAT camioneta TOYOTA PE 6598 | E23: 500 | F23: Seguro | G23: 1 | I23: 1
C24: 3 | D24: SOAT camión cisterna NISSAN | E24: 800 | F24: Seguro | G24: 1 | I24: 1
C25: 4 | D25: SOAT camión volquete NISSAN | E25: 800 | F25: Seguro | G25: 1 | I25: 1
C26: 5 | D26: SOAT camión Volquete HINO EGB - 935 | E26: 800 | F26: Seguro | G26: 1 | I26: 1
C27: 6 | D27: SOAT camión Volquete HINO EGB - 917 | E27: 800 | F27: Seguro | G27: 1 | I27: 1
C28: 7 | D28: SOAT camión compactador HINO | E28: 800 | F28: Seguro | G28: 1 | I28: 1

Sheet Anexo 27
A1: ANEXO 27
A2: FORMATO 01
A3: PLAN OPERATIVO INSTITUCIONAL 2011
A5: Institución | C5: : MUNICIPALIDAD PROVINCIAL DE HUAYLAS - CARAZ
A6: Gerencia y/u Oficina | C6: : Gerencia de Desarrollo Urbano y Rural
A7: Unidad Orgánica | C7: : Unidad de Defensa Civil | O7: COSTO TOTAL: | P7: =SUM(E13:E22) -> 48000
A8: Objetivo General | C8: : Fomentar una cultura de prevención en la Provincia de Huaylas Garantizando su sostenibilidad.
A10: OBJETIVOS ESPECÍFICOS | C10: ACTIVIDADES | E10: COSTO S/. | F10: Meta Física | H10: CRONOGRAMA DE ACTIVIDADES
F11: Unidad de Medida | G11: Can- tidad | H11: I TRIMESTRE | K11: II TRIMESTRE | N11: III TRIMESTRE | Q11: IV TRIMESTRE
H12: Ene | I12: Feb | J12: Mar | K12: Abr | L12: May | M12: Jun | N12: Jul | O12: Ago | P12: Set | Q12: Oct | R12: Nov | S12: Dic
A13: 1 | B13: Desarrollar una cultura de prevención ante cualquier desastre, con el manteniendo debido de los accesos y conservación de canales de regadío. | C13: 1 | D13: Desarrollar programas de seguridad en los diferentes barrios de la Ciudad. | E13: 5000 | F13: Acción | G13: 2 | K13: 1 | P13: 1
C14: 2 | D14: Realizar planes de prevención de desastres en zonas vulnerables. | E14: 5000 | F14: Plan | G14: 3 | J14: 1 | L14: 1 | O14: 1
C15: 3 | D15: Mantenimiento de carreteras y otras contingencias por emergencias (combustible). | E15: 6000 | F15: Galón | G15: 4 | I15: 1 | J15: 1 | R15: 1 | S15: 1
C16: 4 | D16: Obras por emergencia, reconstrucción y limpieza de canales. | E16: 10000 | F16: Acción | G16: 4 | J16: 1 | K16: 1 | L16: 1 | M16: 1
C17: 5 | D17: Implementación y arborización de zonas con riesgo de deslizamientos. | E17: 5000 | F17: Acción | G17: 3 | M17: 1 | Q17: 1 | S17: 1
A18: 2 | B18: Conservar locales e instituciones públicas seguras ante eventos catastróficos y asegurar la calidad de vida de los pobladores de la zona urbana. | C18: 1 | D18: Implementación en seguridad del local de la Municipalidad Provincial de Huaylas. | E18: 5000 | F18: Acción | G18: 2 | I18: 1 | N18: 1
C19: 2 | D19: Elaboración de programas y talleres para Brigadistas. | E19: 2500 | F19: Taller | G19: 3 | L19: 1 | O19: 1 | Q19: 1
C20: 3 | D20: Talleres de capacitación a Colegios, Comité Provincial de Defensa Civil e Instituciones. | E20: 2500 | F20: Taller | G20: 2 | K20: 1 | N20: 1
C21: 4 | D21: Implementación de la Unidad de Defensa Civil. | E21: 6400 | F21: Acción | G21: 4 | K21: 1 | N21: 1 | P21: 1 | R21: 1
C22: 5 | D22: Capacitación al personal de la unidad. | E22: 600 | F22: Curso | G22: 3 | L22: 1 | N22: 1 | Q22: 1

Sheet Anexo 28
A1: ANEXO 28
A2: FORMATO 01
A3: PLAN OPERATIVO INSTITUCIONAL 2011
A5: Institución | C5: : MUNICIPALIDAD PROVINCIAL DE HUAYLAS - CARAZ
A6: Gerencia y/u Oficina | C6: : Gerencia de Servicios a la Ciudad y Medio Ambiente
A7: Unidad Orgánica | C7: : | O7: COSTO TOTAL: | P7: =SUM(E13:E33) -> 12000
A8: Objetivo General | C8: : Lograr que la conduccion y gestión del sistema operativo de la Gerencia, refleje la imagen y carta de presentación de nuestra ciudad capital y sea un referente para los demás distritos que integran la provincia.
A10: OBJETIVOS ESPECÍFICOS | C10: ACTIVIDADES | E10: COSTO S/. | F10: Meta Física | H10: CRONOGRAMA DE ACTIVIDADES
F11: Unidad de Medida | G11: Can- tidad | H11: I TRIMESTRE | K11: II TRIMESTRE | N11: III TRIMESTRE | Q11: IV TRIMESTRE
H12: Ene | I12: Feb | J12: Mar | K12: Abr | L12: May | M12: Jun | N12: Jul | O12: Ago | P12: Set | Q12: Oct | R12: Nov | S12: Dic
A13: 1 | B13: Participar en la celebración del "Día Internacional del Agua" . | C13: 1 | D13: Diseño, aprobación y difusión. | E13: 100 | F13: Programa | G13: 1 | J13: 1
C14: 2 | D14: Ejecución del programa de celebración del "Día Internacional del Agua". | E14: 200 | F14: Evento | G14: 1
A15: 2 | B15: Cumplir con la merced conductiva del alquiler del local de la gerencia. | C15: 1 | D15: Emitir y tramitar la cancelación del requerimiento. | E15: 2550 | F15: Requerimiento | G15: 3 | H15: 1 | I15: 1 | J15: 1
A16: 3 | B16: Promover Campaña de Sensibilización "Caraz te Quiero Limpia y Segura". | C16: 1 | D16: Diseño y difusión. | E16: 200 | F16: Programa | G16: 1 | K16: 1
C17: 2 | D17: Ejecución del programa de sensibilización. | E17: 1200 | F17: Campaña | G17: 4 | K17: 1 | N17: 1 | P17: 1 | S17: 1
A18: 4 | B18: Realizar campañas cívicas de limpieza y ornato. | C18: 1 | D18: Diseño y difusión. | E18: 100 | F18: Plan | G18: 1 | J18: 1
C19: 2 | D19: Ejecución de las campañas cívicas de limpieza y ornato. | E19: 1200 | F19: Campaña | G19: 2 | K19: 1 | O19: 1
A20: 5 | B20: Realizar campañas de eliminación de desmonte. | C20: 1 | D20: Diseño y difusión. | E20: 100 | F20: Plan | G20: 1 | K20: 1
C21: 2 | D21: Ejecución de las campañas cívicas de eliminación de desmonte. | E21: 600 | F21: Campaña | G21: 2 | L21: 1 | Q21: 1
A22: 6 | B22: Atender requerimientos de información de las instituciones rectoras y/o participación en reuniones de trabajo y coordinación. Ministerio del Medio Ambiente, Ministerio de Salud, Ministerio de Transportes y Comunicaciones, Gobierno Regional, SEÑASA, Defensoría del Pueblo. | C22: 1 | D22: Atención a las convocatorias. | E22: 800 | F22: Convocatoria | G22: 4 | J22: 1 | L22: 1 | N22: 1 | P22: 1 | S22: 1
C23: 2 | D23: Elaboración de Informes. | E23: 100 | F23: Informes | G23: 5 | J23: 1 | L23: 1 | N23: 1 | P23: 1 | R23: 1
A24: 7 | B24: Promover operativos de transportes en fechas cívicas. | C24: 1 | D24: Coordinación y ejecución del operativo. | E24: 1000 | F24: Operativos | G24: 4 | J24: 1 | L24: 1 | O24: 1 | R24: 1
A25: 8 | B25: Promover la implementación de la planta de revisión técnica para vehículos. | C25: 1 | D25: Coordinación para la elaboración del perfil y determinación de la modalidad. | E25: 200 | F25: Expediente | G25: 1 | K25: 1
C26: 2 | D26: Ejecución, coordinación para la planta de revisión técnica de vehículos menores. | E26: 500 | F26: Planta | G26: 1 | O26: 1
A27: 9 | B27: Implementar el centro de capacitación y examen para el otorgamiento de licencias de conducir para vehículos menores: manejo, psicosomático, reglamento de tránsito y relaciones humanas. | C27: 1 | D27: Diseño del perfil y determinación de la modalidad. | E27: 200 | F27: Expediente | G27: 1 | K27: 1
C28: 2 | D28: Ejecución del centro de capacitación y exámenes para licencia de conducir. | E28: 500 | F28: Centro de capacitación | G28: 1 | L28: 1
A29: 10 | B29: Promover el fortalecimiento cognitivo y actitudinal del personal. | C29: 1 | D29: Definición de las necesidades del personal. | E29: 100 | F29: Documento | G29: 4 | L29: 1 | N29: 1 | P29: 1 | Q29: 1
C30: 2 | D30: Determinación y ejecución del curso o programa. | E30: 500 | F30: Taller | G30: 4 | L30: 1 | N30: 1 | P30: 1 | Q30: 1
A31: 11 | B31: Participar en la celebración del "Día Mundial del Medio Ambiente". | C31: 1 | D31: Diseño, aprobación y difusión. | E31: 200 | F31: Plan | G31: 1 | M31: 1
C32: 2 | D32: Ejecución del programa de celebración del "Día Mundial del Medio Ambiente". | E32: 600 | F32: Evento | G32: 1 | M32: 1
A33: 12 | B33: Elaborar el documento de gestión ambiental. | C33: 1 | D33: Actualización del PIGARS. | E33: 1050 | F33: Documento | G33: 1 | P33: 1

Sheet Anexo 29
A1: ANEXO 29
A2: FORMATO 01
A3: PLAN OPERATIVO INSTITUCIONAL 2011
A5: Institución | C5: : MUNICIPALIDAD PROVINCIAL DE HUAYLAS - CARAZ
A6: Gerencia y/u Oficina | C6: : Gerencia Municipal
A7: Unidad Orgánica | C7: : Unidad de Seguridad Ciudadana y Policía Municipal | O7: COSTO TOTAL: | P7: =SUM(E13:E36) -> 9600
A8: Objetivo General | C8: : Integrar a las Autoridades y a la Sociedad Organizada en la Seguridad Ciudadana.
A10: OBJETIVOS ESPECÍFICOS | C10: ACTIVIDADES | E10: COSTO S/. | F10: Meta Física | H10: CRONOGRAMA DE ACTIVIDADES
F11: Unidad de Medida | G11: Can- tidad | H11: I TRIMESTRE | K11: II TRIMESTRE | N11: III TRIMESTRE | Q11: IV TRIMESTRE
H12: Ene | I12: Feb | J12: Mar | K12: Abr | L12: May | M12: Jun | N12: Jul | O12: Ago | P12: Set | Q12: Oct | R12: Nov | S12: Dic
A13: 1 | B13: Realizar programas de capacitación e instrucción al personal del Serenazgo; así como a las Juntas Vecinales. | C13: 1 | D13: Realizar talleres de capacitación con apoyo de las instituciones públicas que por su naturaleza se encuentren comprendidas en la Seguridad Ciudadana. (PNP, Ministerio Público, Poder Judicial y otros). | E13: 500 | F13: Talleres | G13: 2 | K13: 1 | P13: 1
C14: 2 | D14: Crear la primera "Escuela Vecinal" del Serenazgo con el objetivo de capacitar e instruir a los integrantes de la Juntas Vecinales del distrito. | E14: 450 | F14: Reuniones | G14: 10 | J14: 1 | K14: 1 | L14: 1 | M14: 1 | N14: 1 | O14: 1 | P14: 1 | Q14: 1 | R14: 1 | S14: 1
C15: 3 | D15: Juramentación de las Juntas Vecinales integradas al servicio de patrullaje con apoyo de la Policía Nacional del Perú. | E15: 500 | F15: Reunión | G15: 1 | K15: 1
A16: 2 | B16: Promover y concertar de manera integral una activa y solidaria participación vecinal, así como de los representantes de la sociedad civil en la seguridad ciudadana. | C16: 1 | D16: Fortalecer el accionar de las Juntas Vecinales. | E16: 300 | F16: Reunión | G16: 10 | J16: 1 | K16: 1 | L16: 1 | M16: 1 | N16: 1 | O16: 1 | P16: 1 | Q16: 1 | R16: 1 | S16: 1
C17: 2 | D17: Realizar estudios sobre seguridad ciudadana por sectores y zonas. | E17: 300 | F17: Informe | G17: 3 | J17: 1 | N17: 1 | R17: 1
C18: 3 | D18: Elaborar documentos informativos del planeamiento de seguridad ciudadana, basado en estadísticas (Mapa del Delito). | E18: 250 | F18: Reporte | G18: 9 | K18: 1 | L18: 1 | M18: 1 | N18: 1 | O18: 1 | P18: 1 | Q18: 1 | R18: 1 | S18: 1
C19: 4 | D19: Realizar evaluaciones del accionar de las Juntas Vecinales. | E19: 300 | F19: Reporte | G19: 9 | K19: 1 | L19: 1 | M19: 1 | N19: 1 | O19: 1 | P19: 1 | Q19: 1 | R19: 1 | S19: 1
A20: 3 | B20: Diseñar estrategias de seguridad ciudadana para la erradicación progresiva de los problemas sociales de mayor incremento en la sociedad caracina. | C20: 1 | D20: Proponer la estructura orgánica. | E20: 200 | F20: Documento | G20: 1 | J20: 1
C21: 2 | D21: Normar los procedimientos operativos para mejorar los servicios. | E21: 200 | F21: Documento | G21: 1 | J21: 1
C22: 3 | D22: Gestionar la creación del Serenazgo estudiantil y de padres en los I.E del distrito. | E22: 500 | F22: Plan | G22: 1 | K22: 1
C23: 4 | D23: Incentivar la cooperación efectiva del personal policial de servicio individualizado y de apoyo en las unidades móviles de Serenazgo. | E23: 400 | F23: Convenio | G23: 1 | K23: 1
C24: 5 | D24: Intensificar los servicios de vigilancia y seguridad en las zonas de riesgo potencial y horas de mayor afluencia de personas y vehículos. | E24: 300 | F24: Plan | G24: 1 | J24: 1
A25: 4 | B25: Promover planes y acciones para el control del menor en riesgo (pandillaje), fortaleciendo los valores entre la juventud. | C25: 1 | D25: Promover actividades deportivas, sociales y otros de control y supervisión de los problemas sociales de la ciudad. | E25: 700 | F25: Acción | G25: 3 | K25: 1 | N25: 1 | Q25: 1
C26: 2 | D26: Promover y organizar cursos y eventos de participación comunal y orientación dirigidos a la juventud, relacionada a actividades antisociales e inmersa en el uso indebido de drogas ilícitas y alcohol. | E26: 500 | F26: Conferencia | G26: 3 | J26: 1 | N26: 1 | R26: 1
A27: 5 | B27: Fomentar una cultura participativa de prevención y capacidad de respuesta organizada en los vecinos. | C27: 1 | D27: Realizar planes de instrucción para capacitar a los vecinos en técnicas de acción inmediata. | E27: 400 | F27: Plan | G27: 1 | J27: 1
C28: 2 | D28: Orientar sobre la prevención de acciones de riesgo y seguridad. | E28: 400 | F28: Charlas | G28: 10 | J28: 1 | K28: 1 | L28: 1 | M28: 1 | N28: 1 | O28: 1 | P28: 1 | Q28: 1 | R28: 1 | S28: 1
C29: 3 | D29: Realizar simulacros de emergencia, crisis o sorpresas. | E29: 400 | F29: Simulacros | G29: 3 | K29: 1 | O29: 1 | S29: 1
A30: 6 | B30: Mejorar las relaciones y la comunicación entre los vecinos y sus autoridades. | C30: 1 | D30: Realizar reuniones con los vecinos sobre Seguridad Ciudadana. | E30: 500 | F30: Reunión | G30: 10 | J30: 1 | K30: 1 | L30: 1 | M30: 1 | N30: 1 | O30: 1 | P30: 1 | Q30: 1 | R30: 1 | S30: 1
C31: 2 | D31: Efectuar conferencias sobre seguridad para comerciantes y gremios. | E31: 400 | F31: Conferencias | G31: 3 | K31: 1 | O31: 1 | S31: 1
C32: 3 | D32: Brindar información a través de folletos a los vecinos y turistas nacionales y/o extranjeros. | E32: 300 | F32: Publicidad | G32: 1 | N32: 1
C33: 4 | D33: Organizar campañas cívicas de apoyo a los menores y personas de bajos recursos económicos. | E33: 1000 | F33: Campaña | G33: 1 | K33: 1
A34: 7 | B34: Generar un cambio de opinión en la ciudadanía que permita distinguir y reconocer una mejor percepción del servicio del serenazgo. | C34: 1 | D34: Realizar charlas en los centro educativos sobre Seguridad Ciudadana. | E34: 400 | F34: Plan | G34: 1 | J34: 1
C35: 2 | D35: Revitalizar el ánimo de la población y generar confianza en el Sistema de Seguridad Ciudadana. | E35: 300 | F35: Conferencia | G35: 4 | J35: 1 | M35: 1 | P35: 1 | S35: 1
C36: 3 | D36: Establecer convenios con entidades privadas que contribuyan a las acciones de propaganda y difusión de la imagen de seguridad ciudadana en el distrito. | E36: 100 | F36: Convenio | G36: 4 | K36: 1 | N36: 1 | Q36: 1 | S36: 1

Sheet Anexo 30
A1: ANEXO 30
A2: FORMATO 01
A3: PLAN OPERATIVO INSTITUCIONAL 2010
A5: Institución | C5: : MUNICIPALIDAD PROVINCIAL DE HUAYLAS - CARAZ
A6: Gerencia y/u Oficina | C6: : Gerencia de Servicios a la Ciudad y Medio Ambiente
A7: Unidad Orgánica | C7: : Unidad de Gestión Ambiental y Salud | O7: COSTO TOTAL: | P7: =SUM(E13:E19) -> 0
A8: Objetivo General | C8: :
A10: OBJETIVOS ESPECIFICOS | C10: ACTIVIDADES | E10: COSTO S/. | F10: Meta Física | H10: CRONOGRAMA DE ACTIVIDADES
F11: Unidad de Medida | G11: Can- tidad | H11: I TRIMESTRE | K11: II TRIMESTRE | N11: III TRIMESTRE | Q11: IV TRIMESTRE
H12: Ene | I12: Feb | J12: Mar | K12: Abr | L12: May | M12: Jun | N12: Jul | O12: Ago | P12: Set | Q12: Oct | R12: Nov | S12: Dic
G13: =SUM(H13:S13) -> 0
G14: =SUM(H14:S14) -> 0
G15: =SUM(H15:S15) -> 0
G16: =SUM(H16:S16) -> 0
G17: =SUM(H17:S17) -> 0
G18: =SUM(H18:S18) -> 0
G19: =SUM(H19:S19) -> 0

Sheet Anexo 30A
A1: ANEXO 30 A
A2: FORMATO 01
A3: PLAN OPERATIVO INSTITUCIONAL 2011
A5: Institución | C5: : MUNICIPALIDAD PROVINCIAL DE HUAYLAS - CARAZ
A6: Gerencia y/u Oficina | C6: : Gerencia de Servicios a la Ciudad y Medio Ambiente
A7: Unidad Orgánica | C7: : Unidad de Gestión Ambiental y Salud - Limpieza Pública | O7: COSTO TOTAL: | P7: =SUM(E13:E19) -> 144000
A8: Objetivo General | C8: : Proteger la salud de la población y mantener un ambiente agradable y sano.
A10: OBJETIVOS ESPECÍFICOS | C10: ACTIVIDADES | E10: COSTO S/. | F10: Meta Física | H10: CRONOGRAMA DE ACTIVIDADES
F11: Unidad de Medida | G11: Can- tidad | H11: I TRIMESTRE | K11: II TRIMESTRE | N11: III TRIMESTRE | Q11: IV TRIMESTRE
H12: Ene | I12: Feb | J12: Mar | K12: Abr | L12: May | M12: Jun | N12: Jul | O12: Ago | P12: Set | Q12: Oct | R12: Nov | S12: Dic
A13: 1 | B13: Garantizar y ejecutar el barrido, recojo y disposición final de los residuos sólidos de la ciudad de Caraz. | C13: 1 | D13: Realizar el recojo y traslado de los residuos sólidos. | E13: 60480 | F13: Tonelada | G13: 5475 | H13: 465 | I13: 420 | J13: 465 | K13: 450 | L13: 465 | M13: 450 | N13: 465 | O13: 465 | P13: 450 | Q13: 465 | R13: 450 | S13: 465
C14: 2 | D14: Efectuar el baldeo de los parques y mercados. | E14: 7761.6 | F14: Acción | G14: 77 | H14: 6 | I14: 6 | J14: 7 | K14: 6 | L14: 6 | M14: 7 | N14: 7 | O14: 6 | P14: 7 | Q14: 6 | R14: 6 | S14: 7
C15: 3 | D15: Realizar la disposición final de los residuos sólidos. | E15: 26712 | F15: Tonelada | G15: 5475 | H15: 465 | I15: 420 | J15: 465 | K15: 450 | L15: 465 | M15: 450 | N15: 465 | O15: 465 | P15: 450 | Q15: 465 | R15: 450 | S15: 465
C16: 4 | D16: Eliminación de desmontes. | E16: 5443.2 | F16: Tonelada | G16: 432 | H16: 32 | I16: 32 | J16: 32 | K16: 40 | L16: 40 | M16: 40 | N16: 40 | O16: 40 | P16: 40 | Q16: 32 | R16: 32 | S16: 32
C17: 5 | D17: Riego de áreas verdes. | E17: 10180.8 | F17: M2 | G17: 65000 | H17: 5000 | I17: 5000 | J17: 6000 | K17: 6000 | L17: 6000 | M17: 6000 | N17: 6000 | O17: 5000 | P17: 5000 | Q17: 5000 | R17: 5000 | S17: 5000
A18: 2 | B18: Dotar al personal de limpieza pública con los implementos de seguridad y preservación de su salud. | C18: 1 | D18: Implementación con vestimenta al personal de limpieza pública de la Municipalidad Provincial. | E18: 20000 | F18: Vestimenta | G18: 1 | K18: 1
C19: 2 | D19: Implementación con guantes y máscaras de protección al personal de limpieza pública. | E19: 13422.4 | F19: Unidad | G19: 1200 | K19: 600 | O19: 600

Sheet Anexo 30B
A1: ANEXO 30 B
A2: FORMATO 01
A3: PLAN OPERATIVO INSTITUCIONAL 2011
A5: Institución | C5: : MUNICIPALIDAD PROVINCIAL DE HUAYLAS - CARAZ
A6: Gerencia y/u Oficina | C6: : Gerencia de Servicios a la Ciudad y Medio Ambiente
A7: Unidad Orgánica | C7: : Unidad de Gestión Ambiental y Salud - Relleno Sanitario | O7: COSTO TOTAL: | P7: =SUM(E13:E14) -> 6000
A8: Objetivo General | C8: : Garantizar el tratamiento final de los residuos sólidos para minimizar los peligros de la salud y seguridad pública - medio ambiente.
A10: OBJETIVOS ESPECÍFICOS | C10: ACTIVIDADES | E10: COSTO S/. | F10: Meta Física | H10: CRONOGRAMA DE ACTIVIDADES
F11: Unidad de Medida | G11: Can- tidad | H11: I TRIMESTRE | K11: II TRIMESTRE | N11: III TRIMESTRE | Q11: IV TRIMESTRE
H12: Ene | I12: Feb | J12: Mar | K12: Abr | L12: May | M12: Jun | N12: Jul | O12: Ago | P12: Set | Q12: Oct | R12: Nov | S12: Dic
A13: 1 | B13: Desarrollar una cultura de seguridad e higiene laboral. | C13: 1 | D13: Desarrollar controles sanitarios y vacunas del personal. | E13: 3000 | F13: Acción | G13: 3 | K13: 1 | N13: 1 | Q13: 1
C14: 2 | D14: Mantenimiento del relleno sanitario. | E14: 3000 | F14: Acción | G14: 3 | K14: 1 | N14: 1 | Q14: 1

Sheet Anexo 30C
A1: ANEXO 30 C
A2: FORMATO 01
A3: PLAN OPERATIVO INSTITUCIONAL 2011
A5: Institución | C5: : MUNICIPALIDAD PROVINCIAL DE HUAYLAS - CARAZ
A6: Gerencia y/u Oficina | C6: : Gerencia de Servicios a la Ciudad y Medio Ambiente
A7: Unidad Orgánica | C7: : Unidad de Gestión Ambiental y Salud - Áreas Verdes - Parques y Jardines | O7: COSTO TOTAL: | P7: =SUM(E13:E14) -> 6000
A8: Objetivo General | C8: : Desarrollar una cultura de conservación y mejoramiento de las áreas verdes y parques.
A10: OBJETIVOS ESPECÍFICOS | C10: ACTIVIDADES | E10: COSTO S/. | F10: Meta Física | H10: CRONOGRAMA DE ACTIVIDADES
F11: Unidad de Medida | G11: Can- tidad | H11: I TRIMESTRE | K11: II TRIMESTRE | N11: III TRIMESTRE | Q11: IV TRIMESTRE
H12: Ene | I12: Feb | J12: Mar | K12: Abr | L12: May | M12: Jun | N12: Jul | O12: Ago | P12: Set | Q12: Oct | R12: Nov | S12: Dic
A13: 1 | B13: Conservar las áreas verdes a fin de presentar una ciudad ecológica y turística. | C13: 1 | D13: Desarrollar programas de mejoramiento de las plantas ornamentales de los jardines. | E13: 3000 | F13: M2 | G13: 1500 | K13: 500 | N13: 500 | Q13: 500
C14: 2 | D14: Siembra y mantenimiento de espacios destinados para áreas verdes. | E14: 3000 | F14: M2 | G14: 1800 | K14: 600 | N14: 600 | Q14: 600

Sheet Anexo 31A
A1: ANEXO 31 A
A2: FORMATO 01
A3: PLAN OPERATIVO INSTITUCIONAL 2011
A5: Institución | C5: : MUNICIPALIDAD PROVINCIAL DE HUAYLAS - CARAZ
A6: Gerencia y/u Oficina | C6: : Gerencia de Servicios a la Ciudad y Medio Ambiente
A7: Unidad Orgánica | C7: : Unidad de Mercado y Camal - Mercado | O7: COSTO TOTAL: | P7: =SUM(E13:E21) -> 12000
A8: Objetivo General | C8: : Proporcionar al Comerciante un servicio óptimo y adecuado
A10: OBJETIVOS ESPECÍFICOS | C10: ACTIVIDADES | E10: COSTO S/. | F10: Meta Física | H10: CRONOGRAMA DE ACTIVIDADES
F11: Unidad de Medida | G11: Can- tidad | H11: I TRIMESTRE | K11: II TRIMESTRE | N11: III TRIMESTRE | Q11: IV TRIMESTRE
H12: Ene | I12: Feb | J12: Mar | K12: Abr | L12: May | M12: Jun | N12: Jul | O12: Ago | P12: Set | Q12: Oct | R12: Nov | S12: Dic
A13: 1 | B13: Monitorear y controlar las actividades de la unidad. | C13: 1 | D13: Reuniones de trabajo para coordinar el desarrollo de las actividades comerciales en los mercados. | E13: 800 | F13: Reunión | G13: 4 | K13: 1 | N13: 1 | Q13: 1 | S13: 1
C14: 2 | D14: Realizar permanentemente programas de limpieza, fumigación, desratización y desinfección. | E14: 2000 | F14: Acción | G14: 2 | K14: 1 | R14: 1
A15: 2 | B15: Proporcionar al comerciante un entorno donde trabajar. | C15: 1 | D15: Reparación del sistema eléctrico, Mercado Central, La Explanada y Campo Ferial. | E15: 600 | F15: Acción | G15: 1 | J15: 1
C16: 2 | D16: Elaboración del Cuadro de Necesidades y servicios para el año 2011. | E16: 1800 | F16: Documento | G16: 1 | K16: 1
C17: 3 | D17: Adquisición de desinfectantes (hipoclorito), otros. | E17: 1000 | F17: Compra | G17: 30 | K17: 10 | O17: 10 | S17: 10
C18: 4 | D18: Cambio de tuberías de agua y desagüe del Mercado Central, Explanada y Campo Ferial. | E18: 1200 | F18: Acción | G18: 2 | M18: 1 | S18: 1
C19: 5 | D19: Pintado del Mercado de Abastos y mantenimiento de puertas. | E19: 1500 | F19: M2 | G19: 5000 | L19: 5000
C20: 6 | D20: Mantenimiento general de la Cámara Frigorífica. | E20: 2400 | F20: Mantenimiento | G20: 4 | J20: 1 | M20: 1 | P20: 1 | S20: 1
C21: 7 | D21: Gestionar y motivar la participación de los comerciantes a actividades, conjuntamente con INDECOPI, Hospital de Apoyo y otros. | E21: 700 | F21: Acción | G21: 3 | H21: 1 | M21: 1 | P21: 1

Sheet Anexo 31B
A1: ANEXO 31 B
A2: FORMATO 01
A3: PLAN OPERATIVO INSTITUCIONAL 2011
A5: Institución | C5: : MUNICIPALIDAD PROVINCIAL DE HUAYLAS - CARAZ
A6: Gerencia y/u Oficina | C6: : Gerencia de Servicios a la Ciudad y Medio Ambiente
A7: Unidad Orgánica | C7: : Unidad de Mercado y Camal - Camal | O7: COSTO TOTAL: | P7: =SUM(E13:E20) -> 8400
A8: Objetivo General | C8: : Brindar servicios de camal para garantizar que las carnes sean de buena calidad y tengan condiciones sanitarias, para el consumo de la población.
A10: OBJETIVOS ESPECÍFICOS | C10: ACTIVIDADES | E10: COSTO S/. | F10: Meta Física | H10: CRONOGRAMA DE ACTIVIDADES
F11: Unidad de Medida | G11: Can- tidad | H11: I TRIMESTRE | K11: II TRIMESTRE | N11: III TRIMESTRE | Q11: IV TRIMESTRE
H12: Ene | I12: Feb | J12: Mar | K12: Abr | L12: May | M12: Jun | N12: Jul | O12: Ago | P12: Set | Q12: Oct | R12: Nov | S12: Dic
A13: 1 | B13: Brindar un servicio óptimo a los carniceros y público en general. | C13: 1 | D13: Asistencia Técnica a los ganaderos y criadores de la ciudad de Caraz. | E13: 1000 | F13: Taller | G13: 2 | L13: 1 | Q13: 1
C14: 2 | D14: Inspección ante y pos morte. | E14: 1000 | F14: Acción | G14: 4 | J14: 1 | O14: 1 | R14: 1 | S14: 1
C15: 3 | D15: Matanza de ganado vacuno, ovino, caprino y porcino. | E15: 1000 | F15: Acción | G15: 12 | H15: 1 | I15: 1 | J15: 1 | K15: 1 | L15: 1 | M15: 1 | N15: 1 | O15: 1 | P15: 1 | Q15: 1 | R15: 1 | S15: 1
A16: 2 | B16: Contribuir con trabajos de salud pública, saneamiento y áreas aledañas. | C16: 1 | D16: Desinfección y fumigación y desparasitación. | E16: 1900 | F16: Acción | G16: 4 | J16: 1 | L16: 1 | O16: 1 | R16: 1
A17: 3 | B17: Fortalecer y capacitar al personal del camal para un mejor desenvolvimiento. | C17: 1 | D17: Pasantías sobre mejoramiento de servicios en beneficio y certificados de calidad. | E17: 1200 | F17: Pasantía | G17: 2 | K17: 1 | P17: 1
C18: 2 | D18: Talleres sobre métodos de cortes en las carcasas de las diferentes especies. | E18: 500 | F18: Taller | G18: 2 | L18: 1 | P18: 1
C19: 3 | D19: Capacitación del personal sobre métodos de beneficio. | E19: 1000 | F19: Taller | G19: 2 | M19: 1 | Q19: 1
C20: 4 | D20: Mantenimiento y logística del camal y personal. | E20: 800 | F20: Acción | G20: 2 | K20: 1 | R20: 1

Sheet Anexo 32
A1: ANEXO 32
A2: FORMATO 01
A3: PLAN OPERATIVO INSTITUCIONAL 2011
A5: Institución | C5: : MUNICIPALIDAD PROVINCIAL DE HUAYLAS - CARAZ
A6: Gerencia y/u Oficina | C6: : Gerencia de Servicios a la Ciudad y Medio Ambiente
A7: Unidad Orgánica | C7: : Unidad de Transporte y Tránsito | O7: COSTO TOTAL: | P7: =SUM(E13:E15) -> 26000
A8: Objetivo General | C8: : Garantizar el ordenamiento del tránsito.
A10: OBJETIVOS ESPECÍFICOS | C10: ACTIVIDADES | E10: COSTO S/. | F10: Meta Física | H10: CRONOGRAMA DE ACTIVIDADES
F11: Unidad de Medida | G11: Can- tidad | H11: I TRIMESTRE | K11: II TRIMESTRE | N11: III TRIMESTRE | Q11: IV TRIMESTRE
H12: Ene | I12: Feb | J12: Mar | K12: Abr | L12: May | M12: Jun | N12: Jul | O12: Ago | P12: Set | Q12: Oct | R12: Nov | S12: Dic
A13: 1 | B13: Fiscalizar y ejecutar el convenio Inter Institucional entre la PNP-MPH-Cz. | C13: 1 | D13: Presencia del control policial en la garita de control. | E13: 10000 | F13: Acción | G13: 12 | H13: 1 | I13: 1 | J13: 1 | K13: 1 | L13: 1 | M13: 1 | N13: 1 | O13: 1 | P13: 1 | Q13: 1 | R13: 1 | S13: 1
C14: 2 | D14: Procesamiento de la liquidación de las papeletas de infracción al transito y elaboración del requerimiento de acuerdo al convenio. | E14: 12000 | F14: Papeleta | G14: 1680 | H14: 140 | I14: 140 | J14: 140 | K14: 140 | L14: 140 | M14: 140 | N14: 140 | O14: 140 | P14: 140 | Q14: 140 | R14: 140 | S14: 140
A15: 2 | B15: Elaborar el registro de vehículos menores Motokar. | C15: 1 | D15: Diseño, edición y colocación de las calcomanías de la identificación de cada vehículo. | E15: 4000 | F15: Unidad | G15: 1000 | K15: 500 | L15: 500

Sheet Anexo 33
A1: ANEXO 33
A2: FORMATO 01
A3: PLAN OPERATIVO INSTITUCIONAL 2011
A5: Institución | C5: : MUNICIPALIDAD PROVINCIAL DE HUAYLAS - CARAZ
A6: Gerencia y/u Oficina | C6: : Gerencia de Desarrollo Social
A7: Unidad Orgánica | C7: : | O7: COSTO TOTAL: | P7: =SUM(E13:E45) -> 6000
A8: Objetivo General | C8: : Fomentar actividades de fortalecimiento de capacidades de las organizaciones sociales de base a fin de dinamizar las coordinaciones entre el gobierno local y su entorno social, así como luchar por la disminución de la desnutrición crónica a fin de mejorar la calidad de vida.
A10: OBJETIVOS ESPECÍFICOS | C10: ACTIVIDADES | E10: COSTO S/. | F10: Meta Física | H10: CRONOGRAMA DE ACTIVIDADES
F11: Unidad de Medida | G11: Can- tidad | H11: I TRIMESTRE | K11: II TRIMESTRE | N11: III TRIMESTRE | Q11: IV TRIMESTRE
H12: Ene | I12: Feb | J12: Mar | K12: Abr | L12: May | M12: Jun | N12: Jul | O12: Ago | P12: Set | Q12: Oct | R12: Nov | S12: Dic
A13: 1 | B13: Fomentar el fortalecimiento de capacidades Vecinales, Comunales y Agentes Municipales. | C13: 1 | D13: Ejecución de las elecciones de las Juntas Vecinales Comunales. | E13: 1500 | F13: Taller | G13: 3 | J13: 1 | K13: 1 | L13: 1
C14: 2 | D14: Fomentar la capacitación al Comité de Vigilancia en presupuesto participativo. | E14: 100 | F14: Taller | G14: 2 | L14: 1 | P14: 1
C15: 3 | D15: Asambleas ordinarias de los Agentes Municipales. | E15: 600 | F15: Taller | G15: 2 | H15: 1 | O15: 1
C16: 4 | D16: Fomentar la capacitación a los miembros del CCL provincial. | E16: 200 | F16: Taller | G16: 3 | K16: 1 | L16: 1 | O16: 1
A17: 2 | B17: Realizar coordinaciones con la Gerencia de Desarrollo Urbano y Rural la ejecución del proyecto de cocinas mejoradas a nivel de la provincia de Huaylas. | C17: 1 | D17: Seguimiento de la elaboración del proyecto. | E17: 10 | F17: Proyecto | G17: 1 | I17: 1
C18: 2 | D18: Seguimiento de la factibilidad presupuestal. | E18: 10 | F18: Acción | G18: 1 | I18: 1
C19: 3 | D19: Seguimiento de la ejecución y monitoreo del proyecto. | E19: 80 | F19: Acción | G19: 10 | J19: 1 | K19: 1 | L19: 1 | M19: 1 | N19: 1 | O19: 1 | P19: 1 | Q19: 1 | R19: 1 | S19: 1
A20: 3 | B20: Promover actividades con la participación de los adultos mayores. | C20: 1 | D20: Coordinación con el botiquín parroquial. | E20: 10 | F20: Acción | G20: 1 | Q20: 1
C21: 2 | D21: Solicitud de factibilidad presupuestaria. | E21: 10 | F21: Acción | G21: 1 | Q21: 1
C22: 3 | D22: Apoyo en el Día del Adulto Mayor. | E22: 280 | F22: Acción | G22: 1 | Q22: 1
A23: 4 | B23: Realizar gestiones para la creación de un comedor estudiantil en Caraz para disminuir la desnutrición crónica infantil. | C23: 1 | D23: Seguimiento de la elaboración y evaluación del proyecto. | E23: 5 | F23: Proyecto | G23: 1 | Q23: 1
C24: 2 | D24: Seguimiento del estudio socioeconómico de los beneficiarios. | E24: 5 | F24: Acción | G24: 1 | Q24: 1
C25: 3 | D25: Seguimiento en la implementación y ejecución del proyecto. | E25: 5 | F25: Acción | G25: 1 | Q25: 1
C26: 4 | D26: Monitoreo. | E26: 85 | F26: Acción | G26: 3 | Q26: 1 | R26: 1 | S26: 1
A27: 5 | B27: Proponer y ejecutar proyectos de equipamiento con kits de utensilios de cocina y útiles de aseo a los Comedores Populares y Comités de Vaso de Leche. | C27: 1 | D27: Coordinación y seguimiento de la elaboración y evaluación del proyecto que estará a cargo de la Gerencia de Desarrollo Social y la Unidad de Estudios y Proyectos. | E27: 10 | F27: Proyecto | G27: 1 | O27: 1
C28: 2 | D28: Seguimiento de la factibilidad presupuestaria. | E28: 10 | F28: Acción | G28: 1 | O28: 1
C29: 3 | D29: Monitoreo y supervisión de la de la de la ejecución. | E29: 180 | F29: Acción | G29: 5 | O29: 1 | P29: 1 | Q29: 1 | R29: 1 | S29: 1
A30: 6 | B30: Propiciar actividades de socialización con las Juntas Vecinales, Agentes Municipales y Centros Poblados, descubriendo talentos de danza, música, poesía y canto como espacio de concertación a favor de la gobernabilidad y eficiencia en la gestión municipal. | C30: 1 | D30: Elaboración del plan de trabajo. | E30: 5 | F30: Plan | G30: 1 | I30: 1
C31: 2 | D31: Reuniones de coordinación. | E31: 5 | F31: Acción | G31: 1 | I31: 1
C32: 3 | D32: Solicitud de factibilidad presupuestaria. | E32: 5 | F32: Acción | G32: 1 | I32: 1
C33: 4 | D33: Ejecución de la actividad. | E33: 285 | F33: Acción | G33: 4 | I33: 1 | N33: 1 | P33: 1 | R33: 1
A34: 7 | B34: Propiciar espacios de concertación con la Sociedad Civil, instaurando los martes vecinales para trabajar propuestas e iniciativas ante el Concejo Municipal. | C34: 1 | D34: Realizar invitaciones a las organizaciones de la sociedad civil. | E34: 20 | F34: Documento | G34: 12 | Q34: 4 | R34: 4 | S34: 4
C35: 2 | D35: Reuniones vecinales y evaluación de propuestas. | E35: 180 | F35: Reunión | G35: 12 | Q35: 4 | R35: 4 | S35: 4
A36: 8 | B36: Implementar los documentos de gestión y talleres de capacitación sobre presupuesto participativo, comité de vigilancia y audiencias públicas de rendición de cuentas. | C36: 1 | D36: Elaboración del Plan de Trabajo | E36: 5 | F36: Plan | G36: 1 | L36: 1
C37: 2 | D37: Coordinación con la Comisión de Regidores. | E37: 15 | F37: Acción | G37: 2 | M37: 1 | Q37: 1
C38: 3 | D38: Elaboración de informes. | E38: 90 | F38: Documento | G38: 2 | M38: 1 | Q38: 1
C39: 4 | D39: Presentación y aprobación del dictamen. | E39: 90 | F39: Documento | G39: 2 | M39: 1 | Q39: 1
A40: 9 | B40: Fomentar actividades de rescate de las tradiciones y costumbres en los centros poblados. | C40: 1 | D40: Elaboración del Plan de Trabajo. | E40: 5 | F40: Plan | G40: 1 | L40: 1
C41: 2 | D41: Solicitud de factibilidad presupuestaria. | E41: 10 | F41: Acción | G41: 2 | M41: 1 | Q41: 1
C42: 3 | D42: Ejecución de la actividad. | E42: 185 | F42: Acción | G42: 2 | M42: 1 | Q42: 1
A43: 10 | B43: Actividades de rescate de usos y costumbres en el mantenimiento de bienes de uso público, canales de riego, caminos, puentes, carreteras, etc. | C43: 1 | D43: Elaboración de solicitudes dirigido los Agentes Municipales y Juntas Vecinales. | E43: 10 | F43: Acción | G43: 6 | I43: 1 | K43: 1 | M43: 1 | O43: 1 | Q43: 1 | S43: 1
C44: 2 | D44: Solicitud de factibilidad presupuestaria. | E44: 10 | F44: Acción | G44: 6 | I44: 1 | K44: 1 | M44: 1 | O44: 1 | Q44: 1 | S44: 1
C45: 3 | D45: Ejecución de la actividad. | E45: 1980 | F45: Acción | G45: 6 | I45: 1 | K45: 1 | M45: 1 | O45: 1 | Q45: 1 | S45: 1

Sheet Anexo 34
A1: ANEXO 34
A2: FORMATO 01
A3: PLAN OPERATIVO INSTITUCIONAL 2011
A5: Institución | C5: : MUNICIPALIDAD PROVINCIAL DE HUAYLAS - CARAZ
A6: Gerencia y/u Oficina | C6: : Gerencia de Desarrollo Social
A7: Unidad Orgánica | C7: : Unidad de Programas Sociales, Salud y Focalización | O7: COSTO TOTAL: | P7: =SUM(E13:E22) -> 1200
A8: Objetivo General | C8: : Mejorar el estado nutricional de la madre y el niño de los sectores menos favorecidos económica y alimentariamente y fomentar la solidaridad organizada de las madres que forman parte de los comités del PVL y PCA
A10: OBJETIVOS ESPECÍFICOS | C10: ACTIVIDADES | E10: COSTO S/. | F10: Meta Física | H10: CRONOGRAMA DE ACTIVIDADES
F11: Unidad de Medida | G11: Can- tidad | H11: I TRIMESTRE | K11: II TRIMESTRE | N11: III TRIMESTRE | Q11: IV TRIMESTRE
H12: Ene | I12: Feb | J12: Mar | K12: Abr | L12: May | M12: Jun | N12: Jul | O12: Ago | P12: Set | Q12: Oct | R12: Nov | S12: Dic
A13: 1 | B13: Planificar, ejecutar y supervizar las actividades destinadas a la implementación y funcionamiento del PVL. | C13: 1 | D13: Empadronamiento de los beneficiarios. | E13: 150 | F13: Empadronamiento | G13: 2 | K13: 1 | Q13: 1
C14: 2 | D14: Reuniones con las Juntas Directivas de los Comités PVL. | E14: 100 | F14: Reunión | G14: 12 | H14: 1 | I14: 1 | J14: 1 | K14: 1 | L14: 1 | M14: 1 | N14: 1 | O14: 1 | P14: 1 | Q14: 1 | R14: 1 | S14: 1
C15: 3 | D15: Reuniones del Comité de Administración. | E15: 30 | F15: Reunión | G15: 6 | J15: 1 | K15: 1 | L15: 1 | N15: 1 | P15: 1 | R15: 1
C16: 4 | D16: Traslado a Huaraz y/o Lima entrega de reportes: Contraloría, MEF, INEI y otros. | E16: 250 | F16: Acción | G16: 6 | H16: 1 | J16: 1 | L16: 1 | O16: 1 | Q16: 1 | S16: 1
A17: 2 | B17: Planificar, ejecutar y supervizar las actividades destinadas a la implementación y funcionamiento del Programa de Complementación Alimentaria: Comedores Populares y Obras Comunales. | C17: 1 | D17: Empadronamiento de los beneficiarios. | E17: 150 | F17: Acción | G17: 2 | K17: 1 | Q17: 1
C18: 2 | D18: Supervisión y control de la preparación de los alimentos. | E18: 120 | F18: Ficha | G18: 4 | I18: 1 | L18: 1 | O18: 1 | R18: 1
C19: 3 | D19: Fumigación del almacén de alimentos. | E19: 70 | F19: Acción | G19: 2 | K19: 1 | P19: 1
C20: 4 | D20: Reuniones con las Juntas Directivas de los Comedores. | E20: 100 | F20: Reunión | G20: 12 | H20: 1 | I20: 1 | J20: 1 | K20: 1 | L20: 1 | M20: 1 | N20: 1 | O20: 1 | P20: 1 | Q20: 1 | R20: 1 | S20: 1
C21: 5 | D21: Traslado a Huaraz y/o Lima entrega de reportes: PRONAA Huaraz, MEF, Contraloría, MIMDES entre otros. | E21: 200 | F21: Acción | G21: 4 | J21: 1 | M21: 1 | P21: 1 | S21: 1
C22: 6 | D22: Reuniones del Comité de Gestión Local Provincial. | E22: 30 | F22: Reunión | G22: 6 | J22: 1 | K22: 1 | L22: 1 | N22: 1 | P22: 1 | R22: 1

Sheet Anexo 35
A1: ANEXO 35
A2: FORMATO 01
A3: PLAN OPERATIVO INSTITUCIONAL 2011
A5: Institución | C5: : MUNICIPALIDAD PROVINCIAL DE HUAYLAS - CARAZ
A6: Gerencia y/u Oficina | C6: : Gerencia de Desarrollo Social
A7: Unidad Orgánica | C7: : Unidad de Protección Social | O7: COSTO TOTAL: | P7: =SUM(E13:E14) -> 2400
A8: Objetivo General | C8: : Promover la protección integral de las personas con discapacidad de la provincia de Huaylas.
A10: OBJETIVOS ESPECÍFICOS | C10: ACTIVIDADES | E10: COSTO S/. | F10: Meta Física | H10: CRONOGRAMA DE ACTIVIDADES
F11: Unidad de Medida | G11: Can- tidad | H11: I TRIMESTRE | K11: II TRIMESTRE | N11: III TRIMESTRE | Q11: IV TRIMESTRE
H12: Ene | I12: Feb | J12: Mar | K12: Abr | L12: May | M12: Jun | N12: Jul | O12: Ago | P12: Set | Q12: Oct | R12: Nov | S12: Dic
A13: 1 | B13: Analizar y resolver en forma articulada la problemática de las personas de discapacidad con la Región Ancash con alternativas de solución en el corto, mediano y largo plazo. | C13: 1 | D13: Reunión de la Mesa Multisectorial que agrupa 45 instituciones de la Región Ancash. | E13: 1680 | F13: documento | G13: =SUM(H13:S13) -> 54 | H13: 4 | I13: 4 | J13: 4 | K13: 5 | L13: 5 | M13: 5 | N13: 6 | O13: 6 | P13: 5 | Q13: 3 | R13: 3 | S13: 4
A14: 2 | B14: Tratamiento y alternativas de solución a problemas como: problemas físicos de autismo, síndrome de Down, parálisis cerebral en todas las personas con discapacidad en la provincia de Huaylas. | C14: 1 | D14: Rehabilitación en caballo denominado equino terapia. | E14: 720 | F14: Acción | G14: =SUM(H14:S14) -> 12 | I14: 1 | J14: 1 | K14: 2 | L14: 1 | M14: 1 | N14: 1 | O14: 1 | P14: 1 | Q14: 1 | R14: 1 | S14: 1

Sheet Anexo 35A
A1: ANEXO 35 A
A2: FORMATO 01
A3: PLAN OPERATIVO INSTITUCIONAL 2011
A5: Institución | C5: : MUNICIPALIDAD PROVINCIAL DE HUAYLAS - CARAZ
A6: Gerencia y/u Oficina | C6: : Gerencia de Desarrollo Social
A7: Unidad Orgánica | C7: : Unidad de Protección Social - DEMUNA | O7: COSTO TOTAL: | P7: =SUM(E13:E56) -> 2400
A8: Objetivo General | C8: : Promover, proteger, defender y difundir los Derechos de los Niños y Adolescente y ejecutar acciones de movilización y sensibilización que contribuyan al cumplimiento de los derechos de los niños y adolescentes, dando énfasis a la prevención de la violencia familiar.
A10: OBJETIVOS ESPECÍFICOS | C10: ACTIVIDADES | E10: COSTO S/. | F10: Meta Física | H10: CRONOGRAMA DE ACTIVIDADES
F11: Unidad de Medida | G11: Can- tidad | H11: I TRIMESTRE | K11: II TRIMESTRE | N11: III TRIMESTRE | Q11: IV TRIMESTRE
H12: Ene | I12: Feb | J12: Mar | K12: Abr | L12: May | M12: Jun | N12: Jul | O12: Ago | P12: Set | Q12: Oct | R12: Nov | S12: Dic
A13: 1 | B13: Proteger el interés superior del Niño y Adolescente. | C13: 1 | D13: Difusión radial, cuña, pancartas, afiches, volantes, etc. | E13: 30 | F13: Acción | G13: 1 | K13: 1
C14: 2 | D14: Charlas de orientación. | E14: 30 | F14: Charla | G14: 1 | K14: 1
C15: 3 | D15: Focalización de hogares donde se vulneran los Derechos de los Niños y Adolescente. | E15: 70 | F15: Acción | G15: 9 | K15: 1 | L15: 1 | M15: 1 | N15: 1 | O15: 1 | P15: 1 | Q15: 1 | R15: 1 | S15: 1
C16: 4 | D16: Solución de conflictos familiares mediante mecanismos alternativos. | E16: 70 | F16: Acción | G16: 9 | K16: 1 | L16: 1 | M16: 1 | N16: 1 | O16: 1 | P16: 1 | Q16: 1 | R16: 1 | S16: 1
A17: 2 | B17: Promover y realizar conciliaciones extrajudiciales en la solución de casos por alimentos. | C17: 1 | D17: Focalización de domicilios de los padres de familia responsables de la manutención de los menores. | E17: 20 | F17: Acción | G17: 1 | L17: 1
C18: 2 | D18: Invitación voluntaria a las partes para buscar una solución a través de un Proceso extrajudicial. | E18: 20 | F18: Acción | G18: 8 | L18: 1 | M18: 1 | N18: 1 | O18: 1 | P18: 1 | Q18: 1 | R18: 1 | S18: 1
C19: 3 | D19: Ejecución de la audiencia de conciliación y levantamiento del Acta de compromiso asumido por las partes. | E19: 70 | F19: Acción | G19: 8 | L19: 1 | M19: 1 | N19: 1 | O19: 1 | P19: 1 | Q19: 1 | R19: 1 | S19: 1
C20: 4 | D20: Supervisión permanente a los hogares sujetos al cumplimiento del Acta de Conciliación. | E20: 70 | F20: Acción | G20: 8 | L20: 1 | M20: 1 | N20: 1 | O20: 1 | P20: 1 | Q20: 1 | R20: 1 | S20: 1
C21: 5 | D21: Derivación mediante oficio al Juzgado de Paz Letrado de Caraz, en caso de incumplimiento. | E21: 20 | F21: Acción | G21: 8 | L21: 1 | M21: 1 | N21: 1 | O21: 1 | P21: 1 | Q21: 1 | R21: 1 | S21: 1
A22: 3 | B22: Promover y desarrollar conciliaciones para lograr la solución en materia de régimen de visitas. | C22: 1 | D22: Focalización de los hogares y/o padres de familia responsables de la custodia de los menores. | E22: 20 | F22: Acción | G22: 1 | M22: 1
C23: 2 | D23: Invitación voluntaria a las partes para buscar una solución a través de un Proceso extrajudicial. | E23: 20 | F23: Acción | G23: 7 | M23: 1 | N23: 1 | O23: 1 | P23: 1 | Q23: 1 | R23: 1 | S23: 1
C24: 3 | D24: Realización de audiencia de conciliación y levantamiento del Acta en materia de Régimen de Visitas acordada por las partes. | E24: 70 | F24: Acción | G24: 7 | M24: 1 | N24: 1 | O24: 1 | P24: 1 | Q24: 1 | R24: 1 | S24: 1
C25: 4 | D25: Verificación permanente de los hogares sujetos al cumplimiento del Acta de Conciliación. | E25: 70 | F25: Acción | G25: 7 | M25: 1 | N25: 1 | O25: 1 | P25: 1 | Q25: 1 | R25: 1 | S25: 1
C26: 5 | D26: Derivación mediante oficio al Juzgado de Paz Letrado, en caso de incumplimiento. | E26: 20 | F26: Acción | G26: 7 | M26: 1 | N26: 1 | O26: 1 | P26: 1 | Q26: 1 | R26: 1 | S26: 1
A27: 4 | B27: Difundir, canalizar y prevenir los casos de violencia familiar, abuso y explotación laboral infantil y adolescente. | C27: 1 | D27: Organizar talleres de difusión sobre los deberes y derechos de los padres que ejercen la patria potestad. | E27: 70 | F27: Taller | G27: 1 | N27: 1
C28: 2 | D28: Desarrollar campañas de difusión a través de los medios de comunicación respecto a la prevención de la violencia familiar y abuso sexual infantil y adolescente. | E28: 30 | F28: Acción | G28: 1 | N28: 1
C29: 3 | D29: Recepción de los casos y derivación mediante oficio, a la Comisaría Sectorial de la PNP-Caraz, al Poder Judicial, según sea el caso. | E29: 100 | F29: Acción | G29: 6 | N29: 1 | O29: 1 | P29: 1 | Q29: 1 | R29: 1 | S29: 1
A30: 5 | B30: Organizar talleres de capacitación dirigidos a miembros de organizaciones sociales y de base en los temas de niñez y adolentes. | C30: 1 | D30: Definición del contenido académico del taller. | E30: 5 | F30: Documento | G30: 1 | O30: 1
C31: 2 | D31: Coordinación con el Centro de Emergencia de la Mujer - Huaraz que estarán a cargo de la capacitación. | E31: 20 | F31: Acción | G31: 1 | O31: 1
C32: 3 | D32: Definición de presupuesto de ejecución. | E32: 5 | F32: Acción | O32: 1
C33: 4 | D33: Preparación de materiales, afiches, trípticos, spot de difusión, etc. | E33: 20 | F33: Acción | O33: 1
C34: 5 | D34: Convocatoria y difusión de a los participantes. | E34: 5 | F34: Acción | O34: 1
C35: 6 | D35: Ejecución del taller. | E35: 145 | F35: Taller | O35: 1
A36: 6 | B36: Elaborar y presentar informes al Ministerio de la Mujer y desarrollo Social – Lima y la Gerencia de Desarrollo Social. | C36: 1 | D36: Coordinación con el MIMDES y Gerencia de Desarrollo. | E36: 20 | F36: Acción | G36: 1 | P36: 1
C37: 2 | D37: Recuento y clasificación de todas las actividades cumplidas durante el mes. | E37: 20 | F37: Acción | G37: 1 | P37: 1
C38: 3 | D38: Elaboración de los informes y cuadros estadísticos de acuerdo a los formatos del MIMDES. | E38: 80 | F38: Acción | G38: 1 | P38: 1
C39: 4 | D39: Envío de la información. | E39: 80 | F39: Acción | G39: 1 | P39: 1
A40: 7 | B40: Monitorear a la familia que presentan los siguientes casos: Donación de víveres, situación económico, familiar y social. | C40: 1 | D40: Coordinación por atención de requerimientos con la Gerencia de Desarrollo Social. | E40: 10 | F40: Acción | G40: 1 | Q40: 1
C41: 2 | D41: Constatación de extrema pobreza en forma inopinada a los hogares. | E41: 170 | F41: Acción | G41: 1 | Q41: 1
C42: 3 | D42: Informar a la Gerencia de Desarrollo Social, sobre la situación socio económico - familiar del solicitante. | E42: 20 | F42: Acción | G42: 1 | Q42: 1
A43: 8 | B43: Promover actividades administrativas que genere bienestar familiar; y respeto a los derechos de los niños y adolescentes. | C43: 1 | D43: Diagnostico y focalización de sectores vulnerables y/o elaboración del Plan de Trabajo. | E43: 60 | F43: Acción | G43: 1 | R43: 1
C44: 2 | D44: Ejecución Integral del Plan de Trabajo - Rendición de gastos. | E44: 140 | F44: Informe | G44: 1 | R44: 1
A45: 9 | B45: Supervisión y coordinación con los representantes de las Demunas de los distritos de la provincia de Huaylas. | C45: 1 | D45: Articular con los representantes y autoridades de la población representada. | E45: 20 | F45: Acción | G45: 1
C46: 2 | D46: Incluir a los niños y adolescentes en el núcleo familiar y a la sociedad civil. | E46: 20 | F46: Acción | G46: 1 | S46: 1
C47: 3 | D47: Ejecución y evaluación de resultados y emisión del informe correspondiente a la rendición de gastos. | E47: 160 | F47: Informe | G47: 1 | S47: 1
A48: 10 | B48: Promover el día de la no violencia contra la mujer. | C48: 1 | D48: Articular con los representantes y autoridades de la población representada, movilización. | E48: 20 | F48: Acción | G48: 1 | J48: 1
C49: 2 | D49: Incluir a los niños y adolescentes en el núcleo familiar y a la sociedad civil. | E49: 20 | F49: Acción | G49: 1 | J49: 1
C50: 3 | D50: Ejecución y evaluación de resultados y emisión del informe correspondiente a la rendición de gastos. | E50: 160 | F50: Informe | G50: 1 | J50: 1
A51: 11 | B51: Promover el día de las Defensorías del Niño y Adolescentes. | C51: 1 | D51: Articular con los representantes, autoridades de la población representada. | E51: 20 | F51: Acción | G51: 1 | S51: 1
C52: 2 | D52: Incluir a los niños y adolescentes en el núcleo familiar y a la sociedad civil. | E52: 20 | F52: Acción | G52: 1 | S52: 1
C53: 3 | D53: Ejecución y evaluación de resultados y emisión del informe correspondiente a la rendición de gastos. | E53: 160 | F53: Informe | G53: 1 | S53: 1
A54: 12 | B54: Promover la celebración de la navidad de los niños y adolescentes. | C54: 1 | D54: Elaboración del plan de la Navidad del niño y adolescente. | E54: 10 | F54: Plan | G54: 1 | S54: 1
C55: 2 | D55: Estructuración del programa y convocatoria. | E55: 20 | F55: Documento | G55: 2 | S55: 2
C56: 3 | D56: Ejecución y evaluación de resultados y emisión del informe correspondiente a la rendición de gastos. | E56: 170 | F56: Informe | G56: 1 | S56: 1

Sheet Anexo 36
A1: ANEXO 36
A2: FORMATO 01
A3: PLAN OPERATIVO INSTITUCIONAL 2011
A5: Institución | C5: : MUNICIPALIDAD PROVINCIAL DE HUAYLAS - CARAZ
A6: Gerencia y/u Oficina | C6: : Gerencia de Desarrollo Social
A7: Unidad Orgánica | C7: : Unidad de Educación, Deportes y Recreación, Cultura y Participación Vecinal | O7: COSTO TOTAL: | P7: =SUM(E13:E22) -> 6000
A8: Objetivo General | C8: : Desarrollar capacidades, hacia el encuentro de talento y valores, para el desarrollo comunitario y una mejor calidad de vida.
A10: OBJETIVOS ESPECÍFICOS | C10: ACTIVIDADES | E10: COSTO S/. | F10: Meta Física | H10: CRONOGRAMA DE ACTIVIDADES
F11: Unidad de Medida | G11: Can- tidad | H11: I TRIMESTRE | K11: II TRIMESTRE | N11: III TRIMESTRE | Q11: IV TRIMESTRE
H12: Ene | I12: Feb | J12: Mar | K12: Abr | L12: May | M12: Jun | N12: Jul | O12: Ago | P12: Set | Q12: Oct | R12: Nov | S12: Dic
A13: 1 | B13: Desarrollar capacidades colectivas de proyección comunitaria. | C13: 1 | D13: Ejecución de Concursos Escolares. | E13: 500 | F13: Concurso | G13: 1 | K13: 1
C14: 2 | D14: Desarrollo de Talleres de Orientación Vocacional. | E14: 500 | F14: Taller | G14: 1 | R14: 1
C15: 3 | D15: Desarrollo de talleres con el uso de Material Reciclable. | E15: 600 | F15: Taller | G15: 1 | L15: 1
C16: 4 | D16: Desarrollo de Talleres de Escuela de Padres. | E16: 600 | F16: Taller | G16: 2 | M16: 1 | O16: 1
A17: 2 | B17: Fortalecer la participación comunal responsable. | C17: 1 | D17: Organización y ejecución de Concurso Escolar de Danzas. | E17: 500 | F17: Concurso | G17: 1 | K17: 1
C18: 2 | D18: Promoción de la Semana Santa. | E18: 500 | F18: Acción | G18: 1 | J18: 1
C19: 3 | D19: Celebración del "Día del Maestro". | E19: 800 | F19: Evento | G19: 1 | N19: 1
A20: 3 | B20: Promover el desarrollo y preservación de nuestra identidad cultural. | C20: 1 | D20: Exposición Museográfica. | E20: 600 | F20: Evento | G20: 1 | P20: 1
A21: 4 | B21: Desarrollar habilidades y destrezas individuales hacia el encuentro de Líderes Deportivos Escolares. | C21: 1 | D21: Organizar y ejecutar el Campeonato Inter Barrios. | E21: 700 | F21: Evento | G21: 1 | O21: 1
C22: 2 | D22: Organizar y ejecutar el Campeonato Municipal. | E22: 700 | F22: Evento | G22: 1 | Q22: 1

Sheet Anexo 37
A1: ANEXO 37
A2: FORMATO 01
A3: PLAN OPERATIVO INSTITUCIONAL 2011
A5: Institución | C5: : MUNICIPALIDAD PROVINCIAL DE HUAYLAS - CARAZ
A6: Gerencia y/u Oficina | C6: : Gerencia de Desarrollo Económico
A7: Unidad Orgánica | C7: : | O7: COSTO TOTAL: | P7: =SUM(E13:E16) -> 3600
A8: Objetivo General | C8: : Potenciar la Capacidad Profesional del Personal de la Gerencia de Desarrollo Económico
A10: OBJETIVOS ESPECÍFICOS | C10: ACTIVIDADES | E10: COSTO S/. | F10: Meta Física | H10: CRONOGRAMA DE ACTIVIDADES
F11: Unidad de Medida | G11: Can- tidad | H11: I TRIMESTRE | K11: II TRIMESTRE | N11: III TRIMESTRE | Q11: IV TRIMESTRE
H12: Ene | I12: Feb | J12: Mar | K12: Abr | L12: May | M12: Jun | N12: Jul | O12: Ago | P12: Set | Q12: Oct | R12: Nov | S12: Dic
A13: 1 | B13: Participar en pasantías y ferias organizadas por otras instituciones. | C13: 1 | D13: Participación en pasantías. | E13: 300 | F13: Pasantía | G13: 1 | N13: 1
C14: 2 | D14: Participación en las ferias. | E14: 1200 | F14: Feria | G14: 4 | K14: 1 | M14: 1 | O14: 1 | Q14: 1
A15: 2 | B15: Fortalecer y capacitar al personal de la Gerencia de Desarrollo Económico mediante cursos, talleres y/o otros. | C15: 1 | D15: Fortalecimiento y capacitaciones. | E15: 1200 | F15: Curso | G15: 2 | K15: 1 | P15: 1
C16: 2 | D16: Desarrollo de talleres. | E16: 900 | F16: Taller | G16: 4 | K16: 1 | M16: 1 | P16: 1 | R16: 1

Sheet Anexo 38
A1: ANEXO 38
A2: FORMATO 01
A3: PLAN OPERATIVO INSTITUCIONAL 2011
A5: Institución | C5: : MUNICIPALIDAD PROVINCIAL DE HUAYLAS - CARAZ
A6: Gerencia y/u Oficina | C6: : Gerencia de Desarrollo Económico
A7: Unidad Orgánica | C7: : Unidad de Desarrollo Agropecuario, Forestal y Promoción de Mypes | O7: COSTO TOTAL: | P7: =SUM(E13:E16) -> 3600
A8: Objetivo General | C8: : Gestionar la promoción de los procesos de desarrollo agropecuario, forestal y acuícola, planificando y organizando la actividad productiva en forma concertada con los actores económicos y agentes de desarrollo, creando nuevas capacidades productivas y fortaleciendo las ya existentes, introduciendo innovaciones tecnológicas y organizativas con calidad, estandarización y eficiencia para lograr la competitividad y el crecimiento económico sostenido.
A10: OBJETIVOS ESPECÍFICOS | C10: ACTIVIDADES | E10: COSTO S/. | F10: Meta Física | H10: CRONOGRAMA DE ACTIVIDADES
F11: Unidad de Medida | G11: Can- tidad | H11: I TRIMESTRE | K11: II TRIMESTRE | N11: III TRIMESTRE | Q11: IV TRIMESTRE
H12: Ene | I12: Feb | J12: Mar | K12: Abr | L12: May | M12: Jun | N12: Jul | O12: Ago | P12: Set | Q12: Oct | R12: Nov | S12: Dic
A13: 1 | B13: Desarrollar actividades y/o festividades que conciernen a los productores agropecuarios. | C13: 1 | D13: Entrega de licencias de agua. | E13: 300 | F13: Actividad | G13: 1 | J13: 1
C14: 2 | D14: Festividades por el día del campesino. | E14: 600 | F14: Evento | G14: 1 | M14: 1
A15: 2 | B15: Organizar talleres de capacitación para las cadenas productivas. | C15: 1 | D15: Talleres de capacitación de las cadenas productivas. | E15: 1000 | F15: Taller | G15: 4 | K15: 1 | N15: 1 | P15: 1 | R15: 1
A16: 3 | B16: Fortalecer la Unidad de Desarrollo Agropecuario, Forestal y Promoción de las MYPES. | C16: 1 | D16: Fortalecimiento de la unidad. | E16: 1700 | F16: Acción | G16: 3 | L16: 1 | O16: 1 | R16: 1

Sheet Anexo 39
A1: ANEXO 39
A2: FORMATO 01
A3: PLAN OPERATIVO INSTITUCIONAL 2011
A5: Institución | C5: : MUNICIPALIDAD PROVINCIAL DE HUAYLAS - CARAZ
A6: Gerencia y/u Oficina | C6: : Gerencia de Desarrollo Económico
A7: Unidad Orgánica | C7: : Unidad de Promoción Comercial y Turismo | O7: COSTO TOTAL: | P7: =SUM(E13:E23) -> 43600
A8: Objetivo General | C8: : Administrar el desarrollo de la actividad turística en la gestión municipal.
A10: OBJETIVOS ESPECÍFICOS | C10: ACTIVIDADES | E10: COSTO S/. | F10: Meta Física | H10: CRONOGRAMA DE ACTIVIDADES
F11: Unidad de Medida | G11: Can- tidad | H11: I TRIMESTRE | K11: II TRIMESTRE | N11: III TRIMESTRE | Q11: IV TRIMESTRE
H12: Ene | I12: Feb | J12: Mar | K12: Abr | L12: May | M12: Jun | N12: Jul | O12: Ago | P12: Set | Q12: Oct | R12: Nov | S12: Dic
A13: 1 | B13: Gestionar y realizar actividades y eventos turísticos culturales. | C13: 1 | D13: Organización y ejecución del I curso Conservación de Ecosistemas y otras áreas de importancia regional en la región Ancash. | E13: 300 | F13: Curso | G13: 1 | I13: 1
C14: 2 | D14: Organización y ejecución del Carnaval Huaylino. | E14: 20000 | F14: Acción | G14: 1 | J14: 1
C15: 3 | D15: Organización y ejecución de TOURS por Semana Santa. | E15: 0 | F15: Acción | G15: 1 | K15: 1
C16: 4 | D16: Organización y ejecución de actividades por la Semana del Andinismo | E16: 0 | F16: Acción | G16: 1 | N16: 1
C17: 5 | D17: Organización y ejecución de la Semana Turística de Caraz. | E17: 20000 | F17: Acción | G17: 1 | N17: 1
A18: 2 | B18: Gestionar y administrar el trabajo de la unidad. | C18: 1 | D18: Elaboración de los diferentes documentos de carácter administrativo. | E18: 1540 | F18: Acción | G18: 12 | H18: 1 | I18: 1 | J18: 1 | K18: 1 | L18: 1 | M18: 1 | N18: 1 | O18: 1 | P18: 1 | Q18: 1 | R18: 1 | S18: 1
C19: 2 | D19: Participación de cursos de capacitación | E19: 500 | F19: Curso | G19: 2 | M19: 1 | Q19: 1
A20: 3 | B20: Realizar Actividades de Capacitación y Sensibilización. | C20: 1 | D20: Capacitación a guías de turismo. | E20: 1070 | F20: Curso | G20: 4 | K20: 1 | L20: 1 | P20: 1 | Q20: 1
C21: 2 | D21: Capacitación a los prestadores de servicios turísticos. | E21: 0 | F21: Curso | G21: 4 | J21: 1 | L21: 1 | O21: 1 | R21: 1
C22: 3 | D22: Refrigerios para capacitaciones. | E22: 100 | F22: Refrigerio | G22: 8 | J22: 1 | K22: 1 | L22: 2 | O22: 1 | P22: 1 | Q22: 1 | R22: 1
C23: 4 | D23: Inspección a los establecimientos de servicios turísticos. | E23: 90 | F23: Inspección | G23: 9 | K23: 1 | L23: 1 | M23: 1 | N23: 1 | O23: 1 | P23: 1 | Q23: 1 | R23: 1 | S23: 1
